Workbook

Sheet DLog
G2: Saldo | H2: =IF(E12="","",IF(G8="",E8,G8)) -> 34386.12 | M2: Ciclos | N2: Saldo | O2: % Lucro acumulado | Q2: Capitalização
G3: Objetivo % | H3: 0.5 | M3: 0 | N3: =IF(R3="","",R3) -> 1000 | O3: =100*(N3-R$3)/R$3 -> 0 | Q3: $ Inicial | R3: 1000
G4: Stop % | H4: 30 | M4: =M3+1 -> 1 | N4: =N3*(1+R$5/100) -> 1432.4 | O4: =100*(N4-R$3)/R$3 -> 43.24 | Q4: % Atual | R4: 0
M5: =M4+1 -> 2 | N5: =N4*(1+R$5/100) -> 2051.7698 | O5: =100*(N5-R$3)/R$3 -> 105.17698 | Q5: % por ciclo | R5: 43.24
C6: Resumo do dia | M6: =M5+1 -> 3 | N6: =N5*(1+R$5/100) -> 2938.955 | O6: =100*(N6-R$3)/R$3 -> 193.8955
C7: Data | E7: $ Inicial | G7: $ Atual | H7: Objetivo $ | I7: Lucro $ | J7: Lucro % | K7: Alerta | M7: =M6+1 -> 4 | N7: =N6*(1+R$5/100) -> 4209.7591 | O7: =100*(N7-R$3)/R$3 -> 320.97591
C8: =IF(C12="","",VLOOKUP(MAX(B12:B33),B12:C33,2,FALSE)) -> 42769 | E8: =IF(E12="","",VLOOKUP(MAX(D12:D33),D12:E33,2,FALSE)) -> 34161.13 | G8: =IF(G12="","",IF(VLOOKUP(MAX(F12:F33),F12:G33,2,FALSE)="","",VLOOKUP(MAX(F12:F33),F12:G33,2,FALSE))) -> 34386.12 | H8: =IF(E8="","",IF(H$3="","",E8*(1+H$3/100))) -> 34331.936 | I8: =IF(E8="","",IF(G8="","",G8-E8)) -> 224.99 | J8: =IF(I8="","",100*I8/E8) -> 0.65861404 | K8: =IF(J8="","",IF(J8<=-H$4,"Stop",IF(J8>=H$3,"Alvo",IF(G8="","Continue","")))) -> Alvo | M8: =M7+1 -> 5 | N8: =N7*(1+R$5/100) -> 6030.059 | O8: =100*(N8-R$3)/R$3 -> 503.0059 | Q8: Conversões
M9: =M8+1 -> 6 | N9: =N8*(1+R$5/100) -> 8637.4565 | O9: =100*(N9-R$3)/R$3 -> 763.74565
C10: Ciclos operacionais na semana | M10: =M9+1 -> 7 | N10: =N9*(1+R$5/100) -> 12372.293 | O10: =100*(N10-R$3)/R$3 -> 1137.2293 | Q10: % Dia útil | R10: 0.5
B11: # | C11: Data | D11: # | E11: $ Inicial | F11: # | G11: $ Final | H11: Objetivo $ | I11: Lucro $ | J11: Lucro % | K11: Alerta | M11: =M10+1 -> 8 | N11: =N10*(1+R$5/100) -> 17722.072 | O11: =100*(N11-R$3)/R$3 -> 1672.2072 | Q11: % Semana | R11: =100*((1+R10/100)^5-1) -> 2.5251253
B12: 0 | C12: 42767 | D12: 0 | E12: 34042.55 | F12: 0 | G12: 34161.13 | H12: =IF(E12="","",IF(H$3="","",E12*(1+H$3/100))) -> 34212.763 | I12: =IF(E12="","",IF(G12="","",G12-E12)) -> 118.58 | J12: =IF(I12="","",100*I12/E12) -> 0.34832878 | K12: =IF(J12="","",IF(J12<=-H$4,"Stop",IF(J12>=H$3,"Alvo",IF(G12="","Continue","")))) | M12: =M11+1 -> 9 | N12: =N11*(1+R$5/100) -> 25385.096 | O12: =100*(N12-R$3)/R$3 -> 2438.5096 | Q12: % Mês | R12: =100*((1+R10/100)^(30*5/7)-1) -> 11.279614
B13: =IF(C13="",B12,B12+1) -> 1 | C13: 42769 | D13: =IF(E13="","",IF(C13="",D12,D12+1)) -> 1 | E13: =IF(G12="","",G12) -> 34161.13 | F13: =IF(G13="",IF(C13="","",F12+1),F12+1) -> 1 | G13: 34386.12 | H13: =IF(E13="","",IF(H$3="","",E13*(1+H$3/100))) -> 34331.936 | I13: =IF(E13="","",IF(G13="","",G13-E13)) -> 224.99 | J13: =IF(I13="","",100*I13/E13) -> 0.65861404 | K13: =IF(J13="","",IF(J13<=-H$4,"Stop",IF(J13>=H$3,"Alvo",IF(G13="","Continue","")))) -> Alvo | M13: =M12+1 -> 10 | N13: =N12*(1+R$5/100) -> 36361.612 | O13: =100*(N13-R$3)/R$3 -> 3536.1612 | Q13: % Ano | R13: =100*((1+R10/100)^(360*5/7)-1) -> 260.56811
B14: =IF(C14="",B13,B13+1) -> 1 | D14: =IF(E14="","",IF(C14="",D13,D13+1)) -> 1 | E14: =IF(G13="","",G13) -> 34386.12 | F14: =IF(G14="",IF(C14="","",F13+1),F13+1) | H14: =IF(E14="","",IF(H$3="","",E14*(1+H$3/100))) -> 34558.051 | I14: =IF(E14="","",IF(G14="","",G14-E14)) | J14: =IF(I14="","",100*I14/E14) | K14: =IF(J14="","",IF(J14<=-H$4,"Stop",IF(J14>=H$3,"Alvo",IF(G14="","Continue","")))) | M14: =M13+1 -> 11 | N14: =N13*(1+R$5/100) -> 52084.372 | O14: =100*(N14-R$3)/R$3 -> 5108.4372
B15: =IF(C15="",B14,B14+1) -> 1 | D15: =IF(E15="","",IF(C15="",D14,D14+1)) | E15: =IF(G14="","",G14) | F15: =IF(G15="",IF(C15="","",F14+1),F14+1) | H15: =IF(E15="","",IF(H$3="","",E15*(1+H$3/100))) | I15: =IF(E15="","",IF(G15="","",G15-E15)) | J15: =IF(I15="","",100*I15/E15) | K15: =IF(J15="","",IF(J15<=-H$4,"Stop",IF(J15>=H$3,"Alvo",IF(G15="","Continue","")))) | M15: =M14+1 -> 12 | N15: =N14*(1+R$5/100) -> 74605.655 | O15: =100*(N15-R$3)/R$3 -> 7360.5655 | Q15: % Semana | R15: 1
B16: =IF(C16="",B15,B15+1) -> 1 | D16: =IF(E16="","",IF(C16="",D15,D15+1)) | E16: =IF(G15="","",G15) | F16: =IF(G16="",IF(C16="","",F15+1),F15+1) | H16: =IF(E16="","",IF(H$3="","",E16*(1+H$3/100))) | I16: =IF(E16="","",IF(G16="","",G16-E16)) | J16: =IF(I16="","",100*I16/E16) | K16: =IF(J16="","",IF(J16<=-H$4,"Stop",IF(J16>=H$3,"Alvo",IF(G16="","Continue","")))) | M16: =M15+1 -> 13 | N16: =N15*(1+R$5/100) -> 106865.14 | O16: =100*(N16-R$3)/R$3 -> 10586.514 | Q16: % Mês | R16: =100*((1+R15/100)^(30/7)-1) -> 4.3566606
B17: =IF(C17="",B16,B16+1) -> 1 | D17: =IF(E17="","",IF(C17="",D16,D16+1)) | E17: =IF(G16="","",G16) | F17: =IF(G17="",IF(C17="","",F16+1),F16+1) | H17: =IF(E17="","",IF(H$3="","",E17*(1+H$3/100))) | I17: =IF(E17="","",IF(G17="","",G17-E17)) | J17: =IF(I17="","",100*I17/E17) | K17: =IF(J17="","",IF(J17<=-H$4,"Stop",IF(J17>=H$3,"Alvo",IF(G17="","Continue","")))) | M17: =M16+1 -> 14 | N17: =N16*(1+R$5/100) -> 153073.63 | O17: =100*(N17-R$3)/R$3 -> 15207.363 | Q17: % Ano | R17: =100*((1+R15/100)^(360/7)-1) -> 66.817681
B18: =IF(C18="",B17,B17+1) -> 1 | D18: =IF(E18="","",IF(C18="",D17,D17+1)) | E18: =IF(G17="","",G17) | F18: =IF(G18="",IF(C18="","",F17+1),F17+1) | H18: =IF(E18="","",IF(H$3="","",E18*(1+H$3/100))) | I18: =IF(E18="","",IF(G18="","",G18-E18)) | J18: =IF(I18="","",100*I18/E18) | K18: =IF(J18="","",IF(J18<=-H$4,"Stop",IF(J18>=H$3,"Alvo",IF(G18="","Continue","")))) | M18: =M17+1 -> 15 | N18: =N17*(1+R$5/100) -> 219262.66 | O18: =100*(N18-R$3)/R$3 -> 21826.266
B19: =IF(C19="",B18,B18+1) -> 1 | D19: =IF(E19="","",IF(C19="",D18,D18+1)) | E19: =IF(G18="","",G18) | F19: =IF(G19="",IF(C19="","",F18+1),F18+1) | H19: =IF(E19="","",IF(H$3="","",E19*(1+H$3/100))) | I19: =IF(E19="","",IF(G19="","",G19-E19)) | J19: =IF(I19="","",100*I19/E19) | K19: =IF(J19="","",IF(J19<=-H$4,"Stop",IF(J19>=H$3,"Alvo",IF(G19="","Continue","")))) | M19: =M18+1 -> 16 | N19: =N18*(1+R$5/100) -> 314071.84 | O19: =100*(N19-R$3)/R$3 -> 31307.184 | Q19: % Mês | R19: 20
B20: =IF(C20="",B19,B19+1) -> 1 | D20: =IF(E20="","",IF(C20="",D19,D19+1)) | E20: =IF(G19="","",G19) | F20: =IF(G20="",IF(C20="","",F19+1),F19+1) | H20: =IF(E20="","",IF(H$3="","",E20*(1+H$3/100))) | I20: =IF(E20="","",IF(G20="","",G20-E20)) | J20: =IF(I20="","",100*I20/E20) | K20: =IF(J20="","",IF(J20<=-H$4,"Stop",IF(J20>=H$3,"Alvo",IF(G20="","Continue","")))) | M20: =M19+1 -> 17 | N20: =N19*(1+R$5/100) -> 449876.5 | O20: =100*(N20-R$3)/R$3 -> 44887.65 | Q20: % Ano | R20: =100*((1+R19/100)^12-1) -> 791.61004
B21: =IF(C21="",B20,B20+1) -> 1 | D21: =IF(E21="","",IF(C21="",D20,D20+1)) | E21: =IF(G20="","",G20) | F21: =IF(G21="",IF(C21="","",F20+1),F20+1) | H21: =IF(E21="","",IF(H$3="","",E21*(1+H$3/100))) | I21: =IF(E21="","",IF(G21="","",G21-E21)) | J21: =IF(I21="","",100*I21/E21) | K21: =IF(J21="","",IF(J21<=-H$4,"Stop",IF(J21>=H$3,"Alvo",IF(G21="","Continue","")))) | M21: =M20+1 -> 18 | N21: =N20*(1+R$5/100) -> 644403.1 | O21: =100*(N21-R$3)/R$3 -> 64340.31
B22: =IF(C22="",B21,B21+1) -> 1 | D22: =IF(E22="","",IF(C22="",D21,D21+1)) | E22: =IF(G21="","",G21) | F22: =IF(G22="",IF(C22="","",F21+1),F21+1) | H22: =IF(E22="","",IF(H$3="","",E22*(1+H$3/100))) | I22: =IF(E22="","",IF(G22="","",G22-E22)) | J22: =IF(I22="","",100*I22/E22) | K22: =IF(J22="","",IF(J22<=-H$4,"Stop",IF(J22>=H$3,"Alvo",IF(G22="","Continue","")))) | M22: =M21+1 -> 19 | N22: =N21*(1+R$5/100) -> 923043 | O22: =100*(N22-R$3)/R$3 -> 92204.3
B23: =IF(C23="",B22,B22+1) -> 1 | D23: =IF(E23="","",IF(C23="",D22,D22+1)) | E23: =IF(G22="","",G22) | F23: =IF(G23="",IF(C23="","",F22+1),F22+1) | H23: =IF(E23="","",IF(H$3="","",E23*(1+H$3/100))) | I23: =IF(E23="","",IF(G23="","",G23-E23)) | J23: =IF(I23="","",100*I23/E23) | K23: =IF(J23="","",IF(J23<=-H$4,"Stop",IF(J23>=H$3,"Alvo",IF(G23="","Continue","")))) | M23: =M22+1 -> 20 | N23: =N22*(1+R$5/100) -> 1322166.8 | O23: =100*(N23-R$3)/R$3 -> 132116.68 | Q23: % Ano | R23: 100
B24: =IF(C24="",B23,B23+1) -> 1 | D24: =IF(E24="","",IF(C24="",D23,D23+1)) | E24: =IF(G23="","",G23) | F24: =IF(G24="",IF(C24="","",F23+1),F23+1) | H24: =IF(E24="","",IF(H$3="","",E24*(1+H$3/100))) | I24: =IF(E24="","",IF(G24="","",G24-E24)) | J24: =IF(I24="","",100*I24/E24) | K24: =IF(J24="","",IF(J24<=-H$4,"Stop",IF(J24>=H$3,"Alvo",IF(G24="","Continue","")))) | M24: =M23+1 -> 21 | N24: =N23*(1+R$5/100) -> 1893871.7 | O24: =100*(N24-R$3)/R$3 -> 189287.17 | Q24: % Mês | R24: =100*((1+R23/100)^(1/12)-1) -> 5.9463094
B25: =IF(C25="",B24,B24+1) -> 1 | D25: =IF(E25="","",IF(C25="",D24,D24+1)) | E25: =IF(G24="","",G24) | F25: =IF(G25="",IF(C25="","",F24+1),F24+1) | H25: =IF(E25="","",IF(H$3="","",E25*(1+H$3/100))) | I25: =IF(E25="","",IF(G25="","",G25-E25)) | J25: =IF(I25="","",100*I25/E25) | K25: =IF(J25="","",IF(J25<=-H$4,"Stop",IF(J25>=H$3,"Alvo",IF(G25="","Continue","")))) | M25: =M24+1 -> 22 | N25: =N24*(1+R$5/100) -> 2712781.9 | O25: =100*(N25-R$3)/R$3 -> 271178.19 | Q25: % Semana | R25: =100*((1+R23/100)^(7/360)-1) -> 1.3569098
B26: =IF(C26="",B25,B25+1) -> 1 | D26: =IF(E26="","",IF(C26="",D25,D25+1)) | E26: =IF(G25="","",G25) | F26: =IF(G26="",IF(C26="","",F25+1),F25+1) | H26: =IF(E26="","",IF(H$3="","",E26*(1+H$3/100))) | I26: =IF(E26="","",IF(G26="","",G26-E26)) | J26: =IF(I26="","",100*I26/E26) | K26: =IF(J26="","",IF(J26<=-H$4,"Stop",IF(J26>=H$3,"Alvo",IF(G26="","Continue","")))) | M26: =M25+1 -> 23 | N26: =N25*(1+R$5/100) -> 3885788.7 | O26: =100*(N26-R$3)/R$3 -> 388478.87 | Q26: % Dia útil | R26: =100*((1+R23/100)^(7/360/5)-1) -> 0.26992087
B27: =IF(C27="",B26,B26+1) -> 1 | D27: =IF(E27="","",IF(C27="",D26,D26+1)) | E27: =IF(G26="","",G26) | F27: =IF(G27="",IF(C27="","",F26+1),F26+1) | H27: =IF(E27="","",IF(H$3="","",E27*(1+H$3/100))) | I27: =IF(E27="","",IF(G27="","",G27-E27)) | J27: =IF(I27="","",100*I27/E27) | K27: =IF(J27="","",IF(J27<=-H$4,"Stop",IF(J27>=H$3,"Alvo",IF(G27="","Continue","")))) | M27: =M26+1 -> 24 | N27: =N26*(1+R$5/100) -> 5566003.8 | O27: =100*(N27-R$3)/R$3 -> 556500.38
B28: =IF(C28="",B27,B27+1) -> 1 | D28: =IF(E28="","",IF(C28="",D27,D27+1)) | E28: =IF(G27="","",G27) | F28: =IF(G28="",IF(C28="","",F27+1),F27+1) | H28: =IF(E28="","",IF(H$3="","",E28*(1+H$3/100))) | I28: =IF(E28="","",IF(G28="","",G28-E28)) | J28: =IF(I28="","",100*I28/E28) | K28: =IF(J28="","",IF(J28<=-H$4,"Stop",IF(J28>=H$3,"Alvo",IF(G28="","Continue","")))) | M28: =M27+1 -> 25 | N28: =N27*(1+R$5/100) -> 7972743.8 | O28: =100*(N28-R$3)/R$3 -> 797174.38 | Q28: % Mês | R28: 20
B29: =IF(C29="",B28,B28+1) -> 1 | D29: =IF(E29="","",IF(C29="",D28,D28+1)) | E29: =IF(G28="","",G28) | F29: =IF(G29="",IF(C29="","",F28+1),F28+1) | H29: =IF(E29="","",IF(H$3="","",E29*(1+H$3/100))) | I29: =IF(E29="","",IF(G29="","",G29-E29)) | J29: =IF(I29="","",100*I29/E29) | K29: =IF(J29="","",IF(J29<=-H$4,"Stop",IF(J29>=H$3,"Alvo",IF(G29="","Continue","")))) | M29: =M28+1 -> 26 | N29: =N28*(1+R$5/100) -> 11420158 | O29: =100*(N29-R$3)/R$3 -> 1141915.8 | Q29: % Semana | R29: =100*((1+R28/100)^(7/30)-1) -> 4.3459564
B30: =IF(C30="",B29,B29+1) -> 1 | D30: =IF(E30="","",IF(C30="",D29,D29+1)) | E30: =IF(G29="","",G29) | F30: =IF(G30="",IF(C30="","",F29+1),F29+1) | H30: =IF(E30="","",IF(H$3="","",E30*(1+H$3/100))) | I30: =IF(E30="","",IF(G30="","",G30-E30)) | J30: =IF(I30="","",100*I30/E30) | K30: =IF(J30="","",IF(J30<=-H$4,"Stop",IF(J30>=H$3,"Alvo",IF(G30="","Continue","")))) | M30: =M29+1 -> 27 | N30: =N29*(1+R$5/100) -> 16358235 | O30: =100*(N30-R$3)/R$3 -> 1635723.5 | Q30: % Dia útil | R30: =100*((1+R28/100)^(7/150)-1) -> 0.85446381
B31: =IF(C31="",B30,B30+1) -> 1 | D31: =IF(E31="","",IF(C31="",D30,D30+1)) | E31: =IF(G30="","",G30) | F31: =IF(G31="",IF(C31="","",F30+1),F30+1) | H31: =IF(E31="","",IF(H$3="","",E31*(1+H$3/100))) | I31: =IF(E31="","",IF(G31="","",G31-E31)) | J31: =IF(I31="","",100*I31/E31) | K31: =IF(J31="","",IF(J31<=-H$4,"Stop",IF(J31>=H$3,"Alvo",IF(G31="","Continue","")))) | M31: =M30+1 -> 28 | N31: =N30*(1+R$5/100) -> 23431535 | O31: =100*(N31-R$3)/R$3 -> 2343053.5
B32: =IF(C32="",B31,B31+1) -> 1 | D32: =IF(E32="","",IF(C32="",D31,D31+1)) | E32: =IF(G31="","",G31) | F32: =IF(G32="",IF(C32="","",F31+1),F31+1) | H32: =IF(E32="","",IF(H$3="","",E32*(1+H$3/100))) | I32: =IF(E32="","",IF(G32="","",G32-E32)) | J32: =IF(I32="","",100*I32/E32) | K32: =IF(J32="","",IF(J32<=-H$4,"Stop",IF(J32>=H$3,"Alvo",IF(G32="","Continue","")))) | M32: =M31+1 -> 29 | N32: =N31*(1+R$5/100) -> 33563331 | O32: =100*(N32-R$3)/R$3 -> 3356233.1 | Q32: % Semana | R32: 5
B33: =IF(C33="",B32,B32+1) -> 1 | D33: =IF(E33="","",IF(C33="",D32,D32+1)) | E33: =IF(G32="","",G32) | F33: =IF(G33="",IF(C33="","",F32+1),F32+1) | M33: =M32+1 -> 30 | N33: =N32*(1+R$5/100) -> 48076116 | O33: =100*(N33-R$3)/R$3 -> 4807511.6 | Q33: % Dia útil | R33: =100*((1+R32/100)^(1/5)-1) -> 0.98057977

Sheet Open
F2: Spread | G2: =10000*(E6-E7) -> 0.9 | H2: Equity | I2: =SUM(E5:H5) -> 34386.12 | K2: Position | L2: Rescue calculator | Q2: Max % DD
B3: Balance | E3: Starting balance | G3: $ Profit | K3: =IF(I10="","",MATCH(VLOOKUP(MAX(J10:J27),J10:K27,2,FALSE),K10:K27,0)) | L3: TP factor | M3: $ Profit | N3: % | O3: Exit 1 | P3: Exit 2 | Q3: =IF(Q6<>"",Q6,IF(Q4<>"",Q4,IF(I6<-Q3,-I6,Q3))) -> 0
G4: Closed | H4: Floating | I4: Total | K4: Last Open | L4: 1 | M4: =IF(L4="","",IF(Q10="","",IF(D28=0,"",L4*Q10))) | N4: =IF(M4="","",IF(E5="","",100*M4/E5)) | O4: =IF(L4="","",IF(L10="","",IF(D28="","",IF(D28=0,"",IF(M4="","",L10+(M4-G5-H5)/Q18/D28))))) | P4: =IF(D28="","",IF(D10=D28,"",(M4-G5-H5-D28*Q18*(K7-L10))/(D28-K5)/Q18+K7))
B5: =E5+G5 -> 34386.12 | E5: =DLog!$H$2 -> 34386.12 | G5: =SUM(M10:M27) -> 0 | H5: =SUM(N10:N27) -> 0 | I5: =G5+H5 -> 0 | K5: =IF(I10="","",INDEX(B10:B27,K3)) | L5: =IF(M5="","",IF(Q10="","",M5/Q10)) | M5: =IF(O5="","",IF(L10="","",IF(D28="","",G5+H5+(O5-L10)*Q18*D28))) | N5: =IF(M5="","",100*M5/E5) | P5: Extreme | Q5: Reset DD
B6: Ask | E6: =[1]!EURUSD/100000 -> 1.0742 | G6: =100*G5/E5 -> 0 | H6: =100*H5/E5 -> 0 | I6: =100*(I2/E5-1) -> 0 | K6: TP Last | L6: Stop out | M6: =IF(N6="","",-N6*E5/100) -> -10315.836 | N6: 30 | O6: =IF(N6="","",IF(L10="","",IF(D28=0,"",L10-(I2-E5-M6)/Q18/D28))) | Q6: =IF(P6="","",IF(D28="","",IF(D28>0,ABS(100*(D28*Q18*(P6-L10)+I5)/E5),ABS(100*(D28*Q18*(P6-L10+0.00015)+I5)/E5))))
B7: Bid | E7: =[2]!EURUSD/100000 -> 1.07411 | G7: % Profit | K7: =IF(I10="","",INDEX(F10:F27,K3)) | L7: Kelly | M7: =IF(N7="","",-N7*E5/100) -> -13214.207 | N7: =Risk!$C$28 -> 38.428897 | O7: =IF(N7="","",IF(L10="","",IF(N7=0,"",IF(D28=0,"",L10-(I2-E5-M7)/Q18/D28)))) | P7: Kelly Factor | Q7: =IF(N7="","",IF(O28="","",N7/O28)) -> 24.939521
B8: Lots (+-) | C8: # | D8: Open Lots | E8: Entry Price | F8: Take Profit | G8: $ Profit Target | H8: Swap | I8: Status (p/o/c) | J8: # | K8: # | L8: Price | M8: Closed Profit $ | N8: Floating Profit $ | O8: % Profit | P8: Scout Default
P9: Take profit | Q9: $ Target
C10: =IF(D10="","",1) | D10: =IF(B10="","",IF(I10="p",D9,IF(I10="o",D9+B10,IF(I10="c",D9,IF(I10="","","Status?"))))) | G10: =IF(B10="","",IF(E10="","",IF(F10="","",B10*Q$18*(F10-E10)))) | J10: =IF(I10="o",1,"") | K10: =IF(I10="o",1,"") | L10: =IF(B10="","",IF(I10<>"o","",IF(B10>0,E$7,IF(B10<0,E$6,"Posição?")))) | M10: =IF(B10="","",IF(E10="","",IF(F10="","",IF(H10="","",IF(I10="c",B10*Q$18*(F10-E10)+H10,""))))) | N10: =IF(B10="","",IF(E10="","",IF(H10="","",IF(I10="o",B10*Q$18*(L10-E10)+H10,"")))) | O10: =IF(B10="","",IF(E10="","",IF(H10="","",IF(I10="p",100*G10/E$5,IF(I10="o",100*N10/E$5,IF(I10="c",100*M10/E$5,"")))))) | Q10: =IF(B10="","",IF(E10="","",IF(P10="","",B10*Q$18*(P10-E10))))
C11: =IF(D11="","",C10+1) | D11: =IF(B11="","",IF(I11="p",D10,IF(I11="o",D10+B11,IF(I11="c",D10,IF(I11="","","Status?"))))) | G11: =IF(B11="","",IF(E11="","",IF(F11="","",B11*Q$18*(F11-E11)))) | J11: =IF(J10="","",IF(I11="","",J10+1)) | K11: =IF(K10="","",IF(I11="","",IF(I11="o",K10+1,K10))) | L11: =IF(B11="","",IF(I11<>"o","",IF(B11>0,E$7,IF(B11<0,E$6,"Posição?")))) | M11: =IF(B11="","",IF(E11="","",IF(F11="","",IF(H11="","",IF(I11="c",B11*Q$18*(F11-E11)+H11,""))))) | N11: =IF(B11="","",IF(E11="","",IF(H11="","",IF(I11="o",B11*Q$18*(L11-E11)+H11,"")))) | O11: =IF(B11="","",IF(E11="","",IF(H11="","",IF(I11="p",100*G11/E$5,IF(I11="o",100*N11/E$5,IF(I11="c",100*M11/E$5,"")))))) | P11: Current $ | Q11: =IF(G10="","",SUM(G10:H27))
C12: =IF(D12="","",C11+1) | D12: =IF(B12="","",IF(I12="p",D11,IF(I12="o",D11+B12,IF(I12="c",D11,IF(I12="","","Status?"))))) | G12: =IF(B12="","",IF(E12="","",IF(F12="","",B12*Q$18*(F12-E12)))) | J12: =IF(J11="","",IF(I12="","",J11+1)) | K12: =IF(K11="","",IF(I12="","",IF(I12="o",K11+1,K11))) | L12: =IF(B12="","",IF(I12<>"o","",IF(B12>0,E$7,IF(B12<0,E$6,"Posição?")))) | M12: =IF(B12="","",IF(E12="","",IF(F12="","",IF(H12="","",IF(I12="c",B12*Q$18*(F12-E12)+H12,""))))) | N12: =IF(B12="","",IF(E12="","",IF(H12="","",IF(I12="o",B12*Q$18*(L12-E12)+H12,"")))) | O12: =IF(B12="","",IF(E12="","",IF(H12="","",IF(I12="p",100*G12/E$5,IF(I12="o",100*N12/E$5,IF(I12="c",100*M12/E$5,"")))))) | P12: % | Q12: =IF(Q11="","",100*Q11/E5)
C13: =IF(D13="","",C12+1) | D13: =IF(B13="","",IF(I13="p",D12,IF(I13="o",D12+B13,IF(I13="c",D12,IF(I13="","","Status?"))))) | G13: =IF(B13="","",IF(E13="","",IF(F13="","",B13*Q$18*(F13-E13)))) | J13: =IF(J12="","",IF(I13="","",J12+1)) | K13: =IF(K12="","",IF(I13="","",IF(I13="o",K12+1,K12))) | L13: =IF(B13="","",IF(I13<>"o","",IF(B13>0,E$7,IF(B13<0,E$6,"Posição?")))) | M13: =IF(B13="","",IF(E13="","",IF(F13="","",IF(H13="","",IF(I13="c",B13*Q$18*(F13-E13)+H13,""))))) | N13: =IF(B13="","",IF(E13="","",IF(H13="","",IF(I13="o",B13*Q$18*(L13-E13)+H13,"")))) | O13: =IF(B13="","",IF(E13="","",IF(H13="","",IF(I13="p",100*G13/E$5,IF(I13="o",100*N13/E$5,IF(I13="c",100*M13/E$5,"")))))) | P13: Factor | Q13: =IF(Q11=0,"",IF(Q10="","",Q11/Q10))
C14: =IF(D14="","",C13+1) | D14: =IF(B14="","",IF(I14="p",D13,IF(I14="o",D13+B14,IF(I14="c",D13,IF(I14="","","Status?"))))) | G14: =IF(B14="","",IF(E14="","",IF(F14="","",B14*Q$18*(F14-E14)))) | J14: =IF(J13="","",IF(I14="","",J13+1)) | K14: =IF(K13="","",IF(I14="","",IF(I14="o",K13+1,K13))) | L14: =IF(B14="","",IF(I14<>"o","",IF(B14>0,E$7,IF(B14<0,E$6,"Posição?")))) | M14: =IF(B14="","",IF(E14="","",IF(F14="","",IF(H14="","",IF(I14="c",B14*Q$18*(F14-E14)+H14,""))))) | N14: =IF(B14="","",IF(E14="","",IF(H14="","",IF(I14="o",B14*Q$18*(L14-E14)+H14,"")))) | O14: =IF(B14="","",IF(E14="","",IF(H14="","",IF(I14="p",100*G14/E$5,IF(I14="o",100*N14/E$5,IF(I14="c",100*M14/E$5,"")))))) | P14: Lots
C15: =IF(D15="","",C14+1) | D15: =IF(B15="","",IF(I15="p",D14,IF(I15="o",D14+B15,IF(I15="c",D14,IF(I15="","","Status?"))))) | G15: =IF(B15="","",IF(E15="","",IF(F15="","",B15*Q$18*(F15-E15)))) | J15: =IF(J14="","",IF(I15="","",J14+1)) | K15: =IF(K14="","",IF(I15="","",IF(I15="o",K14+1,K14))) | L15: =IF(B15="","",IF(I15<>"o","",IF(B15>0,E$7,IF(B15<0,E$6,"Posição?")))) | M15: =IF(B15="","",IF(E15="","",IF(F15="","",IF(H15="","",IF(I15="c",B15*Q$18*(F15-E15)+H15,""))))) | N15: =IF(B15="","",IF(E15="","",IF(H15="","",IF(I15="o",B15*Q$18*(L15-E15)+H15,"")))) | O15: =IF(B15="","",IF(E15="","",IF(H15="","",IF(I15="p",100*G15/E$5,IF(I15="o",100*N15/E$5,IF(I15="c",100*M15/E$5,"")))))) | P15: Base leverage | Q15: 1
C16: =IF(D16="","",C15+1) | D16: =IF(B16="","",IF(I16="p",D15,IF(I16="o",D15+B16,IF(I16="c",D15,IF(I16="","","Status?"))))) | G16: =IF(B16="","",IF(E16="","",IF(F16="","",B16*Q$18*(F16-E16)))) | J16: =IF(J15="","",IF(I16="","",J15+1)) | K16: =IF(K15="","",IF(I16="","",IF(I16="o",K15+1,K15))) | L16: =IF(B16="","",IF(I16<>"o","",IF(B16>0,E$7,IF(B16<0,E$6,"Posição?")))) | M16: =IF(B16="","",IF(E16="","",IF(F16="","",IF(H16="","",IF(I16="c",B16*Q$18*(F16-E16)+H16,""))))) | N16: =IF(B16="","",IF(E16="","",IF(H16="","",IF(I16="o",B16*Q$18*(L16-E16)+H16,"")))) | O16: =IF(B16="","",IF(E16="","",IF(H16="","",IF(I16="p",100*G16/E$5,IF(I16="o",100*N16/E$5,IF(I16="c",100*M16/E$5,"")))))) | P16: Agress (0:100+) | Q16: 12
C17: =IF(D17="","",C16+1) | D17: =IF(B17="","",IF(I17="p",D16,IF(I17="o",D16+B17,IF(I17="c",D16,IF(I17="","","Status?"))))) | G17: =IF(B17="","",IF(E17="","",IF(F17="","",B17*Q$18*(F17-E17)))) | J17: =IF(J16="","",IF(I17="","",J16+1)) | K17: =IF(K16="","",IF(I17="","",IF(I17="o",K16+1,K16))) | L17: =IF(B17="","",IF(I17<>"o","",IF(B17>0,E$7,IF(B17<0,E$6,"Posição?")))) | M17: =IF(B17="","",IF(E17="","",IF(F17="","",IF(H17="","",IF(I17="c",B17*Q$18*(F17-E17)+H17,""))))) | N17: =IF(B17="","",IF(E17="","",IF(H17="","",IF(I17="o",B17*Q$18*(L17-E17)+H17,"")))) | O17: =IF(B17="","",IF(E17="","",IF(H17="","",IF(I17="p",100*G17/E$5,IF(I17="o",100*N17/E$5,IF(I17="c",100*M17/E$5,"")))))) | P17: Start leverage | Q17: =IF(Q15="","",IF(Q16="","",IF(Q7="","",Q15*(1+Q16*(Q7-1)/100)))) -> 3.8727425
C18: =IF(D18="","",C17+1) | D18: =IF(B18="","",IF(I18="p",D17,IF(I18="o",D17+B18,IF(I18="c",D17,IF(I18="","","Status?"))))) | G18: =IF(B18="","",IF(E18="","",IF(F18="","",B18*Q$18*(F18-E18)))) | J18: =IF(J17="","",IF(I18="","",J17+1)) | K18: =IF(K17="","",IF(I18="","",IF(I18="o",K17+1,K17))) | L18: =IF(B18="","",IF(I18<>"o","",IF(B18>0,E$7,IF(B18<0,E$6,"Posição?")))) | M18: =IF(B18="","",IF(E18="","",IF(F18="","",IF(H18="","",IF(I18="c",B18*Q$18*(F18-E18)+H18,""))))) | N18: =IF(B18="","",IF(E18="","",IF(H18="","",IF(I18="o",B18*Q$18*(L18-E18)+H18,"")))) | O18: =IF(B18="","",IF(E18="","",IF(H18="","",IF(I18="p",100*G18/E$5,IF(I18="o",100*N18/E$5,IF(I18="c",100*M18/E$5,"")))))) | P18: Lot size | Q18: 100000
C19: =IF(D19="","",C18+1) | D19: =IF(B19="","",IF(I19="p",D18,IF(I19="o",D18+B19,IF(I19="c",D18,IF(I19="","","Status?"))))) | G19: =IF(B19="","",IF(E19="","",IF(F19="","",B19*Q$18*(F19-E19)))) | J19: =IF(J18="","",IF(I19="","",J18+1)) | K19: =IF(K18="","",IF(I19="","",IF(I19="o",K18+1,K18))) | L19: =IF(B19="","",IF(I19<>"o","",IF(B19>0,E$7,IF(B19<0,E$6,"Posição?")))) | M19: =IF(B19="","",IF(E19="","",IF(F19="","",IF(H19="","",IF(I19="c",B19*Q$18*(F19-E19)+H19,""))))) | N19: =IF(B19="","",IF(E19="","",IF(H19="","",IF(I19="o",B19*Q$18*(L19-E19)+H19,"")))) | O19: =IF(B19="","",IF(E19="","",IF(H19="","",IF(I19="p",100*G19/E$5,IF(I19="o",100*N19/E$5,IF(I19="c",100*M19/E$5,"")))))) | P19: Max leverage | Q19: 500
C20: =IF(D20="","",C19+1) | D20: =IF(B20="","",IF(I20="p",D19,IF(I20="o",D19+B20,IF(I20="c",D19,IF(I20="","","Status?"))))) | G20: =IF(B20="","",IF(E20="","",IF(F20="","",B20*Q$18*(F20-E20)))) | J20: =IF(J19="","",IF(I20="","",J19+1)) | K20: =IF(K19="","",IF(I20="","",IF(I20="o",K19+1,K19))) | L20: =IF(B20="","",IF(I20<>"o","",IF(B20>0,E$7,IF(B20<0,E$6,"Posição?")))) | M20: =IF(B20="","",IF(E20="","",IF(F20="","",IF(H20="","",IF(I20="c",B20*Q$18*(F20-E20)+H20,""))))) | N20: =IF(B20="","",IF(E20="","",IF(H20="","",IF(I20="o",B20*Q$18*(L20-E20)+H20,"")))) | O20: =IF(B20="","",IF(E20="","",IF(H20="","",IF(I20="p",100*G20/E$5,IF(I20="o",100*N20/E$5,IF(I20="c",100*M20/E$5,"")))))) | P20: Max lots | Q20: =IF(E5="","",IF(Q18="","",IF(Q19="","",E5*Q19/Q18))) -> 171.9306
C21: =IF(D21="","",C20+1) | D21: =IF(B21="","",IF(I21="p",D20,IF(I21="o",D20+B21,IF(I21="c",D20,IF(I21="","","Status?"))))) | G21: =IF(B21="","",IF(E21="","",IF(F21="","",B21*Q$18*(F21-E21)))) | J21: =IF(J20="","",IF(I21="","",J20+1)) | K21: =IF(K20="","",IF(I21="","",IF(I21="o",K20+1,K20))) | L21: =IF(B21="","",IF(I21<>"o","",IF(B21>0,E$7,IF(B21<0,E$6,"Posição?")))) | M21: =IF(B21="","",IF(E21="","",IF(F21="","",IF(H21="","",IF(I21="c",B21*Q$18*(F21-E21)+H21,""))))) | N21: =IF(B21="","",IF(E21="","",IF(H21="","",IF(I21="o",B21*Q$18*(L21-E21)+H21,"")))) | O21: =IF(B21="","",IF(E21="","",IF(H21="","",IF(I21="p",100*G21/E$5,IF(I21="o",100*N21/E$5,IF(I21="c",100*M21/E$5,"")))))) | P21: Lots 1 | Q21: =IF(E5="","",IF(Q17="","",IF(Q18="","",IF(E5*Q17/Q18>Q20,"",E5*Q17/Q18)))) -> 1.3316859
C22: =IF(D22="","",C21+1) | D22: =IF(B22="","",IF(I22="p",D21,IF(I22="o",D21+B22,IF(I22="c",D21,IF(I22="","","Status?"))))) | G22: =IF(B22="","",IF(E22="","",IF(F22="","",B22*Q$18*(F22-E22)))) | J22: =IF(J21="","",IF(I22="","",J21+1)) | K22: =IF(K21="","",IF(I22="","",IF(I22="o",K21+1,K21))) | L22: =IF(B22="","",IF(I22<>"o","",IF(B22>0,E$7,IF(B22<0,E$6,"Posição?")))) | M22: =IF(B22="","",IF(E22="","",IF(F22="","",IF(H22="","",IF(I22="c",B22*Q$18*(F22-E22)+H22,""))))) | N22: =IF(B22="","",IF(E22="","",IF(H22="","",IF(I22="o",B22*Q$18*(L22-E22)+H22,"")))) | O22: =IF(B22="","",IF(E22="","",IF(H22="","",IF(I22="p",100*G22/E$5,IF(I22="o",100*N22/E$5,IF(I22="c",100*M22/E$5,"")))))) | P22: Lots 2 | Q22: =IF(Q21="","",IF(SUM(Q$21:Q21)=Q$20,"",IF(2*Q21+SUM(Q$21:Q21)>Q$20,Q$20-SUM(Q$21:Q21),2*Q21))) -> 2.6633718
C23: =IF(D23="","",C22+1) | D23: =IF(B23="","",IF(I23="p",D22,IF(I23="o",D22+B23,IF(I23="c",D22,IF(I23="","","Status?"))))) | G23: =IF(B23="","",IF(E23="","",IF(F23="","",B23*Q$18*(F23-E23)))) | J23: =IF(J22="","",IF(I23="","",J22+1)) | K23: =IF(K22="","",IF(I23="","",IF(I23="o",K22+1,K22))) | L23: =IF(B23="","",IF(I23<>"o","",IF(B23>0,E$7,IF(B23<0,E$6,"Posição?")))) | M23: =IF(B23="","",IF(E23="","",IF(F23="","",IF(H23="","",IF(I23="c",B23*Q$18*(F23-E23)+H23,""))))) | N23: =IF(B23="","",IF(E23="","",IF(H23="","",IF(I23="o",B23*Q$18*(L23-E23)+H23,"")))) | O23: =IF(B23="","",IF(E23="","",IF(H23="","",IF(I23="p",100*G23/E$5,IF(I23="o",100*N23/E$5,IF(I23="c",100*M23/E$5,"")))))) | P23: Lots 3 | Q23: =IF(Q22="","",IF(SUM(Q$21:Q22)=Q$20,"",IF(2*Q22+SUM(Q$21:Q22)>Q$20,Q$20-SUM(Q$21:Q22),2*Q22))) -> 5.3267436
C24: =IF(D24="","",C23+1) | D24: =IF(B24="","",IF(I24="p",D23,IF(I24="o",D23+B24,IF(I24="c",D23,IF(I24="","","Status?"))))) | G24: =IF(B24="","",IF(E24="","",IF(F24="","",B24*Q$18*(F24-E24)))) | J24: =IF(J23="","",IF(I24="","",J23+1)) | K24: =IF(K23="","",IF(I24="","",IF(I24="o",K23+1,K23))) | L24: =IF(B24="","",IF(I24<>"o","",IF(B24>0,E$7,IF(B24<0,E$6,"Posição?")))) | M24: =IF(B24="","",IF(E24="","",IF(F24="","",IF(H24="","",IF(I24="c",B24*Q$18*(F24-E24)+H24,""))))) | N24: =IF(B24="","",IF(E24="","",IF(H24="","",IF(I24="o",B24*Q$18*(L24-E24)+H24,"")))) | O24: =IF(B24="","",IF(E24="","",IF(H24="","",IF(I24="p",100*G24/E$5,IF(I24="o",100*N24/E$5,IF(I24="c",100*M24/E$5,"")))))) | P24: Lots 4 | Q24: =IF(Q23="","",IF(SUM(Q$21:Q23)=Q$20,"",IF(2*Q23+SUM(Q$21:Q23)>Q$20,Q$20-SUM(Q$21:Q23),2*Q23))) -> 10.653487
C25: =IF(D25="","",C24+1) | D25: =IF(B25="","",IF(I25="p",D24,IF(I25="o",D24+B25,IF(I25="c",D24,IF(I25="","","Status?"))))) | G25: =IF(B25="","",IF(E25="","",IF(F25="","",B25*Q$18*(F25-E25)))) | J25: =IF(J24="","",IF(I25="","",J24+1)) | K25: =IF(K24="","",IF(I25="","",IF(I25="o",K24+1,K24))) | L25: =IF(B25="","",IF(I25<>"o","",IF(B25>0,E$7,IF(B25<0,E$6,"Posição?")))) | M25: =IF(B25="","",IF(E25="","",IF(F25="","",IF(H25="","",IF(I25="c",B25*Q$18*(F25-E25)+H25,""))))) | N25: =IF(B25="","",IF(E25="","",IF(H25="","",IF(I25="o",B25*Q$18*(L25-E25)+H25,"")))) | O25: =IF(B25="","",IF(E25="","",IF(H25="","",IF(I25="p",100*G25/E$5,IF(I25="o",100*N25/E$5,IF(I25="c",100*M25/E$5,"")))))) | P25: Lots 5 | Q25: =IF(Q24="","",IF(SUM(Q$21:Q24)=Q$20,"",IF(2*Q24+SUM(Q$21:Q24)>Q$20,Q$20-SUM(Q$21:Q24),2*Q24))) -> 21.306974
C26: =IF(D26="","",C25+1) | D26: =IF(B26="","",IF(I26="p",D25,IF(I26="o",D25+B26,IF(I26="c",D25,IF(I26="","","Status?"))))) | G26: =IF(B26="","",IF(E26="","",IF(F26="","",B26*Q$18*(F26-E26)))) | J26: =IF(J25="","",IF(I26="","",J25+1)) | K26: =IF(K25="","",IF(I26="","",IF(I26="o",K25+1,K25))) | L26: =IF(B26="","",IF(I26<>"o","",IF(B26>0,E$7,IF(B26<0,E$6,"Posição?")))) | M26: =IF(B26="","",IF(E26="","",IF(F26="","",IF(H26="","",IF(I26="c",B26*Q$18*(F26-E26)+H26,""))))) | N26: =IF(B26="","",IF(E26="","",IF(H26="","",IF(I26="o",B26*Q$18*(L26-E26)+H26,"")))) | O26: =IF(B26="","",IF(E26="","",IF(H26="","",IF(I26="p",100*G26/E$5,IF(I26="o",100*N26/E$5,IF(I26="c",100*M26/E$5,"")))))) | P26: Lots 6 | Q26: =IF(Q25="","",IF(SUM(Q$21:Q25)=Q$20,"",IF(2*Q25+SUM(Q$21:Q25)>Q$20,Q$20-SUM(Q$21:Q25),2*Q25))) -> 42.613949
C27: =IF(D27="","",C26+1) | D27: =IF(B27="","",IF(I27="p",D26,IF(I27="o",D26+B27,IF(I27="c",D26,IF(I27="","","Status?"))))) | G27: =IF(B27="","",IF(E27="","",IF(F27="","",B27*Q$18*(F27-E27)))) | J27: =IF(J26="","",IF(I27="","",J26+1)) | K27: =IF(K26="","",IF(I27="","",IF(I27="o",K26+1,K26))) | L27: =IF(B27="","",IF(I27<>"o","",IF(B27>0,E$7,IF(B27<0,E$6,"Posição?")))) | M27: =IF(B27="","",IF(E27="","",IF(F27="","",IF(H27="","",IF(I27="c",B27*Q$18*(F27-E27)+H27,""))))) | N27: =IF(B27="","",IF(E27="","",IF(H27="","",IF(I27="o",B27*Q$18*(L27-E27)+H27,"")))) | O27: =IF(B27="","",IF(E27="","",IF(H27="","",IF(I27="p",100*G27/E$5,IF(I27="o",100*N27/E$5,IF(I27="c",100*M27/E$5,"")))))) | P27: Lots 7 | Q27: =IF(Q26="","",IF(SUM(Q$21:Q26)=Q$20,"",IF(2*Q26+SUM(Q$21:Q26)>Q$20,Q$20-SUM(Q$21:Q26),2*Q26))) -> 85.227897
B28: Total | D28: =IF(D10="","",VLOOKUP(MAX(C10:C27),C10:D27,2,FALSE)) | E28: Used Leverage | G28: =IF(Q18="","",IF(D28="","",IF(E5="","",ABS(Q18*D28/E5)))) | N28: %DDMEq | O28: =Cy!$AF$3 -> 1.5408835 | P28: Lots 8 | Q28: =IF(Q27="","",IF(SUM(Q$21:Q27)=Q$20,"",IF(2*Q27+SUM(Q$21:Q27)>Q$20,Q$20-SUM(Q$21:Q27),2*Q27))) -> 2.8064915

Sheet Cy
B2: # | C2: Data | D2: # | E2: FatAlav | F2: FatAlavCor | G2: Balanço | H2: # | I2: %Bal | J2: %BalEq | K2: FatAcBalEq | L2: # | M2: %BalMEq | N2: %DD | O2: %DDEq | P2: FatAcDDEq | Q2: # | R2: %DDMEq | S2: # | T2: Dias | U2: # | V2: Ciclos | W2: %Ano | Y2: %BalMEq | Z2: =IF(M4="","",VLOOKUP(MAX(L4:L103),L4:M103,2,FALSE)) -> 0.26306311 | AA2: Últ %Bal | AB2: =IF(I4="","",VLOOKUP(MAX(H4:H103),H4:I103,2,FALSE)) -> 0.65861404 | AE2: Últ FatAlav | AF2: %DDMEq
B3: 0 | C3: 42737 | D3: 0 | G3: 33112.58 | H3: 0 | L3: 0 | Q3: 0 | S3: 0 | T3: 0 | U3: 0 | V3: 0 | Y3: Dias | Z3: =IF(C3="","",VLOOKUP(MAX(S4:S103),S4:T103,2,FALSE)) -> 32 | AA3: Ciclos | AB3: =IF(U4="","",VLOOKUP(MAX(U4:U103),U4:V103,2,FALSE)) -> 23 | AE3: =IF(E4="","",VLOOKUP(MAX(D4:D103),D4:E103,2,FALSE)) -> 3.78 | AF3: =IF(R4="","",VLOOKUP(MAX(Q4:Q103),Q4:R103,2,FALSE)) -> 1.5408835
B4: =B3+1 -> 1 | C4: 42737 | D4: =IF(E4="","",D3+1) -> 1 | E4: 1 | F4: =IF(E4="","",AE$3/E4) -> 3.78 | G4: 33089.15 | H4: =IF(G4="","",H3+1) -> 1 | I4: =IF(G4="","",100*(G4-G3)/G3) -> -0.070758606 | J4: =IF(I4="","",I4*F4) -> -0.26746753 | K4: =IF(J4="","",J4/100+1) -> 0.99732532 | L4: =IF(I4="","",L3+1) -> 1 | M4: =IF(K4="","",100*(K4^(1/L4)-1)) -> -0.26746753 | N4: 0.07 | O4: =IF(N4="","",N4*F4) -> 0.2646 | P4: =IF(O4="","",O4/100+1) -> 1.002646 | Q4: =IF(N4="","",Q3+1) -> 1 | R4: =IF(P4="","",100*(P4^(1/Q4)-1)) -> 0.2646 | S4: =IF(M4="","",S3+1) -> 1 | T4: =IF(G4="","",IF(C4="",T3,C4-C$3)) -> 0 | U4: =IF(S4="","",U3+1) -> 1 | V4: =IF(T4="","",V3+1) -> 1
B5: =B4+1 -> 2 | C5: 42738 | D5: =IF(E5="","",D4+1) -> 2 | E5: 1 | F5: =IF(E5="","",AE$3/E5) -> 3.78 | G5: 33103.34 | H5: =IF(G5="","",H4+1) -> 2 | I5: =IF(G5="","",100*(G5-G4)/G4) -> 0.042884148 | J5: =IF(I5="","",I5*F5) -> 0.16210208 | K5: =IF(J5="","",K4*(J5/100+1)) -> 0.99894201 | L5: =IF(I5="","",L4+1) -> 2 | M5: =IF(K5="","",100*(K5^(1/L5)-1)) -> -0.05291351 | N5: 0.05 | O5: =IF(N5="","",N5*F5) -> 0.189 | P5: =IF(O5="","",P4*(O5/100+1)) -> 1.004541 | Q5: =IF(N5="","",Q4+1) -> 2 | R5: =IF(P5="","",100*(P5^(1/Q5)-1)) -> 0.22679287 | S5: =IF(M5="","",S4+1) -> 2 | T5: =IF(G5="","",IF(C5="",T4,C5-C$3)) -> 1 | U5: =IF(S5="","",U4+1) -> 2 | V5: =IF(T5="","",V4+1) -> 2 | Y5: Payoff (% por) | AD5: Há ganho consistente?
B6: =B5+1 -> 3 | D6: =IF(E6="","",D5+1) -> 3 | E6: 1 | F6: =IF(E6="","",AE$3/E6) -> 3.78 | G6: 33130.73 | H6: =IF(G6="","",H5+1) -> 3 | I6: =IF(G6="","",100*(G6-G5)/G5) -> 0.082740896 | J6: =IF(I6="","",I6*F6) -> 0.31276059 | K6: =IF(J6="","",K5*(J6/100+1)) -> 1.0020663 | L6: =IF(I6="","",L5+1) -> 3 | M6: =IF(K6="","",100*(K6^(1/L6)-1)) -> 0.068829503 | N6: 0.14 | O6: =IF(N6="","",N6*F6) -> 0.5292 | P6: =IF(O6="","",P5*(O6/100+1)) -> 1.009857 | Q6: =IF(N6="","",Q5+1) -> 3 | R6: =IF(P6="","",100*(P6^(1/Q6)-1)) -> 0.32749404 | S6: =IF(M6="","",S5+1) -> 3 | T6: =IF(G6="","",IF(C6="",T5,C6-C$3)) -> 1 | U6: =IF(S6="","",U5+1) -> 3 | V6: =IF(T6="","",V5+1) -> 3 | Y6: Usando Méd Eq | AA6: Usando último
B7: =B6+1 -> 4 | C7: 42740 | D7: =IF(E7="","",D6+1) -> 4 | E7: 1 | F7: =IF(E7="","",AE$3/E7) -> 3.78 | G7: 33084.86 | H7: =IF(G7="","",H6+1) -> 4 | I7: =IF(G7="","",100*(G7-G6)/G6) -> -0.13845152 | J7: =IF(I7="","",I7*F7) -> -0.52334675 | K7: =IF(J7="","",K6*(J7/100+1)) -> 0.99682203 | L7: =IF(I7="","",L6+1) -> 4 | M7: =IF(K7="","",100*(K7^(1/L7)-1)) -> -0.07954423 | N7: 0.15 | O7: =IF(N7="","",N7*F7) -> 0.567 | P7: =IF(O7="","",P6*(O7/100+1)) -> 1.0155829 | Q7: =IF(N7="","",Q6+1) -> 4 | R7: =IF(P7="","",100*(P7^(1/Q7)-1)) -> 0.387317 | S7: =IF(M7="","",S6+1) -> 4 | T7: =IF(G7="","",IF(C7="",T6,C7-C$3)) -> 3 | U7: =IF(S7="","",U6+1) -> 4 | V7: =IF(T7="","",V6+1) -> 4 | Y7: Ciclo | Z7: =Risk!$C$18 -> 0.070440511 | AA7: Ciclo | AB7: =IF(AB2="","",100*((1+AB2/100)^(Risk!C26/100)*(1-Risk!C24/100)^((100-Risk!C26)/100)-1)) -> 0.46311442 | AD7: Teste T (D3:D26) | AF7: =_xlfn.T.TEST(G3:G14,G15:G26,2,3) -> 0.0012343949 | AG7: =1-AF7 -> 0.99876561
B8: =B7+1 -> 5 | C8: 42741 | D8: =IF(E8="","",D7+1) -> 5 | E8: 1 | F8: =IF(E8="","",AE$3/E8) -> 3.78 | G8: 33149.65 | H8: =IF(G8="","",H7+1) -> 5 | I8: =IF(G8="","",100*(G8-G7)/G7) -> 0.19582975 | J8: =IF(I8="","",I8*F8) -> 0.74023647 | K8: =IF(J8="","",K7*(J8/100+1)) -> 1.0042009 | L8: =IF(I8="","",L7+1) -> 5 | M8: =IF(K8="","",100*(K8^(1/L8)-1)) -> 0.083876484 | N8: 2.09 | O8: =IF(N8="","",N8*F8) -> 7.9002 | P8: =IF(O8="","",P7*(O8/100+1)) -> 1.095816 | Q8: =IF(N8="","",Q7+1) -> 5 | R8: =IF(P8="","",100*(P8^(1/Q8)-1)) -> 1.8468327 | S8: =IF(M8="","",S7+1) -> 5 | T8: =IF(G8="","",IF(C8="",T7,C8-C$3)) -> 4 | U8: =IF(S8="","",U7+1) -> 5 | V8: =IF(T8="","",V7+1) -> 5 | Y8: Dia corrido | Z8: =IF(Z7="","",100*((1+Z7/100)^(AB3/Z3)-1)) -> 0.050624104 | AA8: Dia corrido | AB8: =IF(AB7="","",100*((1+AB7/100)^(AB3/Z3)-1)) -> 0.33264714
B9: =B8+1 -> 6 | C9: 42744 | D9: =IF(E9="","",D8+1) -> 6 | E9: 1 | F9: =IF(E9="","",AE$3/E9) -> 3.78 | G9: 33204.63 | H9: =IF(G9="","",H8+1) -> 6 | I9: =IF(G9="","",100*(G9-G8)/G8) -> 0.16585394 | J9: =IF(I9="","",I9*F9) -> 0.62692789 | K9: =IF(J9="","",K8*(J9/100+1)) -> 1.0104965 | L9: =IF(I9="","",L8+1) -> 6 | M9: =IF(K9="","",100*(K9^(1/L9)-1)) -> 0.1741811 | N9: 2.25 | O9: =IF(N9="","",N9*F9) -> 8.505 | P9: =IF(O9="","",P8*(O9/100+1)) -> 1.1890152 | Q9: =IF(N9="","",Q8+1) -> 6 | R9: =IF(P9="","",100*(P9^(1/Q9)-1)) -> 2.9274543 | S9: =IF(M9="","",S8+1) -> 6 | T9: =IF(G9="","",IF(C9="",T8,C9-C$3)) -> 7 | U9: =IF(S9="","",U8+1) -> 6 | V9: =IF(T9="","",V8+1) -> 6 | Y9: Semana | Z9: =IF(Z8="","",100*((1+Z8/100)^7-1)) -> 0.35490737 | AA9: Semana | AB9: =IF(AB8="","",100*((1+AB8/100)^7-1)) -> 2.3518966 | AD9: O desempenho está melhorando?
B10: =B9+1 -> 7 | C10: 42745 | D10: =IF(E10="","",D9+1) -> 7 | E10: 1 | F10: =IF(E10="","",AE$3/E10) -> 3.78 | G10: 33237.3 | H10: =IF(G10="","",H9+1) -> 7 | I10: =IF(G10="","",100*(G10-G9)/G9) -> 0.098389893 | J10: =IF(I10="","",I10*F10) -> 0.3719138 | K10: =IF(J10="","",K9*(J10/100+1)) -> 1.0142547 | L10: =IF(I10="","",L9+1) -> 7 | M10: =IF(K10="","",100*(K10^(1/L10)-1)) -> 0.20240476 | N10: 0.08 | O10: =IF(N10="","",N10*F10) -> 0.3024 | P10: =IF(O10="","",P9*(O10/100+1)) -> 1.1926107 | Q10: =IF(N10="","",Q9+1) -> 7 | R10: =IF(P10="","",100*(P10^(1/Q10)-1)) -> 2.5482817 | S10: =IF(M10="","",S9+1) -> 7 | T10: =IF(G10="","",IF(C10="",T9,C10-C$3)) -> 8 | U10: =IF(S10="","",U9+1) -> 7 | V10: =IF(T10="","",V9+1) -> 7 | Y10: Mês | Z10: =IF(Z8="","",100*((1+Z8/100)^30-1)) -> 1.5299241 | AA10: Mês | AB10: =IF(AB8="","",100*((1+AB8/100)^30-1)) -> 10.476045
B11: =B10+1 -> 8 | C11: 42746 | D11: =IF(E11="","",D10+1) -> 8 | E11: 1.23 | F11: =IF(E11="","",AE$3/E11) -> 3.0731707 | G11: 33246.66 | H11: =IF(G11="","",H10+1) -> 8 | I11: =IF(G11="","",100*(G11-G10)/G10) -> 0.028161132 | J11: =IF(I11="","",I11*F11) -> 0.086543967 | K11: =IF(J11="","",K10*(J11/100+1)) -> 1.0151324 | L11: =IF(I11="","",L10+1) -> 8 | M11: =IF(K11="","",100*(K11^(1/L11)-1)) -> 0.18791483 | N11: 0.05 | O11: =IF(N11="","",N11*F11) -> 0.15365854 | P11: =IF(O11="","",P10*(O11/100+1)) -> 1.1944433 | Q11: =IF(N11="","",Q10+1) -> 8 | R11: =IF(P11="","",100*(P11^(1/Q11)-1)) -> 2.2458505 | S11: =IF(M11="","",S10+1) -> 8 | T11: =IF(G11="","",IF(C11="",T10,C11-C$3)) -> 9 | U11: =IF(S11="","",U10+1) -> 8 | V11: =IF(T11="","",V10+1) -> 8 | Y11: Ano | Z11: =IF(Z8="","",100*((1+Z8/100)^365-1)) -> 20.289509 | AA11: Ano | AB11: =IF(AB8="","",100*((1+AB8/100)^365-1)) -> 236.06926 | AD11: Teste T (K4:K25) | AF11: =_xlfn.T.TEST(J4:J14,J15:J25,2,3) -> 0.21449165 | AG11: =1-AF11 -> 0.78550835
B12: =B11+1 -> 9 | C12: 42747 | D12: =IF(E12="","",D11+1) -> 9 | E12: 1.23 | F12: =IF(E12="","",AE$3/E12) -> 3.0731707 | G12: 33272.88 | H12: =IF(G12="","",H11+1) -> 9 | I12: =IF(G12="","",100*(G12-G11)/G11) -> 0.078865065 | J12: =IF(I12="","",I12*F12) -> 0.24236581 | K12: =IF(J12="","",K11*(J12/100+1)) -> 1.0175928 | L12: =IF(I12="","",L11+1) -> 9 | M12: =IF(K12="","",100*(K12^(1/L12)-1)) -> 0.19396348 | N12: 0.12 | O12: =IF(N12="","",N12*F12) -> 0.36878049 | P12: =IF(O12="","",P11*(O12/100+1)) -> 1.1988482 | Q12: =IF(N12="","",Q11+1) -> 9 | R12: =IF(P12="","",100*(P12^(1/Q12)-1)) -> 2.0355655 | S12: =IF(M12="","",S11+1) -> 9 | T12: =IF(G12="","",IF(C12="",T11,C12-C$3)) -> 10 | U12: =IF(S12="","",U11+1) -> 9 | V12: =IF(T12="","",V11+1) -> 9
B13: =B12+1 -> 10 | C13: 42748 | D13: =IF(E13="","",D12+1) -> 10 | E13: 1.23 | F13: =IF(E13="","",AE$3/E13) -> 3.0731707 | G13: 33293.94 | H13: =IF(G13="","",H12+1) -> 10 | I13: =IF(G13="","",100*(G13-G12)/G12) -> 0.063294791 | J13: =IF(I13="","",I13*F13) -> 0.1945157 | K13: =IF(J13="","",K12*(J13/100+1)) -> 1.0195721 | L13: =IF(I13="","",L12+1) -> 10 | M13: =IF(K13="","",100*(K13^(1/L13)-1)) -> 0.1940187 | N13: 0.06 | O13: =IF(N13="","",N13*F13) -> 0.18439024 | P13: =IF(O13="","",P12*(O13/100+1)) -> 1.2010587 | Q13: =IF(N13="","",Q12+1) -> 10 | R13: =IF(P13="","",100*(P13^(1/Q13)-1)) -> 1.848919 | S13: =IF(M13="","",S12+1) -> 10 | T13: =IF(G13="","",IF(C13="",T12,C13-C$3)) -> 11 | U13: =IF(S13="","",U12+1) -> 10 | V13: =IF(T13="","",V12+1) -> 10
B14: =B13+1 -> 11 | D14: =IF(E14="","",D13+1) -> 11 | E14: 1.23 | F14: =IF(E14="","",AE$3/E14) -> 3.0731707 | G14: 33273.66 | H14: =IF(G14="","",H13+1) -> 11 | I14: =IF(G14="","",100*(G14-G13)/G13) -> -0.060911986 | J14: =IF(I14="","",I14*F14) -> -0.18719293 | K14: =IF(J14="","",K13*(J14/100+1)) -> 1.0176636 | L14: =IF(I14="","",L13+1) -> 11 | M14: =IF(K14="","",100*(K14^(1/L14)-1)) -> 0.15930302 | N14: 0.15 | O14: =IF(N14="","",N14*F14) -> 0.46097561 | P14: =IF(O14="","",P13*(O14/100+1)) -> 1.2065953 | Q14: =IF(N14="","",Q13+1) -> 11 | R14: =IF(P14="","",100*(P14^(1/Q14)-1)) -> 1.7219539 | S14: =IF(M14="","",S13+1) -> 11 | T14: =IF(G14="","",IF(C14="",T13,C14-C$3)) -> 11 | U14: =IF(S14="","",U13+1) -> 11 | V14: =IF(T14="","",V13+1) -> 11
B15: =B14+1 -> 12 | C15: 42751 | D15: =IF(E15="","",D14+1) -> 12 | E15: 1.23 | F15: =IF(E15="","",AE$3/E15) -> 3.0731707 | G15: 33285.26 | H15: =IF(G15="","",H14+1) -> 12 | I15: =IF(G15="","",100*(G15-G14)/G14) -> 0.034862411 | J15: =IF(I15="","",I15*F15) -> 0.10713814 | K15: =IF(J15="","",K14*(J15/100+1)) -> 1.0187539 | L15: =IF(I15="","",L14+1) -> 12 | M15: =IF(K15="","",100*(K15^(1/L15)-1)) -> 0.15495491 | N15: 0.05 | O15: =IF(N15="","",N15*F15) -> 0.15365854 | P15: =IF(O15="","",P14*(O15/100+1)) -> 1.2084493 | Q15: =IF(N15="","",Q14+1) -> 12 | R15: =IF(P15="","",100*(P15^(1/Q15)-1)) -> 1.5903299 | S15: =IF(M15="","",S14+1) -> 12 | T15: =IF(G15="","",IF(C15="",T14,C15-C$3)) -> 14 | U15: =IF(S15="","",U14+1) -> 12 | V15: =IF(T15="","",V14+1) -> 12
B16: =B15+1 -> 13 | C16: 42752 | D16: =IF(E16="","",D15+1) -> 13 | E16: 1.46 | F16: =IF(E16="","",AE$3/E16) -> 2.5890411 | G16: 33315.38 | H16: =IF(G16="","",H15+1) -> 13 | I16: =IF(G16="","",100*(G16-G15)/G15) -> 0.090490505 | J16: =IF(I16="","",I16*F16) -> 0.23428364 | K16: =IF(J16="","",K15*(J16/100+1)) -> 1.0211407 | L16: =IF(I16="","",L15+1) -> 13 | M16: =IF(K16="","",100*(K16^(1/L16)-1)) -> 0.16105489 | N16: 0.53 | O16: =IF(N16="","",N16*F16) -> 1.3721918 | P16: =IF(O16="","",P15*(O16/100+1)) -> 1.2250316 | Q16: =IF(N16="","",Q15+1) -> 13 | R16: =IF(P16="","",100*(P16^(1/Q16)-1)) -> 1.5735334 | S16: =IF(M16="","",S15+1) -> 13 | T16: =IF(G16="","",IF(C16="",T15,C16-C$3)) -> 15 | U16: =IF(S16="","",U15+1) -> 13 | V16: =IF(T16="","",V15+1) -> 13
B17: =B16+1 -> 14 | C17: 42753 | D17: =IF(E17="","",D16+1) -> 14 | E17: 1.69 | F17: =IF(E17="","",AE$3/E17) -> 2.2366864 | G17: 33298.88 | H17: =IF(G17="","",H16+1) -> 14 | I17: =IF(G17="","",100*(G17-G16)/G16) -> -0.049526675 | J17: =IF(I17="","",I17*F17) -> -0.11077564 | K17: =IF(J17="","",K16*(J17/100+1)) -> 1.0200095 | L17: =IF(I17="","",L16+1) -> 14 | M17: =IF(K17="","",100*(K17^(1/L17)-1)) -> 0.14161391 | N17: 0.19 | O17: =IF(N17="","",N17*F17) -> 0.42497041 | P17: =IF(O17="","",P16*(O17/100+1)) -> 1.2302376 | Q17: =IF(N17="","",Q16+1) -> 14 | R17: =IF(P17="","",100*(P17^(1/Q17)-1)) -> 1.4910593 | S17: =IF(M17="","",S16+1) -> 14 | T17: =IF(G17="","",IF(C17="",T16,C17-C$3)) -> 16 | U17: =IF(S17="","",U16+1) -> 14 | V17: =IF(T17="","",V16+1) -> 14
B18: =B17+1 -> 15 | C18: 42754 | D18: =IF(E18="","",D17+1) -> 15 | E18: 1.93 | F18: =IF(E18="","",AE$3/E18) -> 1.9585492 | G18: 33348.02 | H18: =IF(G18="","",H17+1) -> 15 | I18: =IF(G18="","",100*(G18-G17)/G17) -> 0.14757253 | J18: =IF(I18="","",I18*F18) -> 0.28902807 | K18: =IF(J18="","",K17*(J18/100+1)) -> 1.0229576 | L18: =IF(I18="","",L17+1) -> 15 | M18: =IF(K18="","",100*(K18^(1/L18)-1)) -> 0.15143478 | N18: 0.42 | O18: =IF(N18="","",N18*F18) -> 0.82259067 | P18: =IF(O18="","",P17*(O18/100+1)) -> 1.2403574 | Q18: =IF(N18="","",Q17+1) -> 15 | R18: =IF(P18="","",100*(P18^(1/Q18)-1)) -> 1.4463572 | S18: =IF(M18="","",S17+1) -> 15 | T18: =IF(G18="","",IF(C18="",T17,C18-C$3)) -> 17 | U18: =IF(S18="","",U17+1) -> 15 | V18: =IF(T18="","",V17+1) -> 15
B19: =B18+1 -> 16 | C19: 42758 | D19: =IF(E19="","",D18+1) -> 16 | E19: 2.16 | F19: =IF(E19="","",AE$3/E19) -> 1.75 | G19: 33375.71 | H19: =IF(G19="","",H18+1) -> 16 | I19: =IF(G19="","",100*(G19-G18)/G18) -> 0.083033415 | J19: =IF(I19="","",I19*F19) -> 0.14530848 | K19: =IF(J19="","",K18*(J19/100+1)) -> 1.024444 | L19: =IF(I19="","",L18+1) -> 16 | M19: =IF(K19="","",100*(K19^(1/L19)-1)) -> 0.15105187 | N19: 0.04 | O19: =IF(N19="","",N19*F19) -> 0.07 | P19: =IF(O19="","",P18*(O19/100+1)) -> 1.2412257 | Q19: =IF(N19="","",Q18+1) -> 16 | R19: =IF(P19="","",100*(P19^(1/Q19)-1)) -> 1.359783 | S19: =IF(M19="","",S18+1) -> 16 | T19: =IF(G19="","",IF(C19="",T18,C19-C$3)) -> 21 | U19: =IF(S19="","",U18+1) -> 16 | V19: =IF(T19="","",V18+1) -> 16
B20: =B19+1 -> 17 | C20: 42759 | D20: =IF(E20="","",D19+1) -> 17 | E20: 2.39 | F20: =IF(E20="","",AE$3/E20) -> 1.58159 | G20: 33465.77 | H20: =IF(G20="","",H19+1) -> 17 | I20: =IF(G20="","",100*(G20-G19)/G19) -> 0.26983696 | J20: =IF(I20="","",I20*F20) -> 0.42677142 | K20: =IF(J20="","",K19*(J20/100+1)) -> 1.0288161 | L20: =IF(I20="","",L19+1) -> 17 | M20: =IF(K20="","",100*(K20^(1/L20)-1)) -> 0.1672497 | N20: 0.78 | O20: =IF(N20="","",N20*F20) -> 1.2336402 | P20: =IF(O20="","",P19*(O20/100+1)) -> 1.2565379 | Q20: =IF(N20="","",Q19+1) -> 17 | R20: =IF(P20="","",100*(P20^(1/Q20)-1)) -> 1.3523584 | S20: =IF(M20="","",S19+1) -> 17 | T20: =IF(G20="","",IF(C20="",T19,C20-C$3)) -> 22 | U20: =IF(S20="","",U19+1) -> 17 | V20: =IF(T20="","",V19+1) -> 17
B21: =B20+1 -> 18 | C21: 42760 | D21: =IF(E21="","",D20+1) -> 18 | E21: 2.62 | F21: =IF(E21="","",AE$3/E21) -> 1.4427481 | G21: 33573.65 | H21: =IF(G21="","",H20+1) -> 18 | I21: =IF(G21="","",100*(G21-G20)/G20) -> 0.32235923 | J21: =IF(I21="","",I21*F21) -> 0.46508317 | K21: =IF(J21="","",K20*(J21/100+1)) -> 1.0336009 | L21: =IF(I21="","",L20+1) -> 18 | M21: =IF(K21="","",100*(K21^(1/L21)-1)) -> 0.18377281 | N21: 0.18 | O21: =IF(N21="","",N21*F21) -> 0.25969466 | P21: =IF(O21="","",P20*(O21/100+1)) -> 1.2598011 | Q21: =IF(N21="","",Q20+1) -> 18 | R21: =IF(P21="","",100*(P21^(1/Q21)-1)) -> 1.2913437 | S21: =IF(M21="","",S20+1) -> 18 | T21: =IF(G21="","",IF(C21="",T20,C21-C$3)) -> 23 | U21: =IF(S21="","",U20+1) -> 18 | V21: =IF(T21="","",V20+1) -> 18
B22: =B21+1 -> 19 | C22: 42761 | D22: =IF(E22="","",D21+1) -> 19 | E22: 2.85 | F22: =IF(E22="","",AE$3/E22) -> 1.3263158 | G22: 33714.95 | H22: =IF(G22="","",H21+1) -> 19 | I22: =IF(G22="","",100*(G22-G21)/G21) -> 0.42086577 | J22: =IF(I22="","",I22*F22) -> 0.55820091 | K22: =IF(J22="","",K21*(J22/100+1)) -> 1.0393705 | L22: =IF(I22="","",L21+1) -> 19 | M22: =IF(K22="","",100*(K22^(1/L22)-1)) -> 0.20344475 | N22: 2.42 | O22: =IF(N22="","",N22*F22) -> 3.2096842 | P22: =IF(O22="","",P21*(O22/100+1)) -> 1.3002367 | Q22: =IF(N22="","",Q21+1) -> 19 | R22: =IF(P22="","",100*(P22^(1/Q22)-1)) -> 1.3914142 | S22: =IF(M22="","",S21+1) -> 19 | T22: =IF(G22="","",IF(C22="",T21,C22-C$3)) -> 24 | U22: =IF(S22="","",U21+1) -> 19 | V22: =IF(T22="","",V21+1) -> 19
B23: =B22+1 -> 20 | C23: 42762 | D23: =IF(E23="","",D22+1) -> 20 | E23: 3.08 | F23: =IF(E23="","",AE$3/E23) -> 1.2272727 | G23: 33911.51 | H23: =IF(G23="","",H22+1) -> 20 | I23: =IF(G23="","",100*(G23-G22)/G22) -> 0.58300546 | J23: =IF(I23="","",I23*F23) -> 0.7155067 | K23: =IF(J23="","",K22*(J23/100+1)) -> 1.0468073 | L23: =IF(I23="","",L22+1) -> 20 | M23: =IF(K23="","",100*(K23^(1/L23)-1)) -> 0.22898591 | N23: 2.51 | O23: =IF(N23="","",N23*F23) -> 3.0804545 | P23: =IF(O23="","",P22*(O23/100+1)) -> 1.3402899 | Q23: =IF(N23="","",Q22+1) -> 20 | R23: =IF(P23="","",100*(P23^(1/Q23)-1)) -> 1.4752051 | S23: =IF(M23="","",S22+1) -> 20 | T23: =IF(G23="","",IF(C23="",T22,C23-C$3)) -> 25 | U23: =IF(S23="","",U22+1) -> 20 | V23: =IF(T23="","",V22+1) -> 20
B24: =B23+1 -> 21 | C24: 42765 | D24: =IF(E24="","",D23+1) -> 21 | E24: 3.31 | F24: =IF(E24="","",AE$3/E24) -> 1.141994 | G24: 34042.55 | H24: =IF(G24="","",H23+1) -> 21 | I24: =IF(G24="","",100*(G24-G23)/G23) -> 0.38641747 | J24: =IF(I24="","",I24*F24) -> 0.44128642 | K24: =IF(J24="","",K23*(J24/100+1)) -> 1.0514267 | L24: =IF(I24="","",L23+1) -> 21 | M24: =IF(K24="","",100*(K24^(1/L24)-1)) -> 0.23908527 | N24: 0.34 | O24: =IF(N24="","",N24*F24) -> 0.38827795 | P24: =IF(O24="","",P23*(O24/100+1)) -> 1.345494 | Q24: =IF(N24="","",Q23+1) -> 21 | R24: =IF(P24="","",100*(P24^(1/Q24)-1)) -> 1.4231808 | S24: =IF(M24="","",S23+1) -> 21 | T24: =IF(G24="","",IF(C24="",T23,C24-C$3)) -> 28 | U24: =IF(S24="","",U23+1) -> 21 | V24: =IF(T24="","",V23+1) -> 21
B25: =B24+1 -> 22 | C25: 42767 | D25: =IF(E25="","",D24+1) -> 22 | E25: 3.54 | F25: =IF(E25="","",AE$3/E25) -> 1.0677966 | G25: 34161.13 | H25: =IF(G25="","",H24+1) -> 22 | I25: =IF(G25="","",100*(G25-G24)/G24) -> 0.34832878 | J25: =IF(I25="","",I25*F25) -> 0.37194429 | K25: =IF(J25="","",K24*(J25/100+1)) -> 1.0553374 | L25: =IF(I25="","",L24+1) -> 22 | M25: =IF(K25="","",100*(K25^(1/L25)-1)) -> 0.2451205 | N25: 0.06 | O25: =IF(N25="","",N25*F25) -> 0.064067797 | P25: =IF(O25="","",P24*(O25/100+1)) -> 1.346356 | Q25: =IF(N25="","",Q24+1) -> 22 | R25: =IF(P25="","",100*(P25^(1/Q25)-1)) -> 1.3610044 | S25: =IF(M25="","",S24+1) -> 22 | T25: =IF(G25="","",IF(C25="",T24,C25-C$3)) -> 30 | U25: =IF(S25="","",U24+1) -> 22 | V25: =IF(T25="","",V24+1) -> 22
B26: =B25+1 -> 23 | C26: 42769 | D26: =IF(E26="","",D25+1) -> 23 | E26: 3.78 | F26: =IF(E26="","",AE$3/E26) -> 1 | G26: 34386.12 | H26: =IF(G26="","",H25+1) -> 23 | I26: =IF(G26="","",100*(G26-G25)/G25) -> 0.65861404 | J26: =IF(I26="","",I26*F26) -> 0.65861404 | K26: =IF(J26="","",K25*(J26/100+1)) -> 1.062288 | L26: =IF(I26="","",L25+1) -> 23 | M26: =IF(K26="","",100*(K26^(1/L26)-1)) -> 0.26306311 | N26: 5.58 | O26: =IF(N26="","",N26*F26) -> 5.58 | P26: =IF(O26="","",P25*(O26/100+1)) -> 1.4214827 | Q26: =IF(N26="","",Q25+1) -> 23 | R26: =IF(P26="","",100*(P26^(1/Q26)-1)) -> 1.5408835 | S26: =IF(M26="","",S25+1) -> 23 | T26: =IF(G26="","",IF(C26="",T25,C26-C$3)) -> 32 | U26: =IF(S26="","",U25+1) -> 23 | V26: =IF(T26="","",V25+1) -> 23 | W26: 20.29
B27: =B26+1 -> 24 | D27: =IF(E27="","",D26+1) | F27: =IF(E27="","",AE$3/E27) | H27: =IF(G27="","",H26+1) | I27: =IF(G27="","",100*(G27-G26)/G26) | J27: =IF(I27="","",I27*F27) | K27: =IF(J27="","",K26*(J27/100+1)) | L27: =IF(I27="","",L26+1) | M27: =IF(J27="","",100*(((G27-G$3)/G$3+1)^(1/L27)-1)) | O27: =IF(N27="","",N27*F27) | P27: =IF(O27="","",P26*(O27/100+1)) | Q27: =IF(N27="","",Q26+1) | R27: =IF(O27="","",100*(((L27-L$3)/L$3+1)^(1/Q27)-1)) | S27: =IF(M27="","",S26+1) | T27: =IF(G27="","",IF(C27="",T26,C27-C$3)) | U27: =IF(S27="","",U26+1) | V27: =IF(T27="","",V26+1)
B28: =B27+1 -> 25 | D28: =IF(E28="","",D27+1) | F28: =IF(E28="","",AE$3/E28) | H28: =IF(G28="","",H27+1) | I28: =IF(G28="","",100*(G28-G27)/G27) | J28: =IF(I28="","",I28*F28) | K28: =IF(J28="","",K27*(J28/100+1)) | L28: =IF(I28="","",L27+1) | M28: =IF(J28="","",100*(((G28-G$3)/G$3+1)^(1/L28)-1)) | O28: =IF(N28="","",N28*F28) | P28: =IF(O28="","",P27*(O28/100+1)) | Q28: =IF(N28="","",Q27+1) | R28: =IF(O28="","",100*(((L28-L$3)/L$3+1)^(1/Q28)-1)) | S28: =IF(M28="","",S27+1) | T28: =IF(G28="","",IF(C28="",T27,C28-C$3)) | U28: =IF(S28="","",U27+1) | V28: =IF(T28="","",V27+1)
B29: =B28+1 -> 26 | D29: =IF(E29="","",D28+1) | F29: =IF(E29="","",AE$3/E29) | H29: =IF(G29="","",H28+1) | I29: =IF(G29="","",100*(G29-G28)/G28) | J29: =IF(I29="","",I29*F29) | K29: =IF(J29="","",K28*(J29/100+1)) | L29: =IF(I29="","",L28+1) | M29: =IF(J29="","",100*(((G29-G$3)/G$3+1)^(1/L29)-1)) | O29: =IF(N29="","",N29*F29) | P29: =IF(O29="","",P28*(O29/100+1)) | Q29: =IF(N29="","",Q28+1) | R29: =IF(O29="","",100*(((L29-L$3)/L$3+1)^(1/Q29)-1)) | S29: =IF(M29="","",S28+1) | T29: =IF(G29="","",IF(C29="",T28,C29-C$3)) | U29: =IF(S29="","",U28+1) | V29: =IF(T29="","",V28+1)
B30: =B29+1 -> 27 | D30: =IF(E30="","",D29+1) | F30: =IF(E30="","",AE$3/E30) | H30: =IF(G30="","",H29+1) | I30: =IF(G30="","",100*(G30-G29)/G29) | J30: =IF(I30="","",I30*F30) | K30: =IF(J30="","",K29*(J30/100+1)) | L30: =IF(I30="","",L29+1) | M30: =IF(J30="","",100*(((G30-G$3)/G$3+1)^(1/L30)-1)) | O30: =IF(N30="","",N30*F30) | P30: =IF(O30="","",P29*(O30/100+1)) | Q30: =IF(N30="","",Q29+1) | R30: =IF(O30="","",100*(((L30-L$3)/L$3+1)^(1/Q30)-1)) | S30: =IF(M30="","",S29+1) | T30: =IF(G30="","",IF(C30="",T29,C30-C$3)) | U30: =IF(S30="","",U29+1) | V30: =IF(T30="","",V29+1)
B31: =B30+1 -> 28 | D31: =IF(E31="","",D30+1) | F31: =IF(E31="","",AE$3/E31) | H31: =IF(G31="","",H30+1) | I31: =IF(G31="","",100*(G31-G30)/G30) | J31: =IF(I31="","",I31*F31) | K31: =IF(J31="","",K30*(J31/100+1)) | L31: =IF(I31="","",L30+1) | M31: =IF(J31="","",100*(((G31-G$3)/G$3+1)^(1/L31)-1)) | O31: =IF(N31="","",N31*F31) | P31: =IF(O31="","",P30*(O31/100+1)) | Q31: =IF(N31="","",Q30+1) | R31: =IF(O31="","",100*(((L31-L$3)/L$3+1)^(1/Q31)-1)) | S31: =IF(M31="","",S30+1) | T31: =IF(G31="","",IF(C31="",T30,C31-C$3)) | U31: =IF(S31="","",U30+1) | V31: =IF(T31="","",V30+1)
B32: =B31+1 -> 29 | D32: =IF(E32="","",D31+1) | F32: =IF(E32="","",AE$3/E32) | H32: =IF(G32="","",H31+1) | I32: =IF(G32="","",100*(G32-G31)/G31) | J32: =IF(I32="","",I32*F32) | K32: =IF(J32="","",K31*(J32/100+1)) | L32: =IF(I32="","",L31+1) | M32: =IF(J32="","",100*(((G32-G$3)/G$3+1)^(1/L32)-1)) | O32: =IF(N32="","",N32*F32) | P32: =IF(O32="","",P31*(O32/100+1)) | Q32: =IF(N32="","",Q31+1) | R32: =IF(O32="","",100*(((L32-L$3)/L$3+1)^(1/Q32)-1)) | S32: =IF(M32="","",S31+1) | T32: =IF(G32="","",IF(C32="",T31,C32-C$3)) | U32: =IF(S32="","",U31+1) | V32: =IF(T32="","",V31+1)
B33: =B32+1 -> 30 | D33: =IF(E33="","",D32+1) | F33: =IF(E33="","",AE$3/E33) | H33: =IF(G33="","",H32+1) | I33: =IF(G33="","",100*(G33-G32)/G32) | J33: =IF(I33="","",I33*F33) | K33: =IF(J33="","",K32*(J33/100+1)) | L33: =IF(I33="","",L32+1) | M33: =IF(J33="","",100*(((G33-G$3)/G$3+1)^(1/L33)-1)) | O33: =IF(N33="","",N33*F33) | P33: =IF(O33="","",P32*(O33/100+1)) | Q33: =IF(N33="","",Q32+1) | R33: =IF(O33="","",100*(((L33-L$3)/L$3+1)^(1/Q33)-1)) | S33: =IF(M33="","",S32+1) | T33: =IF(G33="","",IF(C33="",T32,C33-C$3)) | U33: =IF(S33="","",U32+1) | V33: =IF(T33="","",V32+1)
B34: =B33+1 -> 31 | D34: =IF(E34="","",D33+1) | F34: =IF(E34="","",AE$3/E34) | H34: =IF(G34="","",H33+1) | I34: =IF(G34="","",100*(G34-G33)/G33) | J34: =IF(I34="","",I34*F34) | K34: =IF(J34="","",K33*(J34/100+1)) | L34: =IF(I34="","",L33+1) | M34: =IF(J34="","",100*(((G34-G$3)/G$3+1)^(1/L34)-1)) | O34: =IF(N34="","",N34*F34) | P34: =IF(O34="","",P33*(O34/100+1)) | Q34: =IF(N34="","",Q33+1) | R34: =IF(O34="","",100*(((L34-L$3)/L$3+1)^(1/Q34)-1)) | S34: =IF(M34="","",S33+1) | T34: =IF(G34="","",IF(C34="",T33,C34-C$3)) | U34: =IF(S34="","",U33+1) | V34: =IF(T34="","",V33+1)
B35: =B34+1 -> 32 | D35: =IF(E35="","",D34+1) | F35: =IF(E35="","",AE$3/E35) | H35: =IF(G35="","",H34+1) | I35: =IF(G35="","",100*(G35-G34)/G34) | J35: =IF(I35="","",I35*F35) | K35: =IF(J35="","",K34*(J35/100+1)) | L35: =IF(I35="","",L34+1) | M35: =IF(J35="","",100*(((G35-G$3)/G$3+1)^(1/L35)-1)) | O35: =IF(N35="","",N35*F35) | P35: =IF(O35="","",P34*(O35/100+1)) | Q35: =IF(N35="","",Q34+1) | R35: =IF(O35="","",100*(((L35-L$3)/L$3+1)^(1/Q35)-1)) | S35: =IF(M35="","",S34+1) | T35: =IF(G35="","",IF(C35="",T34,C35-C$3)) | U35: =IF(S35="","",U34+1) | V35: =IF(T35="","",V34+1)
B36: =B35+1 -> 33 | D36: =IF(E36="","",D35+1) | F36: =IF(E36="","",AE$3/E36) | H36: =IF(G36="","",H35+1) | I36: =IF(G36="","",100*(G36-G35)/G35) | J36: =IF(I36="","",I36*F36) | K36: =IF(J36="","",K35*(J36/100+1)) | L36: =IF(I36="","",L35+1) | M36: =IF(J36="","",100*(((G36-G$3)/G$3+1)^(1/L36)-1)) | O36: =IF(N36="","",N36*F36) | P36: =IF(O36="","",P35*(O36/100+1)) | Q36: =IF(N36="","",Q35+1) | R36: =IF(O36="","",100*(((L36-L$3)/L$3+1)^(1/Q36)-1)) | S36: =IF(M36="","",S35+1) | T36: =IF(G36="","",IF(C36="",T35,C36-C$3)) | U36: =IF(S36="","",U35+1) | V36: =IF(T36="","",V35+1)
B37: =B36+1 -> 34 | D37: =IF(E37="","",D36+1) | F37: =IF(E37="","",AE$3/E37) | H37: =IF(G37="","",H36+1) | I37: =IF(G37="","",100*(G37-G36)/G36) | J37: =IF(I37="","",I37*F37) | K37: =IF(J37="","",K36*(J37/100+1)) | L37: =IF(I37="","",L36+1) | M37: =IF(J37="","",100*(((G37-G$3)/G$3+1)^(1/L37)-1)) | O37: =IF(N37="","",N37*F37) | P37: =IF(O37="","",P36*(O37/100+1)) | Q37: =IF(N37="","",Q36+1) | R37: =IF(O37="","",100*(((L37-L$3)/L$3+1)^(1/Q37)-1)) | S37: =IF(M37="","",S36+1) | T37: =IF(G37="","",IF(C37="",T36,C37-C$3)) | U37: =IF(S37="","",U36+1) | V37: =IF(T37="","",V36+1)
B38: =B37+1 -> 35 | D38: =IF(E38="","",D37+1) | F38: =IF(E38="","",AE$3/E38) | H38: =IF(G38="","",H37+1) | I38: =IF(G38="","",100*(G38-G37)/G37) | J38: =IF(I38="","",I38*F38) | K38: =IF(J38="","",K37*(J38/100+1)) | L38: =IF(I38="","",L37+1) | M38: =IF(J38="","",100*(((G38-G$3)/G$3+1)^(1/L38)-1)) | O38: =IF(N38="","",N38*F38) | P38: =IF(O38="","",P37*(O38/100+1)) | Q38: =IF(N38="","",Q37+1) | R38: =IF(O38="","",100*(((L38-L$3)/L$3+1)^(1/Q38)-1)) | S38: =IF(M38="","",S37+1) | T38: =IF(G38="","",IF(C38="",T37,C38-C$3)) | U38: =IF(S38="","",U37+1) | V38: =IF(T38="","",V37+1)
... B103: =B102+1 -> 100 | D103: =IF(E103="","",D102+1) | F103: =IF(E103="","",AE$3/E103) | H103: =IF(G103="","",H102+1) | I103: =IF(G103="","",100*(G103-G102)/G102) | J103: =IF(I103="","",I103*F103) | K103: =IF(J103="","",K102*(J103/100+1)) | L103: =IF(I103="","",L102+1) | M103: =IF(J103="","",100*(((G103-G$3)/G$3+1)^(1/L103)-1)) | O103: =IF(N103="","",N103*F103) | P103: =IF(O103="","",P102*(O103/100+1)) | Q103: =IF(N103="","",Q102+1) | R103: =IF(O103="","",100*(((L103-L$3)/L$3+1)^(1/Q103)-1)) | S103: =IF(M103="","",S102+1) | T103: =IF(G103="","",IF(C103="",T102,C103-C$3)) | U103: =IF(S103="","",U102+1) | V103: =IF(T103="","",V102+1)

Sheet DDCy
B2: # | C2: %DDEq | D2: %Bal+ | E2: %BalEq | F2: K % | G2: P(K) | H2: # | I2: HS % | J2: P(HS) | L2: Faixa até % | M2: Freq | N2: Ant | O2: Tot | P2: Prob1 | Q2: Prob2
B3: 1 | C3: =IF(Cy!O4="","",Cy!O4) -> 0.2646 | D3: =E3+0.53 -> 0.26253247 | E3: =IF(Cy!J4="","",Cy!J4) -> -0.26746753 | H3: 1 | I3: 30 | L3: 3 | M3: =IF(L3="","",FREQUENCY(C$3:C$102,L3)) -> 18 | N3: 0 | O3: =IF(M3="",N3,M3+N3) -> 18 | P3: =O3/O$13 -> 0.7826087 | Q3: =IF(L3="","",IF(O3>0,O3/O$13,M$17*L3^N$17)) -> 0.7826087
B4: =B3+1 -> 2 | C4: =IF(Cy!O5="","",Cy!O5) -> 0.189 | D4: =IF(E4="","",E4+D$3-E$3) -> 0.69210208 | E4: =IF(Cy!J5="","",Cy!J5) -> 0.16210208 | H4: =IF(I4="","",H3+1) -> 2 | I4: 30 | L4: =IF(L3="","",IF(L3+L$3<L$12,L3+L$3,"")) -> 6 | M4: =IF(L4="","",FREQUENCY(C$3:C$102,L4)-FREQUENCY(C$3:C$102,L3)) -> 3 | N4: 0 | O4: =IF(M4="",N4,M4+N4) -> 3 | P4: =O4/O$13 -> 0.13043478 | Q4: =IF(L4="","",IF(O4>0,O4/O$13,M$17*L4^N$17)) -> 0.13043478
B5: =B4+1 -> 3 | C5: =IF(Cy!O6="","",Cy!O6) -> 0.5292 | D5: =IF(E5="","",E5+D$3-E$3) -> 0.84276059 | E5: =IF(Cy!J6="","",Cy!J6) -> 0.31276059 | H5: =IF(I5="","",H4+1) -> 3 | I5: 30 | L5: =IF(L4="","",IF(L4+L$3<L$12,L4+L$3,"")) -> 9 | M5: =IF(L5="","",FREQUENCY(C$3:C$102,L5)-FREQUENCY(C$3:C$102,L4)) -> 2 | N5: 0 | O5: =IF(M5="",N5,M5+N5) -> 2 | P5: =O5/O$13 -> 0.086956522 | Q5: =IF(L5="","",IF(O5>0,O5/O$13,M$17*((L5+L4)/2)^N$17)) -> 0.086956522
B6: =B5+1 -> 4 | C6: =IF(Cy!O7="","",Cy!O7) -> 0.567 | D6: =IF(E6="","",E6+D$3-E$3) -> 0.0066532461 | E6: =IF(Cy!J7="","",Cy!J7) -> -0.52334675 | H6: =IF(I6="","",H5+1) -> 4 | I6: 30 | L6: =IF(L5="","",IF(L5+L$3<L$12,L5+L$3,"")) -> 12 | M6: =IF(L6="","",FREQUENCY(C$3:C$102,L6)-FREQUENCY(C$3:C$102,L5)) -> 0 | N6: 0 | O6: =IF(M6="",N6,M6+N6) -> 0 | Q6: =IF(L6="","",IF(O6>0,O6/O$13,M$17*((L6+L5)/2)^N$17)) -> 0.05355337
B7: =B6+1 -> 5 | C7: =IF(Cy!O8="","",Cy!O8) -> 7.9002 | D7: =IF(E7="","",E7+D$3-E$3) -> 1.2702365 | E7: =IF(Cy!J8="","",Cy!J8) -> 0.74023647 | H7: =IF(I7="","",H6+1) -> 5 | I7: 30 | L7: =IF(L6="","",IF(L6+L$3<L$12,L6+L$3,"")) -> 15 | M7: =IF(L7="","",FREQUENCY(C$3:C$102,L7)-FREQUENCY(C$3:C$102,L6)) -> 0 | N7: 0 | O7: =IF(M7="",N7,M7+N7) -> 0 | Q7: =IF(L7="","",IF(O7>0,O7/O$13,M$17*((L7+L6)/2)^N$17)) -> 0.031887595
B8: =B7+1 -> 6 | C8: =IF(Cy!O9="","",Cy!O9) -> 8.505 | D8: =IF(E8="","",E8+D$3-E$3) -> 1.1569279 | E8: =IF(Cy!J9="","",Cy!J9) -> 0.62692789 | H8: =IF(I8="","",H7+1) -> 6 | I8: 30 | L8: =IF(L7="","",IF(L7+L$3<L$12,L7+L$3,"")) -> 18 | M8: =IF(L8="","",FREQUENCY(C$3:C$102,L8)-FREQUENCY(C$3:C$102,L7)) -> 0 | N8: 0 | O8: =IF(M8="",N8,M8+N8) -> 0 | Q8: =IF(L8="","",IF(O8>0,O8/O$13,M$17*((L8+L7)/2)^N$17)) -> 0.021078075
B9: =B8+1 -> 7 | C9: =IF(Cy!O10="","",Cy!O10) -> 0.3024 | D9: =IF(E9="","",E9+D$3-E$3) -> 0.9019138 | E9: =IF(Cy!J10="","",Cy!J10) -> 0.3719138 | H9: =IF(I9="","",H8+1) -> 7 | I9: 30 | L9: =IF(L8="","",IF(L8+L$3<L$12,L8+L$3,"")) -> 21 | M9: =IF(L9="","",FREQUENCY(C$3:C$102,L9)-FREQUENCY(C$3:C$102,L8)) -> 0 | N9: 0 | O9: =IF(M9="",N9,M9+N9) -> 0 | Q9: =IF(L9="","",IF(O9>0,O9/O$13,M$17*((L9+L8)/2)^N$17)) -> 0.014933408
B10: =B9+1 -> 8 | C10: =IF(Cy!O11="","",Cy!O11) -> 0.15365854 | D10: =IF(E10="","",E10+D$3-E$3) -> 0.61654397 | E10: =IF(Cy!J11="","",Cy!J11) -> 0.086543967 | H10: =IF(I10="","",H9+1) -> 8 | I10: 30 | L10: =IF(L9="","",IF(L9+L$3<L$12,L9+L$3,"")) -> 24 | M10: =IF(L10="","",FREQUENCY(C$3:C$102,L10)-FREQUENCY(C$3:C$102,L9)) -> 0 | N10: 0 | O10: =IF(M10="",N10,M10+N10) -> 0 | Q10: =IF(L10="","",IF(O10>0,O10/O$13,M$17*((L10+L9)/2)^N$17)) -> 0.011115981
B11: =B10+1 -> 9 | C11: =IF(Cy!O12="","",Cy!O12) -> 0.36878049 | D11: =IF(E11="","",E11+D$3-E$3) -> 0.77236581 | E11: =IF(Cy!J12="","",Cy!J12) -> 0.24236581 | H11: =IF(I11="","",H10+1) -> 9 | I11: 30 | L11: =IF(L10="","",IF(L10+L$3<L$12,L10+L$3,"")) -> 27 | M11: =IF(L11="","",FREQUENCY(C$3:C$102,L11)-FREQUENCY(C$3:C$102,L10)) -> 0 | N11: 0 | O11: =IF(M11="",N11,M11+N11) -> 0 | Q11: =IF(L11="","",IF(O11>0,O11/O$13,M$17*((L11+L10)/2)^N$17)) -> 0.0085863371
B12: =B11+1 -> 10 | C12: =IF(Cy!O13="","",Cy!O13) -> 0.18439024 | D12: =IF(E12="","",E12+D$3-E$3) -> 0.7245157 | E12: =IF(Cy!J13="","",Cy!J13) -> 0.1945157 | H12: =IF(I12="","",H11+1) -> 10 | I12: 30 | L12: =$M$19 -> 30 | M12: =IF(L12="","",IF(L11="",FREQUENCY(C$3:C$102,L12)-FREQUENCY(C$3:C$102,L12-0.01),FREQUENCY(C$3:C$102,L12)-FREQUENCY(C$3:C$102,L11))) -> 0 | N12: 0 | O12: =IF(M12="",N12,M12+N12) -> 0 | Q12: =IF(L12="","",IF(O12>0,O12/O$13,M$17*L12^N$17)) -> 0.0061404356
B13: =B12+1 -> 11 | C13: =IF(Cy!O14="","",Cy!O14) -> 0.46097561 | D13: =IF(E13="","",E13+D$3-E$3) -> 0.34280707 | E13: =IF(Cy!J14="","",Cy!J14) -> -0.18719293 | H13: =IF(I13="","",H12+1) -> 11 | I13: 30 | L13: Totais | M13: =SUM(M3:M12) -> 23 | N13: =SUM(N3:N12) -> 0 | O13: =SUM(O3:O12) -> 23 | P13: =SUM(P3:P12) -> 1 | Q13: =SUM(Q3:Q12) -> 1.1472952
B14: =B13+1 -> 12 | C14: =IF(Cy!O15="","",Cy!O15) -> 0.15365854 | D14: =IF(E14="","",E14+D$3-E$3) -> 0.63713814 | E14: =IF(Cy!J15="","",Cy!J15) -> 0.10713814 | H14: =IF(I14="","",H13+1) -> 12 | I14: 30
B15: =B14+1 -> 13 | C15: =IF(Cy!O16="","",Cy!O16) -> 1.3721918 | D15: =IF(E15="","",E15+D$3-E$3) -> 0.76428364 | E15: =IF(Cy!J16="","",Cy!J16) -> 0.23428364 | H15: =IF(I15="","",H14+1) -> 13 | I15: 30 | L15: Probabilidades (%)
B16: =B15+1 -> 14 | C16: =IF(Cy!O17="","",Cy!O17) -> 0.42497041 | D16: =IF(E16="","",E16+D$3-E$3) -> 0.41922436 | E16: =IF(Cy!J17="","",Cy!J17) -> -0.11077564 | H16: =IF(I16="","",H15+1) -> 14 | I16: 30 | L16: Coeficientes | M16: Base | N16: Expo
B17: =B16+1 -> 15 | C17: =IF(Cy!O18="","",Cy!O18) -> 0.82259067 | D17: =IF(E17="","",E17+D$3-E$3) -> 0.81902807 | E17: =IF(Cy!J18="","",Cy!J18) -> 0.28902807 | H17: =IF(I17="","",H16+1) -> 15 | I17: 30 | M17: 6.847 | N17: -2.063
B18: =B17+1 -> 16 | C18: =IF(Cy!O19="","",Cy!O19) -> 0.07 | D18: =IF(E18="","",E18+D$3-E$3) -> 0.67530848 | E18: =IF(Cy!J19="","",Cy!J19) -> 0.14530848 | H18: =IF(I18="","",H17+1) -> 16 | I18: 30 | L18: Kelly (%) | M18: =Risk!$C$28 -> 38.428897 | N18: =IF(M18=0,100,100*M17*M18^N17/Q13) -> 0.32112629
B19: =B18+1 -> 17 | C19: =IF(Cy!O20="","",Cy!O20) -> 1.2336402 | D19: =IF(E19="","",E19+D$3-E$3) -> 0.95677142 | E19: =IF(Cy!J20="","",Cy!J20) -> 0.42677142 | H19: =IF(I19="","",H18+1) -> 17 | I19: 30 | L19: Hard Stop (%) | M19: =IF(I3="","",VLOOKUP(MAX(H3:H102),H3:I102,2,FALSE)) -> 30 | N19: =100*M17*M19^N17/Q13 -> 0.53520973
B20: =B19+1 -> 18 | C20: =IF(Cy!O21="","",Cy!O21) -> 0.25969466 | D20: =IF(E20="","",E20+D$3-E$3) -> 0.99508317 | E20: =IF(Cy!J21="","",Cy!J21) -> 0.46508317 | H20: =IF(I20="","",H19+1) -> 18 | I20: 30
B21: =B20+1 -> 19 | C21: =IF(Cy!O22="","",Cy!O22) -> 3.2096842 | D21: =IF(E21="","",E21+D$3-E$3) -> 1.0882009 | E21: =IF(Cy!J22="","",Cy!J22) -> 0.55820091 | H21: =IF(I21="","",H20+1) -> 19 | I21: 30
B22: =B21+1 -> 20 | C22: =IF(Cy!O23="","",Cy!O23) -> 3.0804545 | D22: =IF(E22="","",E22+D$3-E$3) -> 1.2455067 | E22: =IF(Cy!J23="","",Cy!J23) -> 0.7155067 | H22: =IF(I22="","",H21+1) -> 20 | I22: 30
B23: =B22+1 -> 21 | C23: =IF(Cy!O24="","",Cy!O24) -> 0.38827795 | D23: =IF(E23="","",E23+D$3-E$3) -> 0.97128642 | E23: =IF(Cy!J24="","",Cy!J24) -> 0.44128642 | H23: =IF(I23="","",H22+1) -> 21 | I23: 30
B24: =B23+1 -> 22 | C24: =IF(Cy!O25="","",Cy!O25) -> 0.064067797 | D24: =IF(E24="","",E24+D$3-E$3) -> 0.90194429 | E24: =IF(Cy!J25="","",Cy!J25) -> 0.37194429 | H24: =IF(I24="","",H23+1) -> 22 | I24: 30
B25: =B24+1 -> 23 | C25: =IF(Cy!O26="","",Cy!O26) -> 5.58 | D25: =IF(E25="","",E25+D$3-E$3) -> 1.188614 | E25: =IF(Cy!J26="","",Cy!J26) -> 0.65861404 | F25: 38.43 | G25: 0.321 | H25: =IF(I25="","",H24+1) -> 23 | I25: 30 | J25: 0.535
B26: =B25+1 -> 24 | C26: =IF(Cy!O27="","",Cy!O27) | D26: =IF(E26="","",E26+D$3-E$3) | E26: =IF(Cy!J27="","",Cy!J27) | H26: =IF(I26="","",H25+1)
B27: =B26+1 -> 25 | C27: =IF(Cy!O28="","",Cy!O28) | D27: =IF(E27="","",E27+D$3-E$3) | E27: =IF(Cy!J28="","",Cy!J28) | H27: =IF(I27="","",H26+1)
B28: =B27+1 -> 26 | C28: =IF(Cy!O29="","",Cy!O29) | D28: =IF(E28="","",E28+D$3-E$3) | E28: =IF(Cy!J29="","",Cy!J29) | H28: =IF(I28="","",H27+1)
B29: =B28+1 -> 27 | C29: =IF(Cy!O30="","",Cy!O30) | D29: =IF(E29="","",E29+D$3-E$3) | E29: =IF(Cy!J30="","",Cy!J30) | H29: =IF(I29="","",H28+1)
B30: =B29+1 -> 28 | C30: =IF(Cy!O31="","",Cy!O31) | D30: =IF(E30="","",E30+D$3-E$3) | E30: =IF(Cy!J31="","",Cy!J31) | H30: =IF(I30="","",H29+1)
B31: =B30+1 -> 29 | C31: =IF(Cy!O32="","",Cy!O32) | D31: =IF(E31="","",E31+D$3-E$3) | E31: =IF(Cy!J32="","",Cy!J32) | H31: =IF(I31="","",H30+1)
B32: =B31+1 -> 30 | C32: =IF(Cy!O33="","",Cy!O33) | D32: =IF(E32="","",E32+D$3-E$3) | E32: =IF(Cy!J33="","",Cy!J33) | H32: =IF(I32="","",H31+1)
B33: =B32+1 -> 31 | C33: =IF(Cy!O34="","",Cy!O34) | D33: =IF(E33="","",E33+D$3-E$3) | E33: =IF(Cy!J34="","",Cy!J34) | H33: =IF(I33="","",H32+1)
B34: =B33+1 -> 32 | C34: =IF(Cy!O35="","",Cy!O35) | D34: =IF(E34="","",E34+D$3-E$3) | E34: =IF(Cy!J35="","",Cy!J35) | H34: =IF(I34="","",H33+1)
B35: =B34+1 -> 33 | C35: =IF(Cy!O36="","",Cy!O36) | D35: =IF(E35="","",E35+D$3-E$3) | E35: =IF(Cy!J36="","",Cy!J36) | H35: =IF(I35="","",H34+1)
B36: =B35+1 -> 34 | C36: =IF(Cy!O37="","",Cy!O37) | D36: =IF(E36="","",E36+D$3-E$3) | E36: =IF(Cy!J37="","",Cy!J37) | H36: =IF(I36="","",H35+1)
B37: =B36+1 -> 35 | C37: =IF(Cy!O38="","",Cy!O38) | D37: =IF(E37="","",E37+D$3-E$3) | E37: =IF(Cy!J38="","",Cy!J38) | H37: =IF(I37="","",H36+1)
... B102: =B101+1 -> 100 | C102: =IF(Cy!O103="","",Cy!O103) | D102: =IF(E102="","",E102+D$3-E$3) | E102: =IF(Cy!J103="","",Cy!J103) | H102: =IF(I102="","",H101+1)

Sheet Risk
B2: Quadro Resumo (CLog) | N2: Por operação
B3: Saldo Inicial | C3: =CLog!$X$4 -> 33112.58 | N3: %CAR | O3: Ganho | P3: Perda | Q3: %Payoff
B4: $Ac | C4: =CLog!X5 -> 1273.54 | N4: 1 | O4: =IF(L$27="","",1+L$27*N4/100) -> 1.0273799 | P4: =IF(O4="","",1-N4/100) -> 0.99 | Q4: =IF(O4="","",100*(O4^(L$28/100)*P4^((100-L$28)/100)-1)) -> 2.0779158
B5: Saldo Atual | C5: =CLog!X6 -> 34386.12 | N5: =N4+1 -> 2 | O5: =IF(L$27="","",1+L$27*N5/100) -> 1.0547599 | P5: =IF(O5="","",1-N5/100) -> 0.98 | Q5: =IF(O5="","",100*(O5^(L$28/100)*P5^((100-L$28)/100)-1)) -> 4.1360219
B6: =CLog!W13 -> Ganhos | C6: =CLog!X13 -> 19 | N6: =N5+1 -> 3 | O6: =IF(L$27="","",1+L$27*N6/100) -> 1.0821398 | P6: =IF(O6="","",1-N6/100) -> 0.97 | Q6: =IF(O6="","",100*(O6^(L$28/100)*P6^((100-L$28)/100)-1)) -> 6.1745614
B7: =CLog!W14 -> Perdas | C7: =CLog!X14 -> 4 | N7: =N6+1 -> 4 | O7: =IF(L$27="","",1+L$27*N7/100) -> 1.1095197 | P7: =IF(O7="","",1-N7/100) -> 0.96 | Q7: =IF(O7="","",100*(O7^(L$28/100)*P7^((100-L$28)/100)-1)) -> 8.1937551
B8: =CLog!W15 -> Operações | C8: =CLog!X15 -> 23 | N8: =N7+1 -> 5 | O8: =IF(L$27="","",1+L$27*N8/100) -> 1.1368997 | P8: =IF(O8="","",1-N8/100) -> 0.95 | Q8: =IF(O8="","",100*(O8^(L$28/100)*P8^((100-L$28)/100)-1)) -> 10.193804
B9: =CLog!W16 -> WinP | C9: =CLog!X16 -> 0.82608696 | N9: =N8+1 -> 6 | O9: =IF(L$27="","",1+L$27*N9/100) -> 1.1642796 | P9: =IF(O9="","",1-N9/100) -> 0.94 | Q9: =IF(O9="","",100*(O9^(L$28/100)*P9^((100-L$28)/100)-1)) -> 12.174888
B10: =CLog!W17 -> CAR | C10: =CLog!X17 -> 26.52 | N10: =N9+1 -> 7 | O10: =IF(L$27="","",1+L$27*N10/100) -> 1.1916595 | P10: =IF(O10="","",1-N10/100) -> 0.93 | Q10: =IF(O10="","",100*(O10^(L$28/100)*P10^((100-L$28)/100)-1)) -> 14.137171
C11: =CLog!X18 -> 0.00080090407 | N11: =N10+1 -> 8 | O11: =IF(L$27="","",1+L$27*N11/100) -> 1.2190395 | P11: =IF(O11="","",1-N11/100) -> 0.92 | Q11: =IF(O11="","",100*(O11^(L$28/100)*P11^((100-L$28)/100)-1)) -> 16.080797
B12: =CLog!W19 -> FL | C12: =CLog!X19 -> 2.7379932 | N12: =N11+1 -> 9 | O12: =IF(L$27="","",1+L$27*N12/100) -> 1.2464194 | P12: =IF(O12="","",1-N12/100) -> 0.91 | Q12: =IF(O12="","",100*(O12^(L$28/100)*P12^((100-L$28)/100)-1)) -> 18.005896
B13: Kelly % | C13: =IF(C9="","",IF(C12="","",IF(C9-(1-C9)/C12<0,0,100*(C9-(1-C9)/C12)))) -> 76.256852 | N13: =N12+1 -> 10 | O13: =IF(L$27="","",1+L$27*N13/100) -> 1.2737993 | P13: =IF(O13="","",1-N13/100) -> 0.9 | Q13: =IF(O13="","",100*(O13^(L$28/100)*P13^((100-L$28)/100)-1)) -> 19.912581
N14: =N13+1 -> 11 | O14: =IF(L$27="","",1+L$27*N14/100) -> 1.3011792 | P14: =IF(O14="","",1-N14/100) -> 0.89 | Q14: =IF(O14="","",100*(O14^(L$28/100)*P14^((100-L$28)/100)-1)) -> 21.800949
B15: Payoff (% por ciclo) | N15: =N14+1 -> 12 | O15: =IF(L$27="","",1+L$27*N15/100) -> 1.3285592 | P15: =IF(O15="","",1-N15/100) -> 0.88 | Q15: =IF(O15="","",100*(O15^(L$28/100)*P15^((100-L$28)/100)-1)) -> 23.671084
B16: CLog "ideal" | D16: x | N16: =N15+1 -> 13 | O16: =IF(L$27="","",1+L$27*N16/100) -> 1.3559391 | P16: =IF(O16="","",1-N16/100) -> 0.87 | Q16: =IF(O16="","",100*(O16^(L$28/100)*P16^((100-L$28)/100)-1)) -> 25.523056
B17: CyHS "ideal" | C17: =IF(C28="","",100*((1+C23/100)^((100-DDCy!$N$18)/100)*(1-C28/100)^(DDCy!$N$18/100)-1)) -> 0.10619136 | D17: x | N17: =N16+1 -> 14 | O17: =IF(L$27="","",1+L$27*N17/100) -> 1.383319 | P17: =IF(O17="","",1-N17/100) -> 0.86 | Q17: =IF(O17="","",100*(O17^(L$28/100)*P17^((100-L$28)/100)-1)) -> 27.35692
B18: Com HS atual | C18: =IF(C24="","",100*((1+C23/100)^(C26/100)*(1-C24/100)^((100-C26)/100)-1)) -> 0.070440511 | N18: =N17+1 -> 15 | O18: =IF(L$27="","",1+L$27*N18/100) -> 1.410699 | P18: =IF(O18="","",1-N18/100) -> 0.85 | Q18: =IF(O18="","",100*(O18^(L$28/100)*P18^((100-L$28)/100)-1)) -> 29.172718
B19: Hard Stop (%) | C19: 30 | N19: =N18+1 -> 16 | O19: =IF(L$27="","",1+L$27*N19/100) -> 1.4380789 | P19: =IF(O19="","",1-N19/100) -> 0.84 | Q19: =IF(O19="","",100*(O19^(L$28/100)*P19^((100-L$28)/100)-1)) -> 30.970482
B20: Payoff (%) | C20: =IF(C19="","",100*((1+C23/100)^(C26/100)*(1-C19/100)^((100-C26)/100)-1)) -> 0.070440511 | D20: x | E20: =IF(L26="CLog","Perfil de risco de Clog (não analisa drawdown)",IF(L26="CyHS","Perfil de risco de Cycle HS",IF(L26="Sim","Perfil de risco de operações hipotéticas","Gráfico de perfil de risco"))) -> Perfil de risco de Clog (não analisa drawdown) | F20: =IF(B26="x",IF(C27="",#REF!,""),IF(C27="x",IF(B26="",#REF!,""),"")) | G20: =IF(#REF!="x",IF(G28="",#REF!,""),IF(G28="x",IF(#REF!="",#REF!,""),"")) -> #REF! | H20: =IF(C26="x",IF(H23="",#REF!,""),IF(H23="x",IF(C26="",#REF!,""),"")) | I20: =IF(#REF!="x",IF(I23="",#REF!,""),IF(I23="x",IF(#REF!="",#REF!,""),"")) -> #REF! | K20: =IF(#REF!="x",IF(K23="",#REF!,""),IF(K23="x",IF(#REF!="",#REF!,""),"")) -> #REF! | L20: =IF(#REF!="x",IF(L23="",#REF!,""),IF(L23="x",IF(#REF!="",#REF!,""),"")) -> #REF! | N20: =N19+1 -> 17 | O20: =IF(L$27="","",1+L$27*N20/100) -> 1.4654588 | P20: =IF(O20="","",1-N20/100) -> 0.83 | Q20: =IF(O20="","",100*(O20^(L$28/100)*P20^((100-L$28)/100)-1)) -> 32.750227
N21: =N20+1 -> 18 | O21: =IF(L$27="","",1+L$27*N21/100) -> 1.4928388 | P21: =IF(O21="","",1-N21/100) -> 0.82 | Q21: =IF(O21="","",100*(O21^(L$28/100)*P21^((100-L$28)/100)-1)) -> 34.511959
B22: Cycle HS Risk (CyHS) | N22: =N21+1 -> 19 | O22: =IF(L$27="","",1+L$27*N22/100) -> 1.5202187 | P22: =IF(O22="","",1-N22/100) -> 0.81 | Q22: =IF(O22="","",100*(O22^(L$28/100)*P22^((100-L$28)/100)-1)) -> 36.25567
B23: Cycle Avg % | C23: =Cy!$Z$2 -> 0.26306311 | E23: Simulações (Sim) | N23: =N22+1 -> 20 | O23: =IF(L$27="","",1+L$27*N23/100) -> 1.5475986 | P23: =IF(O23="","",1-N23/100) -> 0.8 | Q23: =IF(O23="","",100*(O23^(L$28/100)*P23^((100-L$28)/100)-1)) -> 37.981342
B24: Hard Stop % | C24: =DDCy!$M$19 -> 30 | E24: Ganho ($ ou %) | F24: 1 | H24: Ideais por ciclo | N24: =N23+1 -> 21 | O24: =IF(L$27="","",1+L$27*N24/100) -> 1.5749786 | P24: =IF(O24="","",1-N24/100) -> 0.79 | Q24: =IF(O24="","",100*(O24^(L$28/100)*P24^((100-L$28)/100)-1)) -> 39.688942
B25: H Stop Prob % | C25: =DDCy!$N$19 -> 0.53520973 | E25: Perda ($ ou %) | F25: 1 | H25: Capital em risco | I25: =IF(L27="","",IF(L28="","",IF(L27<0,0,IF(L28/100-(1-L28/100)/L27<0,0,L28/100-(1-L28/100)/L27)))) -> 0.76256852 | K25: Gráfico | N25: =N24+1 -> 22 | O25: =IF(L$27="","",1+L$27*N25/100) -> 1.6023585 | P25: =IF(O25="","",1-N25/100) -> 0.78 | Q25: =IF(O25="","",100*(O25^(L$28/100)*P25^((100-L$28)/100)-1)) -> 41.378429
B26: Win % | C26: =IF(C25="","",100-C25) -> 99.46479 | E26: Win % | F26: 60 | I26: =IF(I25="","",IF(C5="",IF(C3="","",C3*I25),C5*I25)) -> 26221.773 | K26: Opção | L26: Clog | N26: =N25+1 -> 23 | O26: =IF(L$27="","",1+L$27*N26/100) -> 1.6297384 | P26: =IF(O26="","",1-N26/100) -> 0.77 | Q26: =IF(O26="","",100*(O26^(L$28/100)*P26^((100-L$28)/100)-1)) -> 43.049746
B27: FL | C27: =IF(C23="","",IF(C24="","",IF(C26="","",C23/C24))) -> 0.0087687704 | E27: FL | F27: =IF(F24="","",IF(F25="","",IF(F26="","",F24/F25))) -> 1 | H27: Payoff | I27: =IF(L27="","",IF(MAX(Q4:Q103)<0,0,MAX(Q4:Q103)/100)) -> 0.97650497 | K27: FL | L27: =IF(L26="CLog",C12,IF(L26="CyHS",C27,IF(L26="Sim",F27,""))) -> 2.7379932 | N27: =N26+1 -> 24 | O27: =IF(L$27="","",1+L$27*N27/100) -> 1.6571184 | P27: =IF(O27="","",1-N27/100) -> 0.76 | Q27: =IF(O27="","",100*(O27^(L$28/100)*P27^((100-L$28)/100)-1)) -> 44.702828
B28: Kelly % | C28: =IF(C26="","",IF(C27="","",IF(C23<0,0,IF(100*((C26/100)-(1-C26/100)/C27)<0,0,100*((C26/100)-(1-C26/100)/C27))))) -> 38.428897 | E28: Kelly % | F28: =IF(F26="","",IF(F27="","",IF(100*((F26/100)-(1-F26/100)/F27)<0,0,100*((F26/100)-(1-F26/100)/F27)))) -> 20 | I28: =IF(I27="","",IF(C5="",IF(C3="","",C3*I27),C5*I27)) -> 33578.217 | K28: WinP | L28: =IF(L26="CLog",100*C9,IF(L26="CyHS",C26,IF(L26="Sim",F26,""))) -> 82.608696 | N28: =N27+1 -> 25 | O28: =IF(L$27="","",1+L$27*N28/100) -> 1.6844983 | P28: =IF(O28="","",1-N28/100) -> 0.75 | Q28: =IF(O28="","",100*(O28^(L$28/100)*P28^((100-L$28)/100)-1)) -> 46.337595
N29: =N28+1 -> 26 | O29: =IF(L$27="","",1+L$27*N29/100) -> 1.7118782 | P29: =IF(O29="","",1-N29/100) -> 0.74 | Q29: =IF(O29="","",100*(O29^(L$28/100)*P29^((100-L$28)/100)-1)) -> 47.953956
N30: =N29+1 -> 27 | O30: =IF(L$27="","",1+L$27*N30/100) -> 1.7392582 | P30: =IF(O30="","",1-N30/100) -> 0.73 | Q30: =IF(O30="","",100*(O30^(L$28/100)*P30^((100-L$28)/100)-1)) -> 49.551808
N31: =N30+1 -> 28 | O31: =IF(L$27="","",1+L$27*N31/100) -> 1.7666381 | P31: =IF(O31="","",1-N31/100) -> 0.72 | Q31: =IF(O31="","",100*(O31^(L$28/100)*P31^((100-L$28)/100)-1)) -> 51.131036
N32: =N31+1 -> 29 | O32: =IF(L$27="","",1+L$27*N32/100) -> 1.794018 | P32: =IF(O32="","",1-N32/100) -> 0.71 | Q32: =IF(O32="","",100*(O32^(L$28/100)*P32^((100-L$28)/100)-1)) -> 52.691512
N33: =N32+1 -> 30 | O33: =IF(L$27="","",1+L$27*N33/100) -> 1.821398 | P33: =IF(O33="","",1-N33/100) -> 0.7 | Q33: =IF(O33="","",100*(O33^(L$28/100)*P33^((100-L$28)/100)-1)) -> 54.233095
N34: =N33+1 -> 31 | O34: =IF(L$27="","",1+L$27*N34/100) -> 1.8487779 | P34: =IF(O34="","",1-N34/100) -> 0.69 | Q34: =IF(O34="","",100*(O34^(L$28/100)*P34^((100-L$28)/100)-1)) -> 55.755631
N35: =N34+1 -> 32 | O35: =IF(L$27="","",1+L$27*N35/100) -> 1.8761578 | P35: =IF(O35="","",1-N35/100) -> 0.68 | Q35: =IF(O35="","",100*(O35^(L$28/100)*P35^((100-L$28)/100)-1)) -> 57.258951
N36: =N35+1 -> 33 | O36: =IF(L$27="","",1+L$27*N36/100) -> 1.9035377 | P36: =IF(O36="","",1-N36/100) -> 0.67 | Q36: =IF(O36="","",100*(O36^(L$28/100)*P36^((100-L$28)/100)-1)) -> 58.742875
N37: =N36+1 -> 34 | O37: =IF(L$27="","",1+L$27*N37/100) -> 1.9309177 | P37: =IF(O37="","",1-N37/100) -> 0.66 | Q37: =IF(O37="","",100*(O37^(L$28/100)*P37^((100-L$28)/100)-1)) -> 60.207207
N38: =N37+1 -> 35 | O38: =IF(L$27="","",1+L$27*N38/100) -> 1.9582976 | P38: =IF(O38="","",1-N38/100) -> 0.65 | Q38: =IF(O38="","",100*(O38^(L$28/100)*P38^((100-L$28)/100)-1)) -> 61.651737
N39: =N38+1 -> 36 | O39: =IF(L$27="","",1+L$27*N39/100) -> 1.9856775 | P39: =IF(O39="","",1-N39/100) -> 0.64 | Q39: =IF(O39="","",100*(O39^(L$28/100)*P39^((100-L$28)/100)-1)) -> 63.076237
N40: =N39+1 -> 37 | O40: =IF(L$27="","",1+L$27*N40/100) -> 2.0130575 | P40: =IF(O40="","",1-N40/100) -> 0.63 | Q40: =IF(O40="","",100*(O40^(L$28/100)*P40^((100-L$28)/100)-1)) -> 64.480466
... N103: =N102+1 -> 100 | O103: =IF(L$27="","",1+L$27*N103/100) -> 3.7379932 | P103: =IF(O103="","",1-N103/100) -> 0 | Q103: =IF(O103="","",100*(O103^(L$28/100)*P103^((100-L$28)/100)-1)) -> -100

Sheet CRes
A1: Data | B1: Depósito | C1: Principal | D1: Balanço | E1: $ Bal | F1: $ Bal Ac | G1: % Bal | H1: % Bal Ac | I1: Pos.Liq. | J1: $ Liq | K1: $ Liq Ac | L1: % Liq | M1: % Liq Ac | N1: $ Aberto | O1: Obs.
A2: =IF(Cy!C3="","",Cy!C3) -> 42737 | C2: 33112.58 | D2: =IF(Cy!G3="","",Cy!G3) -> 33112.58 | I2: =D2 -> 33112.58
A3: =IF(Cy!C4="","",Cy!C4) -> 42737 | B3: 0 | C3: =IF(B3="","",C2+B3) -> 33112.58 | D3: =IF(Cy!G4="","",Cy!G4) -> 33089.15 | E3: =IF(B3="","",IF(D3="","",D3-D2-B3)) -> -23.43 | F3: =IF(E3="","",F2+E3) -> -23.43 | G3: =IF(E3="","",100*E3/(D2+0.5*B3)) -> -0.070758606 | H3: =IF(F3="","",100*F3/C3) -> -0.070758606 | I3: =D3 -> 33089.15 | J3: =IF(B3="","",IF(I3="","",I3-I2-B3)) -> -23.43 | K3: =IF(J3="","",K2+J3) -> -23.43 | L3: =IF(J3="","",100*J3/(I2+0.5*B3)) -> -0.070758606 | M3: =IF(K3="","",100*K3/C3) -> -0.070758606 | N3: =IF(D3="","",IF(I3="","",I3-D3)) -> 0
A4: =IF(Cy!C5="","",Cy!C5) -> 42738 | B4: 0 | C4: =IF(B4="","",C3+B4) -> 33112.58 | D4: =IF(Cy!G5="","",Cy!G5) -> 33103.34 | E4: =IF(B4="","",IF(D4="","",D4-D3-B4)) -> 14.19 | F4: =IF(E4="","",F3+E4) -> -9.24 | G4: =IF(E4="","",100*E4/(D3+0.5*B4)) -> 0.042884148 | H4: =IF(F4="","",100*F4/C4) -> -0.027904802 | I4: =D4 -> 33103.34 | J4: =IF(B4="","",IF(I4="","",I4-I3-B4)) -> 14.19 | K4: =IF(J4="","",K3+J4) -> -9.24 | L4: =IF(J4="","",100*J4/(I3+0.5*B4)) -> 0.042884148 | M4: =IF(K4="","",100*K4/C4) -> -0.027904802 | N4: =IF(D4="","",IF(I4="","",I4-D4)) -> 0
A5: =IF(Cy!C6="","",Cy!C6) | B5: 0 | C5: =IF(B5="","",C4+B5) -> 33112.58 | D5: =IF(Cy!G6="","",Cy!G6) -> 33130.73 | E5: =IF(B5="","",IF(D5="","",D5-D4-B5)) -> 27.39 | F5: =IF(E5="","",F4+E5) -> 18.15 | G5: =IF(E5="","",100*E5/(D4+0.5*B5)) -> 0.082740896 | H5: =IF(F5="","",100*F5/C5) -> 0.054813005 | I5: =D5 -> 33130.73 | J5: =IF(B5="","",IF(I5="","",I5-I4-B5)) -> 27.39 | K5: =IF(J5="","",K4+J5) -> 18.15 | L5: =IF(J5="","",100*J5/(I4+0.5*B5)) -> 0.082740896 | M5: =IF(K5="","",100*K5/C5) -> 0.054813005 | N5: =IF(D5="","",IF(I5="","",I5-D5)) -> 0
A6: =IF(Cy!C7="","",Cy!C7) -> 42740 | B6: 0 | C6: =IF(B6="","",C5+B6) -> 33112.58 | D6: =IF(Cy!G7="","",Cy!G7) -> 33084.86 | E6: =IF(B6="","",IF(D6="","",D6-D5-B6)) -> -45.87 | F6: =IF(E6="","",F5+E6) -> -27.72 | G6: =IF(E6="","",100*E6/(D5+0.5*B6)) -> -0.13845152 | H6: =IF(F6="","",100*F6/C6) -> -0.083714407 | I6: =D6 -> 33084.86 | J6: =IF(B6="","",IF(I6="","",I6-I5-B6)) -> -45.87 | K6: =IF(J6="","",K5+J6) -> -27.72 | L6: =IF(J6="","",100*J6/(I5+0.5*B6)) -> -0.13845152 | M6: =IF(K6="","",100*K6/C6) -> -0.083714407 | N6: =IF(D6="","",IF(I6="","",I6-D6)) -> 0
A7: =IF(Cy!C8="","",Cy!C8) -> 42741 | B7: 0 | C7: =IF(B7="","",C6+B7) -> 33112.58 | D7: =IF(Cy!G8="","",Cy!G8) -> 33149.65 | E7: =IF(B7="","",IF(D7="","",D7-D6-B7)) -> 64.79 | F7: =IF(E7="","",F6+E7) -> 37.07 | G7: =IF(E7="","",100*E7/(D6+0.5*B7)) -> 0.19582975 | H7: =IF(F7="","",100*F7/C7) -> 0.11195141 | I7: =D7 -> 33149.65 | J7: =IF(B7="","",IF(I7="","",I7-I6-B7)) -> 64.79 | K7: =IF(J7="","",K6+J7) -> 37.07 | L7: =IF(J7="","",100*J7/(I6+0.5*B7)) -> 0.19582975 | M7: =IF(K7="","",100*K7/C7) -> 0.11195141 | N7: =IF(D7="","",IF(I7="","",I7-D7)) -> 0 | O7: Resultado até bom, considerando que, em dia de NFP, esqueci de considerar a tendência do dia e entrei contra ela
A8: =IF(Cy!C9="","",Cy!C9) -> 42744 | B8: 0 | C8: =IF(B8="","",C7+B8) -> 33112.58 | D8: =IF(Cy!G9="","",Cy!G9) -> 33204.63 | E8: =IF(B8="","",IF(D8="","",D8-D7-B8)) -> 54.98 | F8: =IF(E8="","",F7+E8) -> 92.05 | G8: =IF(E8="","",100*E8/(D7+0.5*B8)) -> 0.16585394 | H8: =IF(F8="","",100*F8/C8) -> 0.27799102 | I8: =D8 -> 33204.63 | J8: =IF(B8="","",IF(I8="","",I8-I7-B8)) -> 54.98 | K8: =IF(J8="","",K7+J8) -> 92.05 | L8: =IF(J8="","",100*J8/(I7+0.5*B8)) -> 0.16585394 | M8: =IF(K8="","",100*K8/C8) -> 0.27799102 | N8: =IF(D8="","",IF(I8="","",I8-D8)) -> 0
A9: =IF(Cy!C10="","",Cy!C10) -> 42745 | B9: 0 | C9: =IF(B9="","",C8+B9) -> 33112.58 | D9: =IF(Cy!G10="","",Cy!G10) -> 33237.3 | E9: =IF(B9="","",IF(D9="","",D9-D8-B9)) -> 32.67 | F9: =IF(E9="","",F8+E9) -> 124.72 | G9: =IF(E9="","",100*E9/(D8+0.5*B9)) -> 0.098389893 | H9: =IF(F9="","",100*F9/C9) -> 0.37665443 | I9: =D9 -> 33237.3 | J9: =IF(B9="","",IF(I9="","",I9-I8-B9)) -> 32.67 | K9: =IF(J9="","",K8+J9) -> 124.72 | L9: =IF(J9="","",100*J9/(I8+0.5*B9)) -> 0.098389893 | M9: =IF(K9="","",100*K9/C9) -> 0.37665443 | N9: =IF(D9="","",IF(I9="","",I9-D9)) -> 0
A10: =IF(Cy!C11="","",Cy!C11) -> 42746 | B10: 0 | C10: =IF(B10="","",C9+B10) -> 33112.58 | D10: =IF(Cy!G11="","",Cy!G11) -> 33246.66 | E10: =IF(B10="","",IF(D10="","",D10-D9-B10)) -> 9.36 | F10: =IF(E10="","",F9+E10) -> 134.08 | G10: =IF(E10="","",100*E10/(D9+0.5*B10)) -> 0.028161132 | H10: =IF(F10="","",100*F10/C10) -> 0.40492163 | I10: =D10 -> 33246.66 | J10: =IF(B10="","",IF(I10="","",I10-I9-B10)) -> 9.36 | K10: =IF(J10="","",K9+J10) -> 134.08 | L10: =IF(J10="","",100*J10/(I9+0.5*B10)) -> 0.028161132 | M10: =IF(K10="","",100*K10/C10) -> 0.40492163 | N10: =IF(D10="","",IF(I10="","",I10-D10)) -> 0
A11: =IF(Cy!C12="","",Cy!C12) -> 42747 | B11: 0 | C11: =IF(B11="","",C10+B11) -> 33112.58 | D11: =IF(Cy!G12="","",Cy!G12) -> 33272.88 | E11: =IF(B11="","",IF(D11="","",D11-D10-B11)) -> 26.22 | F11: =IF(E11="","",F10+E11) -> 160.3 | G11: =IF(E11="","",100*E11/(D10+0.5*B11)) -> 0.078865065 | H11: =IF(F11="","",100*F11/C11) -> 0.48410604 | I11: =D11 -> 33272.88 | J11: =IF(B11="","",IF(I11="","",I11-I10-B11)) -> 26.22 | K11: =IF(J11="","",K10+J11) -> 160.3 | L11: =IF(J11="","",100*J11/(I10+0.5*B11)) -> 0.078865065 | M11: =IF(K11="","",100*K11/C11) -> 0.48410604 | N11: =IF(D11="","",IF(I11="","",I11-D11)) -> 0
A12: =IF(Cy!C13="","",Cy!C13) -> 42748 | B12: 0 | C12: =IF(B12="","",C11+B12) -> 33112.58 | D12: =IF(Cy!G13="","",Cy!G13) -> 33293.94 | E12: =IF(B12="","",IF(D12="","",D12-D11-B12)) -> 21.06 | F12: =IF(E12="","",F11+E12) -> 181.36 | G12: =IF(E12="","",100*E12/(D11+0.5*B12)) -> 0.063294791 | H12: =IF(F12="","",100*F12/C12) -> 0.54770725 | I12: =D12 -> 33293.94 | J12: =IF(B12="","",IF(I12="","",I12-I11-B12)) -> 21.06 | K12: =IF(J12="","",K11+J12) -> 181.36 | L12: =IF(J12="","",100*J12/(I11+0.5*B12)) -> 0.063294791 | M12: =IF(K12="","",100*K12/C12) -> 0.54770725 | N12: =IF(D12="","",IF(I12="","",I12-D12)) -> 0
A13: =IF(Cy!C14="","",Cy!C14) | B13: 0 | C13: =IF(B13="","",C12+B13) -> 33112.58 | D13: =IF(Cy!G14="","",Cy!G14) -> 33273.66 | E13: =IF(B13="","",IF(D13="","",D13-D12-B13)) -> -20.28 | F13: =IF(E13="","",F12+E13) -> 161.08 | G13: =IF(E13="","",100*E13/(D12+0.5*B13)) -> -0.060911986 | H13: =IF(F13="","",100*F13/C13) -> 0.48646164 | I13: =D13 -> 33273.66 | J13: =IF(B13="","",IF(I13="","",I13-I12-B13)) -> -20.28 | K13: =IF(J13="","",K12+J13) -> 161.08 | L13: =IF(J13="","",100*J13/(I12+0.5*B13)) -> -0.060911986 | M13: =IF(K13="","",100*K13/C13) -> 0.48646164 | N13: =IF(D13="","",IF(I13="","",I13-D13)) -> 0
A14: =IF(Cy!C15="","",Cy!C15) -> 42751 | B14: 0 | C14: =IF(B14="","",C13+B14) -> 33112.58 | D14: =IF(Cy!G15="","",Cy!G15) -> 33285.26 | E14: =IF(B14="","",IF(D14="","",D14-D13-B14)) -> 11.6 | F14: =IF(E14="","",F13+E14) -> 172.68 | G14: =IF(E14="","",100*E14/(D13+0.5*B14)) -> 0.034862411 | H14: =IF(F14="","",100*F14/C14) -> 0.52149364 | I14: =D14 -> 33285.26 | J14: =IF(B14="","",IF(I14="","",I14-I13-B14)) -> 11.6 | K14: =IF(J14="","",K13+J14) -> 172.68 | L14: =IF(J14="","",100*J14/(I13+0.5*B14)) -> 0.034862411 | M14: =IF(K14="","",100*K14/C14) -> 0.52149364 | N14: =IF(D14="","",IF(I14="","",I14-D14)) -> 0
A15: =IF(Cy!C16="","",Cy!C16) -> 42752 | B15: 0 | C15: =IF(B15="","",C14+B15) -> 33112.58 | D15: =IF(Cy!G16="","",Cy!G16) -> 33315.38 | E15: =IF(B15="","",IF(D15="","",D15-D14-B15)) -> 30.12 | F15: =IF(E15="","",F14+E15) -> 202.8 | G15: =IF(E15="","",100*E15/(D14+0.5*B15)) -> 0.090490505 | H15: =IF(F15="","",100*F15/C15) -> 0.61245605 | I15: =D15 -> 33315.38 | J15: =IF(B15="","",IF(I15="","",I15-I14-B15)) -> 30.12 | K15: =IF(J15="","",K14+J15) -> 202.8 | L15: =IF(J15="","",100*J15/(I14+0.5*B15)) -> 0.090490505 | M15: =IF(K15="","",100*K15/C15) -> 0.61245605 | N15: =IF(D15="","",IF(I15="","",I15-D15)) -> 0
A16: =IF(Cy!C17="","",Cy!C17) -> 42753 | B16: 0 | C16: =IF(B16="","",C15+B16) -> 33112.58 | D16: =IF(Cy!G17="","",Cy!G17) -> 33298.88 | E16: =IF(B16="","",IF(D16="","",D16-D15-B16)) -> -16.5 | F16: =IF(E16="","",F15+E16) -> 186.3 | G16: =IF(E16="","",100*E16/(D15+0.5*B16)) -> -0.049526675 | H16: =IF(F16="","",100*F16/C16) -> 0.56262605 | I16: =D16 -> 33298.88 | J16: =IF(B16="","",IF(I16="","",I16-I15-B16)) -> -16.5 | K16: =IF(J16="","",K15+J16) -> 186.3 | L16: =IF(J16="","",100*J16/(I15+0.5*B16)) -> -0.049526675 | M16: =IF(K16="","",100*K16/C16) -> 0.56262605 | N16: =IF(D16="","",IF(I16="","",I16-D16)) -> 0 | O16: Entrei contra a tendência do dia de novo. Atitude mental inadequada - medo do arrastão (a tendência maior)
A17: =IF(Cy!C18="","",Cy!C18) -> 42754 | B17: 0 | C17: =IF(B17="","",C16+B17) -> 33112.58 | D17: =IF(Cy!G18="","",Cy!G18) -> 33348.02 | E17: =IF(B17="","",IF(D17="","",D17-D16-B17)) -> 49.14 | F17: =IF(E17="","",F16+E17) -> 235.44 | G17: =IF(E17="","",100*E17/(D16+0.5*B17)) -> 0.14757253 | H17: =IF(F17="","",100*F17/C17) -> 0.71102886 | I17: =D17 -> 33348.02 | J17: =IF(B17="","",IF(I17="","",I17-I16-B17)) -> 49.14 | K17: =IF(J17="","",K16+J17) -> 235.44 | L17: =IF(J17="","",100*J17/(I16+0.5*B17)) -> 0.14757253 | M17: =IF(K17="","",100*K17/C17) -> 0.71102886 | N17: =IF(D17="","",IF(I17="","",I17-D17)) -> 0 | O17: Entrei na direção da tendência do dia (que era forte) mas fui apanhado num contrafluxo que atingiu seu objetivo
A18: =IF(Cy!C19="","",Cy!C19) -> 42758 | B18: 0 | C18: =IF(B18="","",C17+B18) -> 33112.58 | D18: =IF(Cy!G19="","",Cy!G19) -> 33375.71 | E18: =IF(B18="","",IF(D18="","",D18-D17-B18)) -> 27.69 | F18: =IF(E18="","",F17+E18) -> 263.13 | G18: =IF(E18="","",100*E18/(D17+0.5*B18)) -> 0.083033415 | H18: =IF(F18="","",100*F18/C18) -> 0.79465267 | I18: =D18 -> 33375.71 | J18: =IF(B18="","",IF(I18="","",I18-I17-B18)) -> 27.69 | K18: =IF(J18="","",K17+J18) -> 263.13 | L18: =IF(J18="","",100*J18/(I17+0.5*B18)) -> 0.083033415 | M18: =IF(K18="","",100*K18/C18) -> 0.79465267 | N18: =IF(D18="","",IF(I18="","",I18-D18)) -> 0
A19: =IF(Cy!C20="","",Cy!C20) -> 42759 | B19: 0 | C19: =IF(B19="","",C18+B19) -> 33112.58 | D19: =IF(Cy!G20="","",Cy!G20) -> 33465.77 | E19: =IF(B19="","",IF(D19="","",D19-D18-B19)) -> 90.06 | F19: =IF(E19="","",F18+E19) -> 353.19 | G19: =IF(E19="","",100*E19/(D18+0.5*B19)) -> 0.26983696 | H19: =IF(F19="","",100*F19/C19) -> 1.0666339 | I19: =D19 -> 33465.77 | J19: =IF(B19="","",IF(I19="","",I19-I18-B19)) -> 90.06 | K19: =IF(J19="","",K18+J19) -> 353.19 | L19: =IF(J19="","",100*J19/(I18+0.5*B19)) -> 0.26983696 | M19: =IF(K19="","",100*K19/C19) -> 1.0666339 | N19: =IF(D19="","",IF(I19="","",I19-D19)) -> 0 | O19: Arrastão de alta, entrei contra a tendência do dia, que era de baixa
A20: =IF(Cy!C21="","",Cy!C21) -> 42760 | B20: 0 | C20: =IF(B20="","",C19+B20) -> 33112.58 | D20: =IF(Cy!G21="","",Cy!G21) -> 33573.65 | E20: =IF(B20="","",IF(D20="","",D20-D19-B20)) -> 107.88 | F20: =IF(E20="","",F19+E20) -> 461.07 | G20: =IF(E20="","",100*E20/(D19+0.5*B20)) -> 0.32235923 | H20: =IF(F20="","",100*F20/C20) -> 1.3924315 | I20: =D20 -> 33573.65 | J20: =IF(B20="","",IF(I20="","",I20-I19-B20)) -> 107.88 | K20: =IF(J20="","",K19+J20) -> 461.07 | L20: =IF(J20="","",100*J20/(I19+0.5*B20)) -> 0.32235923 | M20: =IF(K20="","",100*K20/C20) -> 1.3924315 | N20: =IF(D20="","",IF(I20="","",I20-D20)) -> 0 | O20: Dia raro. Não levei um segundo para decidir que o lado era "compra"
A21: =IF(Cy!C22="","",Cy!C22) -> 42761 | B21: 0 | C21: =IF(B21="","",C20+B21) -> 33112.58 | D21: =IF(Cy!G22="","",Cy!G22) -> 33714.95 | E21: =IF(B21="","",IF(D21="","",D21-D20-B21)) -> 141.3 | F21: =IF(E21="","",F20+E21) -> 602.37 | G21: =IF(E21="","",100*E21/(D20+0.5*B21)) -> 0.42086577 | H21: =IF(F21="","",100*F21/C21) -> 1.8191576 | I21: =D21 -> 33714.95 | J21: =IF(B21="","",IF(I21="","",I21-I20-B21)) -> 141.3 | K21: =IF(J21="","",K20+J21) -> 602.37 | L21: =IF(J21="","",100*J21/(I20+0.5*B21)) -> 0.42086577 | M21: =IF(K21="","",100*K21/C21) -> 1.8191576 | N21: =IF(D21="","",IF(I21="","",I21-D21)) -> 0 | O21: Contra a tendência do dia
A22: =IF(Cy!C23="","",Cy!C23) -> 42762 | B22: 0 | C22: =IF(B22="","",C21+B22) -> 33112.58 | D22: =IF(Cy!G23="","",Cy!G23) -> 33911.51 | E22: =IF(B22="","",IF(D22="","",D22-D21-B22)) -> 196.56 | F22: =IF(E22="","",F21+E22) -> 798.93 | G22: =IF(E22="","",100*E22/(D21+0.5*B22)) -> 0.58300546 | H22: =IF(F22="","",100*F22/C22) -> 2.4127688 | I22: =D22 -> 33911.51 | J22: =IF(B22="","",IF(I22="","",I22-I21-B22)) -> 196.56 | K22: =IF(J22="","",K21+J22) -> 798.93 | L22: =IF(J22="","",100*J22/(I21+0.5*B22)) -> 0.58300546 | M22: =IF(K22="","",100*K22/C22) -> 2.4127688 | N22: =IF(D22="","",IF(I22="","",I22-D22)) -> 0
A23: =IF(Cy!C24="","",Cy!C24) -> 42765 | B23: 0 | C23: =IF(B23="","",C22+B23) -> 33112.58 | D23: =IF(Cy!G24="","",Cy!G24) -> 34042.55 | E23: =IF(B23="","",IF(D23="","",D23-D22-B23)) -> 131.04 | F23: =IF(E23="","",F22+E23) -> 929.97 | G23: =IF(E23="","",100*E23/(D22+0.5*B23)) -> 0.38641747 | H23: =IF(F23="","",100*F23/C23) -> 2.8085096 | I23: =D23 -> 34042.55 | J23: =IF(B23="","",IF(I23="","",I23-I22-B23)) -> 131.04 | K23: =IF(J23="","",K22+J23) -> 929.97 | L23: =IF(J23="","",100*J23/(I22+0.5*B23)) -> 0.38641747 | M23: =IF(K23="","",100*K23/C23) -> 2.8085096 | N23: =IF(D23="","",IF(I23="","",I23-D23)) -> 0
A24: =IF(Cy!C25="","",Cy!C25) -> 42767 | B24: 0 | C24: =IF(B24="","",C23+B24) -> 33112.58 | D24: =IF(Cy!G25="","",Cy!G25) -> 34161.13 | E24: =IF(B24="","",IF(D24="","",D24-D23-B24)) -> 118.58 | F24: =IF(E24="","",F23+E24) -> 1048.55 | G24: =IF(E24="","",100*E24/(D23+0.5*B24)) -> 0.34832878 | H24: =IF(F24="","",100*F24/C24) -> 3.1666213 | I24: =D24 -> 34161.13 | J24: =IF(B24="","",IF(I24="","",I24-I23-B24)) -> 118.58 | K24: =IF(J24="","",K23+J24) -> 1048.55 | L24: =IF(J24="","",100*J24/(I23+0.5*B24)) -> 0.34832878 | M24: =IF(K24="","",100*K24/C24) -> 3.1666213 | N24: =IF(D24="","",IF(I24="","",I24-D24)) -> 0 | O24: Durou 8 minutos
A25: =IF(Cy!C26="","",Cy!C26) -> 42769 | B25: 0 | C25: =IF(B25="","",C24+B25) -> 33112.58 | D25: =IF(Cy!G26="","",Cy!G26) -> 34386.12 | E25: =IF(B25="","",IF(D25="","",D25-D24-B25)) -> 224.99 | F25: =IF(E25="","",F24+E25) -> 1273.54 | G25: =IF(E25="","",100*E25/(D24+0.5*B25)) -> 0.65861404 | H25: =IF(F25="","",100*F25/C25) -> 3.8460911 | I25: =D25 -> 34386.12 | J25: =IF(B25="","",IF(I25="","",I25-I24-B25)) -> 224.99 | K25: =IF(J25="","",K24+J25) -> 1273.54 | L25: =IF(J25="","",100*J25/(I24+0.5*B25)) -> 0.65861404 | M25: =IF(K25="","",100*K25/C25) -> 3.8460911 | N25: =IF(D25="","",IF(I25="","",I25-D25)) -> 0 | O25: Tendência do dia estava indefinida no momento da entrada, deveria ter entrado na direção da imediata, principalmente porque o volume estava inferior à média, o que esqueci de verificar. Resumindo, caguei e sentei em cima.
A26: =IF(Cy!C27="","",Cy!C27) | C26: =IF(B26="","",C25+B26) | D26: =IF(Cy!G27="","",Cy!G27) | E26: =IF(B26="","",IF(D26="","",D26-D25-B26)) | F26: =IF(E26="","",F25+E26) | G26: =IF(E26="","",100*E26/(D25+0.5*B26)) | H26: =IF(F26="","",100*F26/C26) | I26: =D26 | J26: =IF(B26="","",IF(I26="","",I26-I25-B26)) | K26: =IF(J26="","",K25+J26) | L26: =IF(J26="","",100*J26/(I25+0.5*B26)) | M26: =IF(K26="","",100*K26/C26) | N26: =IF(D26="","",IF(I26="","",I26-D26))
A27: =IF(Cy!C28="","",Cy!C28) | C27: =IF(B27="","",C26+B27) | D27: =IF(Cy!G28="","",Cy!G28) | E27: =IF(B27="","",IF(D27="","",D27-D26-B27)) | F27: =IF(E27="","",F26+E27) | G27: =IF(E27="","",100*E27/(D26+0.5*B27)) | H27: =IF(F27="","",100*F27/C27) | I27: =D27 | J27: =IF(B27="","",IF(I27="","",I27-I26-B27)) | K27: =IF(J27="","",K26+J27) | L27: =IF(J27="","",100*J27/(I26+0.5*B27)) | M27: =IF(K27="","",100*K27/C27) | N27: =IF(D27="","",IF(I27="","",I27-D27))
A28: =IF(Cy!C29="","",Cy!C29) | C28: =IF(B28="","",C27+B28) | D28: =IF(Cy!G29="","",Cy!G29) | E28: =IF(B28="","",IF(D28="","",D28-D27-B28)) | F28: =IF(E28="","",F27+E28) | G28: =IF(E28="","",100*E28/(D27+0.5*B28)) | H28: =IF(F28="","",100*F28/C28) | I28: =D28 | J28: =IF(B28="","",IF(I28="","",I28-I27-B28)) | K28: =IF(J28="","",K27+J28) | L28: =IF(J28="","",100*J28/(I27+0.5*B28)) | M28: =IF(K28="","",100*K28/C28) | N28: =IF(D28="","",IF(I28="","",I28-D28))
A29: =IF(Cy!C30="","",Cy!C30) | C29: =IF(B29="","",C28+B29) | D29: =IF(Cy!G30="","",Cy!G30) | E29: =IF(B29="","",IF(D29="","",D29-D28-B29)) | F29: =IF(E29="","",F28+E29) | G29: =IF(E29="","",100*E29/(D28+0.5*B29)) | H29: =IF(F29="","",100*F29/C29) | I29: =D29 | J29: =IF(B29="","",IF(I29="","",I29-I28-B29)) | K29: =IF(J29="","",K28+J29) | L29: =IF(J29="","",100*J29/(I28+0.5*B29)) | M29: =IF(K29="","",100*K29/C29) | N29: =IF(D29="","",IF(I29="","",I29-D29))
A30: =IF(Cy!C31="","",Cy!C31) | C30: =IF(B30="","",C29+B30) | D30: =IF(Cy!G31="","",Cy!G31) | E30: =IF(B30="","",IF(D30="","",D30-D29-B30)) | F30: =IF(E30="","",F29+E30) | G30: =IF(E30="","",100*E30/(D29+0.5*B30)) | H30: =IF(F30="","",100*F30/C30) | I30: =D30 | J30: =IF(B30="","",IF(I30="","",I30-I29-B30)) | K30: =IF(J30="","",K29+J30) | L30: =IF(J30="","",100*J30/(I29+0.5*B30)) | M30: =IF(K30="","",100*K30/C30) | N30: =IF(D30="","",IF(I30="","",I30-D30))
A31: =IF(Cy!C32="","",Cy!C32) | C31: =IF(B31="","",C30+B31) | D31: =IF(Cy!G32="","",Cy!G32) | E31: =IF(B31="","",IF(D31="","",D31-D30-B31)) | F31: =IF(E31="","",F30+E31) | G31: =IF(E31="","",100*E31/(D30+0.5*B31)) | H31: =IF(F31="","",100*F31/C31) | I31: =D31 | J31: =IF(B31="","",IF(I31="","",I31-I30-B31)) | K31: =IF(J31="","",K30+J31) | L31: =IF(J31="","",100*J31/(I30+0.5*B31)) | M31: =IF(K31="","",100*K31/C31) | N31: =IF(D31="","",IF(I31="","",I31-D31))
A32: =IF(Cy!C33="","",Cy!C33) | C32: =IF(B32="","",C31+B32) | D32: =IF(Cy!G33="","",Cy!G33) | E32: =IF(B32="","",IF(D32="","",D32-D31-B32)) | F32: =IF(E32="","",F31+E32) | G32: =IF(E32="","",100*E32/(D31+0.5*B32)) | H32: =IF(F32="","",100*F32/C32) | I32: =D32 | J32: =IF(B32="","",IF(I32="","",I32-I31-B32)) | K32: =IF(J32="","",K31+J32) | L32: =IF(J32="","",100*J32/(I31+0.5*B32)) | M32: =IF(K32="","",100*K32/C32) | N32: =IF(D32="","",IF(I32="","",I32-D32))
A33: =IF(Cy!C34="","",Cy!C34) | C33: =IF(B33="","",C32+B33) | D33: =IF(Cy!G34="","",Cy!G34) | E33: =IF(B33="","",IF(D33="","",D33-D32-B33)) | F33: =IF(E33="","",F32+E33) | G33: =IF(E33="","",100*E33/(D32+0.5*B33)) | H33: =IF(F33="","",100*F33/C33) | I33: =D33 | J33: =IF(B33="","",IF(I33="","",I33-I32-B33)) | K33: =IF(J33="","",K32+J33) | L33: =IF(J33="","",100*J33/(I32+0.5*B33)) | M33: =IF(K33="","",100*K33/C33) | N33: =IF(D33="","",IF(I33="","",I33-D33))
A34: =IF(Cy!C35="","",Cy!C35) | C34: =IF(B34="","",C33+B34) | D34: =IF(Cy!G35="","",Cy!G35) | E34: =IF(B34="","",IF(D34="","",D34-D33-B34)) | F34: =IF(E34="","",F33+E34) | G34: =IF(E34="","",100*E34/(D33+0.5*B34)) | H34: =IF(F34="","",100*F34/C34) | I34: =D34 | J34: =IF(B34="","",IF(I34="","",I34-I33-B34)) | K34: =IF(J34="","",K33+J34) | L34: =IF(J34="","",100*J34/(I33+0.5*B34)) | M34: =IF(K34="","",100*K34/C34) | N34: =IF(D34="","",IF(I34="","",I34-D34))
A35: =IF(Cy!C36="","",Cy!C36) | C35: =IF(B35="","",C34+B35) | D35: =IF(Cy!G36="","",Cy!G36) | E35: =IF(B35="","",IF(D35="","",D35-D34-B35)) | F35: =IF(E35="","",F34+E35) | G35: =IF(E35="","",100*E35/(D34+0.5*B35)) | H35: =IF(F35="","",100*F35/C35) | I35: =D35 | J35: =IF(B35="","",IF(I35="","",I35-I34-B35)) | K35: =IF(J35="","",K34+J35) | L35: =IF(J35="","",100*J35/(I34+0.5*B35)) | M35: =IF(K35="","",100*K35/C35) | N35: =IF(D35="","",IF(I35="","",I35-D35))
A36: =IF(Cy!C37="","",Cy!C37) | C36: =IF(B36="","",C35+B36) | D36: =IF(Cy!G37="","",Cy!G37) | E36: =IF(B36="","",IF(D36="","",D36-D35-B36)) | F36: =IF(E36="","",F35+E36) | G36: =IF(E36="","",100*E36/(D35+0.5*B36)) | H36: =IF(F36="","",100*F36/C36) | I36: =D36 | J36: =IF(B36="","",IF(I36="","",I36-I35-B36)) | K36: =IF(J36="","",K35+J36) | L36: =IF(J36="","",100*J36/(I35+0.5*B36)) | M36: =IF(K36="","",100*K36/C36) | N36: =IF(D36="","",IF(I36="","",I36-D36))
A37: =IF(Cy!C38="","",Cy!C38) | C37: =IF(B37="","",C36+B37) | D37: =IF(Cy!G38="","",Cy!G38) | E37: =IF(B37="","",IF(D37="","",D37-D36-B37)) | F37: =IF(E37="","",F36+E37) | G37: =IF(E37="","",100*E37/(D36+0.5*B37)) | H37: =IF(F37="","",100*F37/C37) | I37: =D37 | J37: =IF(B37="","",IF(I37="","",I37-I36-B37)) | K37: =IF(J37="","",K36+J37) | L37: =IF(J37="","",100*J37/(I36+0.5*B37)) | M37: =IF(K37="","",100*K37/C37) | N37: =IF(D37="","",IF(I37="","",I37-D37))
... A102: =IF(Cy!C103="","",Cy!C103) | C102: =IF(B102="","",C101+B102) | D102: =IF(Cy!G103="","",Cy!G103) | E102: =IF(B102="","",IF(D102="","",D102-D101-B102)) | F102: =IF(E102="","",F101+E102) | G102: =IF(E102="","",100*E102/(D101+0.5*B102)) | H102: =IF(F102="","",100*F102/C102) | I102: =D102 | J102: =IF(B102="","",IF(I102="","",I102-I101-B102)) | K102: =IF(J102="","",K101+J102) | L102: =IF(J102="","",100*J102/(I101+0.5*B102)) | M102: =IF(K102="","",100*K102/C102) | N102: =IF(D102="","",IF(I102="","",I102-D102))

Sheet CCh
A1: Data | B1: % Liq | C1: # | D1: Fator | E1: Mhist | F1: # | G1: Fator | H1: # | I1: Mrec1 | J1: # | K1: Fator | L1: Mrec2 | M1: Obs.
A2: =IF(CRes!A2="","",CRes!A2) -> 42737 | C2: 0 | D2: 1
A3: =IF(CRes!A3="","",CRes!A3) -> 42737 | B3: =CRes!L3 -> -0.070758606 | C3: =IF(B3="","",C2+1) -> 1 | D3: =IF(B3="","",D2*(1+B3/100)) -> 0.99929241 | E3: =IF(B3="","",100*(D3^(1/C3)-1)) -> -0.070758606 | N3: Mrec1
A4: =IF(CRes!A4="","",CRes!A4) -> 42738 | B4: =CRes!L4 -> 0.042884148 | C4: =IF(B4="","",C3+1) -> 2 | D4: =IF(B4="","",D3*(1+B4/100)) -> 0.99972095 | E4: =IF(B4="","",100*(D4^(1/C4)-1)) -> -0.013953375 | N4: =IF(I7="","",VLOOKUP(MAX(H7:H102),H7:I102,2,FALSE)) -> 0.20324425
A5: =IF(CRes!A5="","",CRes!A5) | B5: =CRes!L5 -> 0.082740896 | C5: =IF(B5="","",C4+1) -> 3 | D5: =IF(B5="","",D4*(1+B5/100)) -> 1.0005481 | E5: =IF(B5="","",100*(D5^(1/C5)-1)) -> 0.018267664
A6: =IF(CRes!A6="","",CRes!A6) -> 42740 | B6: =CRes!L6 -> -0.13845152 | C6: =IF(B6="","",C5+1) -> 4 | D6: =IF(B6="","",D5*(1+B6/100)) -> 0.99916286 | E6: =IF(B6="","",100*(D6^(1/C6)-1)) -> -0.020935175 | F6: 0 | G6: 1 | H6: 0
A7: =IF(CRes!A7="","",CRes!A7) -> 42741 | B7: =CRes!L7 -> 0.19582975 | C7: =IF(B7="","",C6+1) -> 5 | D7: =IF(B7="","",D6*(1+B7/100)) -> 1.0011195 | E7: =IF(B7="","",100*(D7^(1/C7)-1)) -> 0.022380262 | F7: =IF(D7="","",F6+1) -> 1 | G7: =IF(B7="","",G6*(1+B7/100)) -> 1.0019583 | H7: =IF(E7="","",H6+1) -> 1 | I7: =IF(B7="","",100*(G7^(1/F7)-1)) -> 0.19582975
A8: =IF(CRes!A8="","",CRes!A8) -> 42744 | B8: =CRes!L8 -> 0.16585394 | C8: =IF(B8="","",C7+1) -> 6 | D8: =IF(B8="","",D7*(1+B8/100)) -> 1.0027799 | E8: =IF(B8="","",100*(D8^(1/C8)-1)) -> 0.046278262 | F8: =IF(D8="","",F7+1) -> 2 | G8: =IF(B8="","",G7*(1+B8/100)) -> 1.0036201 | H8: =IF(E8="","",H7+1) -> 2 | I8: =IF(B8="","",100*(G8^(1/F8)-1)) -> 0.18084072
A9: =IF(CRes!A9="","",CRes!A9) -> 42745 | B9: =CRes!L9 -> 0.098389893 | C9: =IF(B9="","",C8+1) -> 7 | D9: =IF(B9="","",D8*(1+B9/100)) -> 1.0037665 | E9: =IF(B9="","",100*(D9^(1/C9)-1)) -> 0.05372112 | F9: =IF(D9="","",F8+1) -> 3 | G9: =IF(B9="","",G8*(1+B9/100)) -> 1.0046075 | H9: =IF(E9="","",H8+1) -> 3 | I9: =IF(B9="","",100*(G9^(1/F9)-1)) -> 0.15334957
A10: =IF(CRes!A10="","",CRes!A10) -> 42746 | B10: =CRes!L10 -> 0.028161132 | C10: =IF(B10="","",C9+1) -> 8 | D10: =IF(B10="","",D9*(1+B10/100)) -> 1.0040492 | E10: =IF(B10="","",100*(D10^(1/C10)-1)) -> 0.050525764 | F10: =IF(D10="","",F9+1) -> 4 | G10: =IF(B10="","",G9*(1+B10/100)) -> 1.0048905 | H10: =IF(E10="","",H9+1) -> 4 | I10: =IF(B10="","",100*(G10^(1/F10)-1)) -> 0.12203778
A11: =IF(CRes!A11="","",CRes!A11) -> 42747 | B11: =CRes!L11 -> 0.078865065 | C11: =IF(B11="","",C10+1) -> 9 | D11: =IF(B11="","",D10*(1+B11/100)) -> 1.0048411 | E11: =IF(B11="","",100*(D11^(1/C11)-1)) -> 0.053674179 | F11: =IF(D11="","",F10+1) -> 5 | G11: =IF(B11="","",G10*(1+B11/100)) -> 1.005683 | H11: =IF(E11="","",H10+1) -> 5 | I11: =IF(B11="","",100*(G11^(1/F11)-1)) -> 0.11340175
A12: =IF(CRes!A12="","",CRes!A12) -> 42748 | B12: =CRes!L12 -> 0.063294791 | C12: =IF(B12="","",C11+1) -> 10 | D12: =IF(B12="","",D11*(1+B12/100)) -> 1.0054771 | E12: =IF(B12="","",100*(D12^(1/C12)-1)) -> 0.054636199 | F12: =IF(D12="","",F11+1) -> 6 | G12: =IF(B12="","",G11*(1+B12/100)) -> 1.0063195 | H12: =IF(E12="","",H11+1) -> 6 | I12: =IF(B12="","",100*(G12^(1/F12)-1)) -> 0.10504885
A13: =IF(CRes!A13="","",CRes!A13) | B13: =CRes!L13 -> -0.060911986 | C13: =IF(B13="","",C12+1) -> 11 | D13: =IF(B13="","",D12*(1+B13/100)) -> 1.0048646 | E13: =IF(B13="","",100*(D13^(1/C13)-1)) -> 0.0441263 | F13: =IF(D13="","",F12+1) -> 7 | G13: =IF(B13="","",G12*(1+B13/100)) -> 1.0057065 | H13: =IF(E13="","",H12+1) -> 7 | I13: =IF(B13="","",100*(G13^(1/F13)-1)) -> 0.081323293
A14: =IF(CRes!A14="","",CRes!A14) -> 42751 | B14: =CRes!L14 -> 0.034862411 | C14: =IF(B14="","",C13+1) -> 12 | D14: =IF(B14="","",D13*(1+B14/100)) -> 1.0052149 | E14: =IF(B14="","",100*(D14^(1/C14)-1)) -> 0.043354276 | F14: =IF(D14="","",F13+1) -> 8 | G14: =IF(B14="","",G13*(1+B14/100)) -> 1.0060572 | H14: =IF(E14="","",H13+1) -> 8 | I14: =IF(B14="","",100*(G14^(1/F14)-1)) -> 0.075514503
A15: =IF(CRes!A15="","",CRes!A15) -> 42752 | B15: =CRes!L15 -> 0.090490505 | C15: =IF(B15="","",C14+1) -> 13 | D15: =IF(B15="","",D14*(1+B15/100)) -> 1.0061246 | E15: =IF(B15="","",100*(D15^(1/C15)-1)) -> 0.046979352 | F15: =IF(D15="","",F14+1) -> 9 | G15: =IF(B15="","",G14*(1+B15/100)) -> 1.0069675 | H15: =IF(E15="","",H14+1) -> 9 | I15: =IF(B15="","",100*(G15^(1/F15)-1)) -> 0.077178393
A16: =IF(CRes!A16="","",CRes!A16) -> 42753 | B16: =CRes!L16 -> -0.049526675 | C16: =IF(B16="","",C15+1) -> 14 | D16: =IF(B16="","",D15*(1+B16/100)) -> 1.0056263 | E16: =IF(B16="","",100*(D16^(1/C16)-1)) -> 0.040082975 | F16: =IF(D16="","",F15+1) -> 10 | G16: =IF(B16="","",G15*(1+B16/100)) -> 1.0064688 | H16: =IF(E16="","",H15+1) -> 10 | I16: =IF(B16="","",100*(G16^(1/F16)-1)) -> 0.064500661
A17: =IF(CRes!A17="","",CRes!A17) -> 42754 | B17: =CRes!L17 -> 0.14757253 | C17: =IF(B17="","",C16+1) -> 15 | D17: =IF(B17="","",D16*(1+B17/100)) -> 1.0071103 | E17: =IF(B17="","",100*(D17^(1/C17)-1)) -> 0.047245355 | F17: =IF(D17="","",F16+1) -> 11 | G17: =IF(B17="","",G16*(1+B17/100)) -> 1.0079541 | H17: =IF(E17="","",H16+1) -> 11 | I17: =IF(B17="","",100*(G17^(1/F17)-1)) -> 0.072049801
A18: =IF(CRes!A18="","",CRes!A18) -> 42758 | B18: =CRes!L18 -> 0.083033415 | C18: =IF(B18="","",C17+1) -> 16 | D18: =IF(B18="","",D17*(1+B18/100)) -> 1.0079465 | E18: =IF(B18="","",100*(D18^(1/C18)-1)) -> 0.049481734 | F18: =IF(D18="","",F17+1) -> 12 | G18: =IF(B18="","",G17*(1+B18/100)) -> 1.008791 | H18: =IF(E18="","",H17+1) -> 12 | I18: =IF(B18="","",100*(G18^(1/F18)-1)) -> 0.072965056 | J18: 0 | K18: 1
A19: =IF(CRes!A19="","",CRes!A19) -> 42759 | B19: =CRes!L19 -> 0.26983696 | C19: =IF(B19="","",C18+1) -> 17 | D19: =IF(B19="","",D18*(1+B19/100)) -> 1.0106663 | E19: =IF(B19="","",100*(D19^(1/C19)-1)) -> 0.06243039 | F19: =IF(D19="","",F18+1) -> 13 | G19: =IF(B19="","",G18*(1+B19/100)) -> 1.0115131 | H19: =IF(E19="","",H18+1) -> 13 | I19: =IF(B19="","",100*(G19^(1/F19)-1)) -> 0.088095316 | J19: =IF(G19="","",J18+1) -> 1 | K19: =IF(B19="","",K18*(1+B19/100)) -> 1.0026984 | L19: =IF(B19="","",100*(K19^(1/J19)-1)) -> 0.26983696
A20: =IF(CRes!A20="","",CRes!A20) -> 42760 | B20: =CRes!L20 -> 0.32235923 | C20: =IF(B20="","",C19+1) -> 18 | D20: =IF(B20="","",D19*(1+B20/100)) -> 1.0139243 | E20: =IF(B20="","",100*(D20^(1/C20)-1)) -> 0.076853198 | F20: =IF(D20="","",F19+1) -> 14 | G20: =IF(B20="","",G19*(1+B20/100)) -> 1.0147738 | H20: =IF(E20="","",H19+1) -> 14 | I20: =IF(B20="","",100*(G20^(1/F20)-1)) -> 0.1048103 | J20: =IF(G20="","",J19+1) -> 2 | K20: =IF(B20="","",K19*(1+B20/100)) -> 1.0059307 | L20: =IF(B20="","",100*(K20^(1/J20)-1)) -> 0.29609466
A21: =IF(CRes!A21="","",CRes!A21) -> 42761 | B21: =CRes!L21 -> 0.42086577 | C21: =IF(B21="","",C20+1) -> 19 | D21: =IF(B21="","",D20*(1+B21/100)) -> 1.0181916 | E21: =IF(B21="","",100*(D21^(1/C21)-1)) -> 0.094929706 | F21: =IF(D21="","",F20+1) -> 15 | G21: =IF(B21="","",G20*(1+B21/100)) -> 1.0190447 | H21: =IF(E21="","",H20+1) -> 15 | I21: =IF(B21="","",100*(G21^(1/F21)-1)) -> 0.12584968 | J21: =IF(G21="","",J20+1) -> 3 | K21: =IF(B21="","",K20*(1+B21/100)) -> 1.0101643 | L21: =IF(B21="","",100*(K21^(1/J21)-1)) -> 0.33766779
A22: =IF(CRes!A22="","",CRes!A22) -> 42762 | B22: =CRes!L22 -> 0.58300546 | C22: =IF(B22="","",C21+1) -> 20 | D22: =IF(B22="","",D21*(1+B22/100)) -> 1.0241277 | E22: =IF(B22="","",100*(D22^(1/C22)-1)) -> 0.11927715 | F22: =IF(D22="","",F21+1) -> 16 | G22: =IF(B22="","",G21*(1+B22/100)) -> 1.0249857 | H22: =IF(E22="","",H21+1) -> 16 | I22: =IF(B22="","",100*(G22^(1/F22)-1)) -> 0.15436094 | J22: =IF(G22="","",J21+1) -> 4 | K22: =IF(B22="","",K21*(1+B22/100)) -> 1.0160536 | L22: =IF(B22="","",100*(K22^(1/J22)-1)) -> 0.39894605
A23: =IF(CRes!A23="","",CRes!A23) -> 42765 | B23: =CRes!L23 -> 0.38641747 | C23: =IF(B23="","",C22+1) -> 21 | D23: =IF(B23="","",D22*(1+B23/100)) -> 1.0280851 | E23: =IF(B23="","",100*(D23^(1/C23)-1)) -> 0.13198198 | F23: =IF(D23="","",F22+1) -> 17 | G23: =IF(B23="","",G22*(1+B23/100)) -> 1.0289465 | H23: =IF(E23="","",H22+1) -> 17 | I23: =IF(B23="","",100*(G23^(1/F23)-1)) -> 0.16799647 | J23: =IF(G23="","",J22+1) -> 5 | K23: =IF(B23="","",K22*(1+B23/100)) -> 1.0199798 | L23: =IF(B23="","",100*(K23^(1/J23)-1)) -> 0.39644021
A24: =IF(CRes!A24="","",CRes!A24) -> 42767 | B24: =CRes!L24 -> 0.34832878 | C24: =IF(B24="","",C23+1) -> 22 | D24: =IF(B24="","",D23*(1+B24/100)) -> 1.0316662 | E24: =IF(B24="","",100*(D24^(1/C24)-1)) -> 0.1418058 | F24: =IF(D24="","",F23+1) -> 18 | G24: =IF(B24="","",G23*(1+B24/100)) -> 1.0325306 | H24: =IF(E24="","",H23+1) -> 18 | I24: =IF(B24="","",100*(G24^(1/F24)-1)) -> 0.17800642 | J24: =IF(G24="","",J23+1) -> 6 | K24: =IF(B24="","",K23*(1+B24/100)) -> 1.0235327 | L24: =IF(B24="","",100*(K24^(1/J24)-1)) -> 0.38842004
A25: =IF(CRes!A25="","",CRes!A25) -> 42769 | B25: =CRes!L25 -> 0.65861404 | C25: =IF(B25="","",C24+1) -> 23 | D25: =IF(B25="","",D24*(1+B25/100)) -> 1.0384609 | E25: =IF(B25="","",100*(D25^(1/C25)-1)) -> 0.16422045 | F25: =IF(D25="","",F24+1) -> 19 | G25: =IF(B25="","",G24*(1+B25/100)) -> 1.039331 | H25: =IF(E25="","",H24+1) -> 19 | I25: =IF(B25="","",100*(G25^(1/F25)-1)) -> 0.20324425 | J25: =IF(G25="","",J24+1) -> 7 | K25: =IF(B25="","",K24*(1+B25/100)) -> 1.0302738 | L25: =IF(B25="","",100*(K25^(1/J25)-1)) -> 0.42697473
A26: =IF(CRes!A26="","",CRes!A26) | B26: =CRes!L26 | C26: =IF(B26="","",C25+1) | D26: =IF(B26="","",D25*(1+B26/100)) | E26: =IF(B26="","",100*(D26^(1/C26)-1)) | F26: =IF(D26="","",F25+1) | G26: =IF(B26="","",G25*(1+B26/100)) | H26: =IF(E26="","",H25+1) | I26: =IF(B26="","",100*(G26^(1/F26)-1)) | J26: =IF(G26="","",J25+1) | K26: =IF(B26="","",K25*(1+B26/100)) | L26: =IF(B26="","",100*(K26^(1/J26)-1))
A27: =IF(CRes!A27="","",CRes!A27) | B27: =CRes!L27 | C27: =IF(B27="","",C26+1) | D27: =IF(B27="","",D26*(1+B27/100)) | E27: =IF(B27="","",100*(D27^(1/C27)-1)) | F27: =IF(D27="","",F26+1) | G27: =IF(B27="","",G26*(1+B27/100)) | H27: =IF(E27="","",H26+1) | I27: =IF(B27="","",100*(G27^(1/F27)-1)) | J27: =IF(G27="","",J26+1) | K27: =IF(B27="","",K26*(1+B27/100)) | L27: =IF(B27="","",100*(K27^(1/J27)-1))
A28: =IF(CRes!A28="","",CRes!A28) | B28: =CRes!L28 | C28: =IF(B28="","",C27+1) | D28: =IF(B28="","",D27*(1+B28/100)) | E28: =IF(B28="","",100*(D28^(1/C28)-1)) | F28: =IF(D28="","",F27+1) | G28: =IF(B28="","",G27*(1+B28/100)) | H28: =IF(E28="","",H27+1) | I28: =IF(B28="","",100*(G28^(1/F28)-1)) | J28: =IF(G28="","",J27+1) | K28: =IF(B28="","",K27*(1+B28/100)) | L28: =IF(B28="","",100*(K28^(1/J28)-1))
A29: =IF(CRes!A29="","",CRes!A29) | B29: =CRes!L29 | C29: =IF(B29="","",C28+1) | D29: =IF(B29="","",D28*(1+B29/100)) | E29: =IF(B29="","",100*(D29^(1/C29)-1)) | F29: =IF(D29="","",F28+1) | G29: =IF(B29="","",G28*(1+B29/100)) | H29: =IF(E29="","",H28+1) | I29: =IF(B29="","",100*(G29^(1/F29)-1)) | J29: =IF(G29="","",J28+1) | K29: =IF(B29="","",K28*(1+B29/100)) | L29: =IF(B29="","",100*(K29^(1/J29)-1))
A30: =IF(CRes!A30="","",CRes!A30) | B30: =CRes!L30 | C30: =IF(B30="","",C29+1) | D30: =IF(B30="","",D29*(1+B30/100)) | E30: =IF(B30="","",100*(D30^(1/C30)-1)) | F30: =IF(D30="","",F29+1) | G30: =IF(B30="","",G29*(1+B30/100)) | H30: =IF(E30="","",H29+1) | I30: =IF(B30="","",100*(G30^(1/F30)-1)) | J30: =IF(G30="","",J29+1) | K30: =IF(B30="","",K29*(1+B30/100)) | L30: =IF(B30="","",100*(K30^(1/J30)-1))
... A102: =IF(CRes!A102="","",CRes!A102) | B102: =CRes!L102 | C102: =IF(B102="","",C101+1) | D102: =IF(B102="","",D101*(1+B102/100)) | E102: =IF(B102="","",100*(D102^(1/C102)-1)) | F102: =IF(D102="","",F101+1) | G102: =IF(B102="","",G101*(1+B102/100)) | H102: =IF(E102="","",H101+1) | I102: =IF(B102="","",100*(G102^(1/F102)-1)) | J102: =IF(G102="","",J101+1) | K102: =IF(B102="","",K101*(1+B102/100)) | L102: =IF(B102="","",100*(K102^(1/J102)-1))

Sheet CLog
B1: # | C1: Lucro | D1: # | E1: $Ac | F1: Saldo | G1: Inclin | H1: Saldo ajustado | I1: Soma(+) | J1: # | K1: Q(+) | L1: Ganho médio | M1: # | N1: WinP(%) | O1: Soma(-) | P1: # | Q1: Q(-) | R1: # | S1: Perda média | T1: # | U1: Fator de lucro | Z1: Obs.
B2: Op # | E2: Q(+) | F2: Q(+) | G2: Q(+) | H2: Q(+) | I2: Soma(+) | K2: Q(+) | M2: # | N2: WinP | O2: Soma(+) | P2: # | Q2: Q(-) | R2: # | S2: Média(-) | T2: # | U2: R/R
B3: 0 | D3: 0 | E3: 0 | F3: =IF(E3="","",X$4+E3) -> 33112.58 | H3: =IF(F3="","",(F3+X$8)/X$9) -> 112.58 | I3: 0 | K3: 0 | O3: 0 | Q3: 0 | W3: Saldo da conta
B4: =B3+1 -> 1 | C4: =CRes!J3 -> -23.43 | D4: =IF(C4="","",D3+1) -> 1 | E4: =IF(C4="","",E3+C4) -> -23.43 | F4: =IF(E4="","",X$4+E4) -> 33089.15 | G4: =IF(F4="","",SLOPE(F$3:F4,B$3:B4)) -> -23.43 | H4: =IF(F4="","",(F4+X$8)/X$9) -> 89.15 | I4: =IF(C4="","",IF(C4>0,I3+C4,I3)) -> 0 | J4: =D4 -> 1 | K4: =IF(C4="","",IF(C4>0,K3+1,K3)) -> 0 | L4: =IF(C4="","",IF(K4=0,"",I4/K4)) | M4: =D4 -> 1 | N4: =IF(C4="","",IF(K4=0,"",100*K4/B4)) | O4: =IF(C4="","",IF(C4<0,O3+C4,O3)) -> -23.43 | P4: =D4 -> 1 | Q4: =IF(C4="","",IF(C4<0,Q3+1,Q3)) -> 1 | R4: =D4 -> 1 | S4: =IF(C4="","",IF(Q4=0,"",O4/Q4)) -> -23.43 | T4: =D4 -> 1 | U4: =IF(L4="","",IF(S4="","",-L4/S4)) | W4: Inicial | X4: 33112.58
B5: =B4+1 -> 2 | C5: =CRes!J4 -> 14.19 | D5: =IF(C5="","",D4+1) -> 2 | E5: =IF(C5="","",E4+C5) -> -9.24 | F5: =IF(E5="","",X$4+E5) -> 33103.34 | G5: =IF(F5="","",SLOPE(F$3:F5,B$3:B5)) -> -4.62 | H5: =IF(F5="","",(F5+X$8)/X$9) -> 103.34 | I5: =IF(C5="","",IF(C5>0,I4+C5,I4)) -> 14.19 | J5: =D5 -> 2 | K5: =IF(C5="","",IF(C5>0,K4+1,K4)) -> 1 | L5: =IF(C5="","",IF(K5=0,"",I5/K5)) -> 14.19 | M5: =D5 -> 2 | N5: =IF(C5="","",IF(K5=0,"",100*K5/B5)) -> 50 | O5: =IF(C5="","",IF(C5<0,O4+C5,O4)) -> -23.43 | P5: =D5 -> 2 | Q5: =IF(C5="","",IF(C5<0,Q4+1,Q4)) -> 1 | R5: =D5 -> 2 | S5: =IF(C5="","",IF(Q5=0,"",O5/Q5)) -> -23.43 | T5: =D5 -> 2 | U5: =IF(L5="","",IF(S5="","",-L5/S5)) -> 0.6056338 | W5: $ Ac | X5: =IF(D4="","",VLOOKUP(MAX(D4:D103),D4:E103,2,FALSE)) -> 1273.54
B6: =B5+1 -> 3 | C6: =CRes!J5 -> 27.39 | D6: =IF(C6="","",D5+1) -> 3 | E6: =IF(C6="","",E5+C6) -> 18.15 | F6: =IF(E6="","",X$4+E6) -> 33130.73 | G6: =IF(F6="","",SLOPE(F$3:F6,B$3:B6)) -> 6.864 | H6: =IF(F6="","",(F6+X$8)/X$9) -> 130.73 | I6: =IF(C6="","",IF(C6>0,I5+C6,I5)) -> 41.58 | J6: =D6 -> 3 | K6: =IF(C6="","",IF(C6>0,K5+1,K5)) -> 2 | L6: =IF(C6="","",IF(K6=0,"",I6/K6)) -> 20.79 | M6: =D6 -> 3 | N6: =IF(C6="","",IF(K6=0,"",100*K6/B6)) -> 66.666667 | O6: =IF(C6="","",IF(C6<0,O5+C6,O5)) -> -23.43 | P6: =D6 -> 3 | Q6: =IF(C6="","",IF(C6<0,Q5+1,Q5)) -> 1 | R6: =D6 -> 3 | S6: =IF(C6="","",IF(Q6=0,"",O6/Q6)) -> -23.43 | T6: =D6 -> 3 | U6: =IF(L6="","",IF(S6="","",-L6/S6)) -> 0.88732394 | W6: Atual | X6: =IF(X4="","",IF(X5="","",X4+X5)) -> 34386.12
B7: =B6+1 -> 4 | C7: =CRes!J6 -> -45.87 | D7: =IF(C7="","",D6+1) -> 4 | E7: =IF(C7="","",E6+C7) -> -27.72 | F7: =IF(E7="","",X$4+E7) -> 33084.86 | G7: =IF(F7="","",SLOPE(F$3:F7,B$3:B7)) -> -1.386 | H7: =IF(F7="","",(F7+X$8)/X$9) -> 84.86 | I7: =IF(C7="","",IF(C7>0,I6+C7,I6)) -> 41.58 | J7: =D7 -> 4 | K7: =IF(C7="","",IF(C7>0,K6+1,K6)) -> 2 | L7: =IF(C7="","",IF(K7=0,"",I7/K7)) -> 20.79 | M7: =D7 -> 4 | N7: =IF(C7="","",IF(K7=0,"",100*K7/B7)) -> 50 | O7: =IF(C7="","",IF(C7<0,O6+C7,O6)) -> -69.3 | P7: =D7 -> 4 | Q7: =IF(C7="","",IF(C7<0,Q6+1,Q6)) -> 2 | R7: =D7 -> 4 | S7: =IF(C7="","",IF(Q7=0,"",O7/Q7)) -> -34.65 | T7: =D7 -> 4 | U7: =IF(L7="","",IF(S7="","",-L7/S7)) -> 0.6 | W7: Saldo ajustado
B8: =B7+1 -> 5 | C8: =CRes!J7 -> 64.79 | D8: =IF(C8="","",D7+1) -> 5 | E8: =IF(C8="","",E7+C8) -> 37.07 | F8: =IF(E8="","",X$4+E8) -> 33149.65 | G8: =IF(F8="","",SLOPE(F$3:F8,B$3:B8)) -> 5.7105714 | H8: =IF(F8="","",(F8+X$8)/X$9) -> 149.65 | I8: =IF(C8="","",IF(C8>0,I7+C8,I7)) -> 106.37 | J8: =D8 -> 5 | K8: =IF(C8="","",IF(C8>0,K7+1,K7)) -> 3 | L8: =IF(C8="","",IF(K8=0,"",I8/K8)) -> 35.456667 | M8: =D8 -> 5 | N8: =IF(C8="","",IF(K8=0,"",100*K8/B8)) -> 60 | O8: =IF(C8="","",IF(C8<0,O7+C8,O7)) -> -69.3 | P8: =D8 -> 5 | Q8: =IF(C8="","",IF(C8<0,Q7+1,Q7)) -> 2 | R8: =D8 -> 5 | S8: =IF(C8="","",IF(Q8=0,"",O8/Q8)) -> -34.65 | T8: =D8 -> 5 | U8: =IF(L8="","",IF(S8="","",-L8/S8)) -> 1.0232804 | W8: Somar | X8: -33000
B9: =B8+1 -> 6 | C9: =CRes!J8 -> 54.98 | D9: =IF(C9="","",D8+1) -> 6 | E9: =IF(C9="","",E8+C9) -> 92.05 | F9: =IF(E9="","",X$4+E9) -> 33204.63 | G9: =IF(F9="","",SLOPE(F$3:F9,B$3:B9)) -> 13.523929 | H9: =IF(F9="","",(F9+X$8)/X$9) -> 204.63 | I9: =IF(C9="","",IF(C9>0,I8+C9,I8)) -> 161.35 | J9: =D9 -> 6 | K9: =IF(C9="","",IF(C9>0,K8+1,K8)) -> 4 | L9: =IF(C9="","",IF(K9=0,"",I9/K9)) -> 40.3375 | M9: =D9 -> 6 | N9: =IF(C9="","",IF(K9=0,"",100*K9/B9)) -> 66.666667 | O9: =IF(C9="","",IF(C9<0,O8+C9,O8)) -> -69.3 | P9: =D9 -> 6 | Q9: =IF(C9="","",IF(C9<0,Q8+1,Q8)) -> 2 | R9: =D9 -> 6 | S9: =IF(C9="","",IF(Q9=0,"",O9/Q9)) -> -34.65 | T9: =D9 -> 6 | U9: =IF(L9="","",IF(S9="","",-L9/S9)) -> 1.1641414 | W9: Dividir | X9: 1
B10: =B9+1 -> 7 | C10: =CRes!J9 -> 32.67 | D10: =IF(C10="","",D9+1) -> 7 | E10: =IF(C10="","",E9+C10) -> 124.72 | F10: =IF(E10="","",X$4+E10) -> 33237.3 | G10: =IF(F10="","",SLOPE(F$3:F10,B$3:B10)) -> 18.375 | H10: =IF(F10="","",(F10+X$8)/X$9) -> 237.3 | I10: =IF(C10="","",IF(C10>0,I9+C10,I9)) -> 194.02 | J10: =D10 -> 7 | K10: =IF(C10="","",IF(C10>0,K9+1,K9)) -> 5 | L10: =IF(C10="","",IF(K10=0,"",I10/K10)) -> 38.804 | M10: =D10 -> 7 | N10: =IF(C10="","",IF(K10=0,"",100*K10/B10)) -> 71.428571 | O10: =IF(C10="","",IF(C10<0,O9+C10,O9)) -> -69.3 | P10: =D10 -> 7 | Q10: =IF(C10="","",IF(C10<0,Q9+1,Q9)) -> 2 | R10: =D10 -> 7 | S10: =IF(C10="","",IF(Q10=0,"",O10/Q10)) -> -34.65 | T10: =D10 -> 7 | U10: =IF(L10="","",IF(S10="","",-L10/S10)) -> 1.1198846 | W10: $ Ajustado | X10: =IF(X9="","",IF(X8="","",(X6+X8)/X9)) -> 1386.12
B11: =B10+1 -> 8 | C11: =CRes!J10 -> 9.36 | D11: =IF(C11="","",D10+1) -> 8 | E11: =IF(C11="","",E10+C11) -> 134.08 | F11: =IF(E11="","",X$4+E11) -> 33246.66 | G11: =IF(F11="","",SLOPE(F$3:F11,B$3:B11)) -> 20.037833 | H11: =IF(F11="","",(F11+X$8)/X$9) -> 246.66 | I11: =IF(C11="","",IF(C11>0,I10+C11,I10)) -> 203.38 | J11: =D11 -> 8 | K11: =IF(C11="","",IF(C11>0,K10+1,K10)) -> 6 | L11: =IF(C11="","",IF(K11=0,"",I11/K11)) -> 33.896667 | M11: =D11 -> 8 | N11: =IF(C11="","",IF(K11=0,"",100*K11/B11)) -> 75 | O11: =IF(C11="","",IF(C11<0,O10+C11,O10)) -> -69.3 | P11: =D11 -> 8 | Q11: =IF(C11="","",IF(C11<0,Q10+1,Q10)) -> 2 | R11: =D11 -> 8 | S11: =IF(C11="","",IF(Q11=0,"",O11/Q11)) -> -34.65 | T11: =D11 -> 8 | U11: =IF(L11="","",IF(S11="","",-L11/S11)) -> 0.97825878
B12: =B11+1 -> 9 | C12: =CRes!J11 -> 26.22 | D12: =IF(C12="","",D11+1) -> 9 | E12: =IF(C12="","",E11+C12) -> 160.3 | F12: =IF(E12="","",X$4+E12) -> 33272.88 | G12: =IF(F12="","",SLOPE(F$3:F12,B$3:B12)) -> 21.221576 | H12: =IF(F12="","",(F12+X$8)/X$9) -> 272.88 | I12: =IF(C12="","",IF(C12>0,I11+C12,I11)) -> 229.6 | J12: =D12 -> 9 | K12: =IF(C12="","",IF(C12>0,K11+1,K11)) -> 7 | L12: =IF(C12="","",IF(K12=0,"",I12/K12)) -> 32.8 | M12: =D12 -> 9 | N12: =IF(C12="","",IF(K12=0,"",100*K12/B12)) -> 77.777778 | O12: =IF(C12="","",IF(C12<0,O11+C12,O11)) -> -69.3 | P12: =D12 -> 9 | Q12: =IF(C12="","",IF(C12<0,Q11+1,Q11)) -> 2 | R12: =D12 -> 9 | S12: =IF(C12="","",IF(Q12=0,"",O12/Q12)) -> -34.65 | T12: =D12 -> 9 | U12: =IF(L12="","",IF(S12="","",-L12/S12)) -> 0.94660895 | W12: Resultados - Resumo
B13: =B12+1 -> 10 | C13: =CRes!J12 -> 21.06 | D13: =IF(C13="","",D12+1) -> 10 | E13: =IF(C13="","",E12+C13) -> 181.36 | F13: =IF(E13="","",X$4+E13) -> 33293.94 | G13: =IF(F13="","",SLOPE(F$3:F13,B$3:B13)) -> 21.859909 | H13: =IF(F13="","",(F13+X$8)/X$9) -> 293.94 | I13: =IF(C13="","",IF(C13>0,I12+C13,I12)) -> 250.66 | J13: =D13 -> 10 | K13: =IF(C13="","",IF(C13>0,K12+1,K12)) -> 8 | L13: =IF(C13="","",IF(K13=0,"",I13/K13)) -> 31.3325 | M13: =D13 -> 10 | N13: =IF(C13="","",IF(K13=0,"",100*K13/B13)) -> 80 | O13: =IF(C13="","",IF(C13<0,O12+C13,O12)) -> -69.3 | P13: =D13 -> 10 | Q13: =IF(C13="","",IF(C13<0,Q12+1,Q12)) -> 2 | R13: =D13 -> 10 | S13: =IF(C13="","",IF(Q13=0,"",O13/Q13)) -> -34.65 | T13: =D13 -> 10 | U13: =IF(L13="","",IF(S13="","",-L13/S13)) -> 0.90425685 | W13: Ganhos | X13: =IF(E4="","",VLOOKUP(MAX(J4:J103),J4:K103,2,FALSE)) -> 19
B14: =B13+1 -> 11 | C14: =CRes!J13 -> -20.28 | D14: =IF(C14="","",D13+1) -> 11 | E14: =IF(C14="","",E13+C14) -> 161.08 | F14: =IF(E14="","",X$4+E14) -> 33273.66 | G14: =IF(F14="","",SLOPE(F$3:F14,B$3:B14)) -> 20.607413 | H14: =IF(F14="","",(F14+X$8)/X$9) -> 273.66 | I14: =IF(C14="","",IF(C14>0,I13+C14,I13)) -> 250.66 | J14: =D14 -> 11 | K14: =IF(C14="","",IF(C14>0,K13+1,K13)) -> 8 | L14: =IF(C14="","",IF(K14=0,"",I14/K14)) -> 31.3325 | M14: =D14 -> 11 | N14: =IF(C14="","",IF(K14=0,"",100*K14/B14)) -> 72.727273 | O14: =IF(C14="","",IF(C14<0,O13+C14,O13)) -> -89.58 | P14: =D14 -> 11 | Q14: =IF(C14="","",IF(C14<0,Q13+1,Q13)) -> 3 | R14: =D14 -> 11 | S14: =IF(C14="","",IF(Q14=0,"",O14/Q14)) -> -29.86 | T14: =D14 -> 11 | U14: =IF(L14="","",IF(S14="","",-L14/S14)) -> 1.0493135 | W14: Perdas | X14: =IF(E4="","",VLOOKUP(MAX(P4:P103),P4:Q103,2,FALSE)) -> 4
B15: =B14+1 -> 12 | C15: =CRes!J14 -> 11.6 | D15: =IF(C15="","",D14+1) -> 12 | E15: =IF(C15="","",E14+C15) -> 172.68 | F15: =IF(E15="","",X$4+E15) -> 33285.26 | G15: =IF(F15="","",SLOPE(F$3:F15,B$3:B15)) -> 19.553462 | H15: =IF(F15="","",(F15+X$8)/X$9) -> 285.26 | I15: =IF(C15="","",IF(C15>0,I14+C15,I14)) -> 262.26 | J15: =D15 -> 12 | K15: =IF(C15="","",IF(C15>0,K14+1,K14)) -> 9 | L15: =IF(C15="","",IF(K15=0,"",I15/K15)) -> 29.14 | M15: =D15 -> 12 | N15: =IF(C15="","",IF(K15=0,"",100*K15/B15)) -> 75 | O15: =IF(C15="","",IF(C15<0,O14+C15,O14)) -> -89.58 | P15: =D15 -> 12 | Q15: =IF(C15="","",IF(C15<0,Q14+1,Q14)) -> 3 | R15: =D15 -> 12 | S15: =IF(C15="","",IF(Q15=0,"",O15/Q15)) -> -29.86 | T15: =D15 -> 12 | U15: =IF(L15="","",IF(S15="","",-L15/S15)) -> 0.97588747 | W15: Operações | X15: =IF(X13="","",IF(X14="","",X13+X14)) -> 23
B16: =B15+1 -> 13 | C16: =CRes!J15 -> 30.12 | D16: =IF(C16="","",D15+1) -> 13 | E16: =IF(C16="","",E15+C16) -> 202.8 | F16: =IF(E16="","",X$4+E16) -> 33315.38 | G16: =IF(F16="","",SLOPE(F$3:F16,B$3:B16)) -> 19.192879 | H16: =IF(F16="","",(F16+X$8)/X$9) -> 315.38 | I16: =IF(C16="","",IF(C16>0,I15+C16,I15)) -> 292.38 | J16: =D16 -> 13 | K16: =IF(C16="","",IF(C16>0,K15+1,K15)) -> 10 | L16: =IF(C16="","",IF(K16=0,"",I16/K16)) -> 29.238 | M16: =D16 -> 13 | N16: =IF(C16="","",IF(K16=0,"",100*K16/B16)) -> 76.923077 | O16: =IF(C16="","",IF(C16<0,O15+C16,O15)) -> -89.58 | P16: =D16 -> 13 | Q16: =IF(C16="","",IF(C16<0,Q15+1,Q15)) -> 3 | R16: =D16 -> 13 | S16: =IF(C16="","",IF(Q16=0,"",O16/Q16)) -> -29.86 | T16: =D16 -> 13 | U16: =IF(L16="","",IF(S16="","",-L16/S16)) -> 0.97916946 | W16: WinP | X16: =IF(D4="","",IF(X13=0,"",VLOOKUP(MAX(M4:M103),M4:N103,2,FALSE)/100)) -> 0.82608696
B17: =B16+1 -> 14 | C17: =CRes!J16 -> -16.5 | D17: =IF(C17="","",D16+1) -> 14 | E17: =IF(C17="","",E16+C17) -> 186.3 | F17: =IF(E17="","",X$4+E17) -> 33298.88 | G17: =IF(F17="","",SLOPE(F$3:F17,B$3:B17)) -> 18.066179 | H17: =IF(F17="","",(F17+X$8)/X$9) -> 298.88 | I17: =IF(C17="","",IF(C17>0,I16+C17,I16)) -> 292.38 | J17: =D17 -> 14 | K17: =IF(C17="","",IF(C17>0,K16+1,K16)) -> 10 | L17: =IF(C17="","",IF(K17=0,"",I17/K17)) -> 29.238 | M17: =D17 -> 14 | N17: =IF(C17="","",IF(K17=0,"",100*K17/B17)) -> 71.428571 | O17: =IF(C17="","",IF(C17<0,O16+C17,O16)) -> -106.08 | P17: =D17 -> 14 | Q17: =IF(C17="","",IF(C17<0,Q16+1,Q16)) -> 4 | R17: =D17 -> 14 | S17: =IF(C17="","",IF(Q17=0,"",O17/Q17)) -> -26.52 | T17: =D17 -> 14 | U17: =IF(L17="","",IF(S17="","",-L17/S17)) -> 1.1024887 | W17: CAR | X17: =IF(D4="","",IF(X14=0,"",-VLOOKUP(MAX(R4:R103),R4:S103,2,FALSE))) -> 26.52
B18: =B17+1 -> 15 | C18: =CRes!J17 -> 49.14 | D18: =IF(C18="","",D17+1) -> 15 | E18: =IF(C18="","",E17+C18) -> 235.44 | F18: =IF(E18="","",X$4+E18) -> 33348.02 | G18: =IF(F18="","",SLOPE(F$3:F18,B$3:B18)) -> 17.997735 | H18: =IF(F18="","",(F18+X$8)/X$9) -> 348.02 | I18: =IF(C18="","",IF(C18>0,I17+C18,I17)) -> 341.52 | J18: =D18 -> 15 | K18: =IF(C18="","",IF(C18>0,K17+1,K17)) -> 11 | L18: =IF(C18="","",IF(K18=0,"",I18/K18)) -> 31.047273 | M18: =D18 -> 15 | N18: =IF(C18="","",IF(K18=0,"",100*K18/B18)) -> 73.333333 | O18: =IF(C18="","",IF(C18<0,O17+C18,O17)) -> -106.08 | P18: =D18 -> 15 | Q18: =IF(C18="","",IF(C18<0,Q17+1,Q17)) -> 4 | R18: =D18 -> 15 | S18: =IF(C18="","",IF(Q18=0,"",O18/Q18)) -> -26.52 | T18: =D18 -> 15 | U18: =IF(L18="","",IF(S18="","",-L18/S18)) -> 1.1707116 | X18: =IF(X17="","",IF(X4="","",X17/X4)) -> 0.00080090407
B19: =B18+1 -> 16 | C19: =CRes!J18 -> 27.69 | D19: =IF(C19="","",D18+1) -> 16 | E19: =IF(C19="","",E18+C19) -> 263.13 | F19: =IF(E19="","",X$4+E19) -> 33375.71 | G19: =IF(F19="","",SLOPE(F$3:F19,B$3:B19)) -> 18.140809 | H19: =IF(F19="","",(F19+X$8)/X$9) -> 375.71 | I19: =IF(C19="","",IF(C19>0,I18+C19,I18)) -> 369.21 | J19: =D19 -> 16 | K19: =IF(C19="","",IF(C19>0,K18+1,K18)) -> 12 | L19: =IF(C19="","",IF(K19=0,"",I19/K19)) -> 30.7675 | M19: =D19 -> 16 | N19: =IF(C19="","",IF(K19=0,"",100*K19/B19)) -> 75 | O19: =IF(C19="","",IF(C19<0,O18+C19,O18)) -> -106.08 | P19: =D19 -> 16 | Q19: =IF(C19="","",IF(C19<0,Q18+1,Q18)) -> 4 | R19: =D19 -> 16 | S19: =IF(C19="","",IF(Q19=0,"",O19/Q19)) -> -26.52 | T19: =D19 -> 16 | U19: =IF(L19="","",IF(S19="","",-L19/S19)) -> 1.1601621 | W19: FL | X19: =IF(D4="","",VLOOKUP(MAX(T4:T103),T4:U103,2,FALSE)) -> 2.7379932
B20: =B19+1 -> 17 | C20: =CRes!J19 -> 90.06 | D20: =IF(C20="","",D19+1) -> 17 | E20: =IF(C20="","",E19+C20) -> 353.19 | F20: =IF(E20="","",X$4+E20) -> 33465.77 | G20: =IF(F20="","",SLOPE(F$3:F20,B$3:B20)) -> 19.502951 | H20: =IF(F20="","",(F20+X$8)/X$9) -> 465.77 | I20: =IF(C20="","",IF(C20>0,I19+C20,I19)) -> 459.27 | J20: =D20 -> 17 | K20: =IF(C20="","",IF(C20>0,K19+1,K19)) -> 13 | L20: =IF(C20="","",IF(K20=0,"",I20/K20)) -> 35.328462 | M20: =D20 -> 17 | N20: =IF(C20="","",IF(K20=0,"",100*K20/B20)) -> 76.470588 | O20: =IF(C20="","",IF(C20<0,O19+C20,O19)) -> -106.08 | P20: =D20 -> 17 | Q20: =IF(C20="","",IF(C20<0,Q19+1,Q19)) -> 4 | R20: =D20 -> 17 | S20: =IF(C20="","",IF(Q20=0,"",O20/Q20)) -> -26.52 | T20: =D20 -> 17 | U20: =IF(L20="","",IF(S20="","",-L20/S20)) -> 1.3321441
B21: =B20+1 -> 18 | C21: =CRes!J20 -> 107.88 | D21: =IF(C21="","",D20+1) -> 18 | E21: =IF(C21="","",E20+C21) -> 461.07 | F21: =IF(E21="","",X$4+E21) -> 33573.65 | G21: =IF(F21="","",SLOPE(F$3:F21,B$3:B21)) -> 21.873386 | H21: =IF(F21="","",(F21+X$8)/X$9) -> 573.65 | I21: =IF(C21="","",IF(C21>0,I20+C21,I20)) -> 567.15 | J21: =D21 -> 18 | K21: =IF(C21="","",IF(C21>0,K20+1,K20)) -> 14 | L21: =IF(C21="","",IF(K21=0,"",I21/K21)) -> 40.510714 | M21: =D21 -> 18 | N21: =IF(C21="","",IF(K21=0,"",100*K21/B21)) -> 77.777778 | O21: =IF(C21="","",IF(C21<0,O20+C21,O20)) -> -106.08 | P21: =D21 -> 18 | Q21: =IF(C21="","",IF(C21<0,Q20+1,Q20)) -> 4 | R21: =D21 -> 18 | S21: =IF(C21="","",IF(Q21=0,"",O21/Q21)) -> -26.52 | T21: =D21 -> 18 | U21: =IF(L21="","",IF(S21="","",-L21/S21)) -> 1.5275533
B22: =B21+1 -> 19 | C22: =CRes!J21 -> 141.3 | D22: =IF(C22="","",D21+1) -> 19 | E22: =IF(C22="","",E21+C22) -> 602.37 | F22: =IF(E22="","",X$4+E22) -> 33714.95 | G22: =IF(F22="","",SLOPE(F$3:F22,B$3:B22)) -> 25.306511 | H22: =IF(F22="","",(F22+X$8)/X$9) -> 714.95 | I22: =IF(C22="","",IF(C22>0,I21+C22,I21)) -> 708.45 | J22: =D22 -> 19 | K22: =IF(C22="","",IF(C22>0,K21+1,K21)) -> 15 | L22: =IF(C22="","",IF(K22=0,"",I22/K22)) -> 47.23 | M22: =D22 -> 19 | N22: =IF(C22="","",IF(K22=0,"",100*K22/B22)) -> 78.947368 | O22: =IF(C22="","",IF(C22<0,O21+C22,O21)) -> -106.08 | P22: =D22 -> 19 | Q22: =IF(C22="","",IF(C22<0,Q21+1,Q21)) -> 4 | R22: =D22 -> 19 | S22: =IF(C22="","",IF(Q22=0,"",O22/Q22)) -> -26.52 | T22: =D22 -> 19 | U22: =IF(L22="","",IF(S22="","",-L22/S22)) -> 1.7809201
B23: =B22+1 -> 20 | C23: =CRes!J22 -> 196.56 | D23: =IF(C23="","",D22+1) -> 20 | E23: =IF(C23="","",E22+C23) -> 798.93 | F23: =IF(E23="","",X$4+E23) -> 33911.51 | G23: =IF(F23="","",SLOPE(F$3:F23,B$3:B23)) -> 30.071987 | H23: =IF(F23="","",(F23+X$8)/X$9) -> 911.51 | I23: =IF(C23="","",IF(C23>0,I22+C23,I22)) -> 905.01 | J23: =D23 -> 20 | K23: =IF(C23="","",IF(C23>0,K22+1,K22)) -> 16 | L23: =IF(C23="","",IF(K23=0,"",I23/K23)) -> 56.563125 | M23: =D23 -> 20 | N23: =IF(C23="","",IF(K23=0,"",100*K23/B23)) -> 80 | O23: =IF(C23="","",IF(C23<0,O22+C23,O22)) -> -106.08 | P23: =D23 -> 20 | Q23: =IF(C23="","",IF(C23<0,Q22+1,Q22)) -> 4 | R23: =D23 -> 20 | S23: =IF(C23="","",IF(Q23=0,"",O23/Q23)) -> -26.52 | T23: =D23 -> 20 | U23: =IF(L23="","",IF(S23="","",-L23/S23)) -> 2.1328479
B24: =B23+1 -> 21 | C24: =CRes!J23 -> 131.04 | D24: =IF(C24="","",D23+1) -> 21 | E24: =IF(C24="","",E23+C24) -> 929.97 | F24: =IF(E24="","",X$4+E24) -> 34042.55 | G24: =IF(F24="","",SLOPE(F$3:F24,B$3:B24)) -> 34.848052 | H24: =IF(F24="","",(F24+X$8)/X$9) -> 1042.55 | I24: =IF(C24="","",IF(C24>0,I23+C24,I23)) -> 1036.05 | J24: =D24 -> 21 | K24: =IF(C24="","",IF(C24>0,K23+1,K23)) -> 17 | L24: =IF(C24="","",IF(K24=0,"",I24/K24)) -> 60.944118 | M24: =D24 -> 21 | N24: =IF(C24="","",IF(K24=0,"",100*K24/B24)) -> 80.952381 | O24: =IF(C24="","",IF(C24<0,O23+C24,O23)) -> -106.08 | P24: =D24 -> 21 | Q24: =IF(C24="","",IF(C24<0,Q23+1,Q23)) -> 4 | R24: =D24 -> 21 | S24: =IF(C24="","",IF(Q24=0,"",O24/Q24)) -> -26.52 | T24: =D24 -> 21 | U24: =IF(L24="","",IF(S24="","",-L24/S24)) -> 2.2980437
B25: =B24+1 -> 22 | C25: =CRes!J24 -> 118.58 | D25: =IF(C25="","",D24+1) -> 22 | E25: =IF(C25="","",E24+C25) -> 1048.55 | F25: =IF(E25="","",X$4+E25) -> 34161.13 | G25: =IF(F25="","",SLOPE(F$3:F25,B$3:B25)) -> 39.392144 | H25: =IF(F25="","",(F25+X$8)/X$9) -> 1161.13 | I25: =IF(C25="","",IF(C25>0,I24+C25,I24)) -> 1154.63 | J25: =D25 -> 22 | K25: =IF(C25="","",IF(C25>0,K24+1,K24)) -> 18 | L25: =IF(C25="","",IF(K25=0,"",I25/K25)) -> 64.146111 | M25: =D25 -> 22 | N25: =IF(C25="","",IF(K25=0,"",100*K25/B25)) -> 81.818182 | O25: =IF(C25="","",IF(C25<0,O24+C25,O24)) -> -106.08 | P25: =D25 -> 22 | Q25: =IF(C25="","",IF(C25<0,Q24+1,Q24)) -> 4 | R25: =D25 -> 22 | S25: =IF(C25="","",IF(Q25=0,"",O25/Q25)) -> -26.52 | T25: =D25 -> 22 | U25: =IF(L25="","",IF(S25="","",-L25/S25)) -> 2.4187825
B26: =B25+1 -> 23 | C26: =CRes!J25 -> 224.99 | D26: =IF(C26="","",D25+1) -> 23 | E26: =IF(C26="","",E25+C26) -> 1273.54 | F26: =IF(E26="","",X$4+E26) -> 34386.12 | G26: =IF(F26="","",SLOPE(F$3:F26,B$3:B26)) -> 44.747074 | H26: =IF(F26="","",(F26+X$8)/X$9) -> 1386.12 | I26: =IF(C26="","",IF(C26>0,I25+C26,I25)) -> 1379.62 | J26: =D26 -> 23 | K26: =IF(C26="","",IF(C26>0,K25+1,K25)) -> 19 | L26: =IF(C26="","",IF(K26=0,"",I26/K26)) -> 72.611579 | M26: =D26 -> 23 | N26: =IF(C26="","",IF(K26=0,"",100*K26/B26)) -> 82.608696 | O26: =IF(C26="","",IF(C26<0,O25+C26,O25)) -> -106.08 | P26: =D26 -> 23 | Q26: =IF(C26="","",IF(C26<0,Q25+1,Q25)) -> 4 | R26: =D26 -> 23 | S26: =IF(C26="","",IF(Q26=0,"",O26/Q26)) -> -26.52 | T26: =D26 -> 23 | U26: =IF(L26="","",IF(S26="","",-L26/S26)) -> 2.7379932
B27: =B26+1 -> 24 | C27: =CRes!J26 | D27: =IF(C27="","",D26+1) | E27: =IF(C27="","",E26+C27) | F27: =IF(E27="","",X$4+E27) | G27: =IF(F27="","",SLOPE(F$3:F27,B$3:B27)) | H27: =IF(F27="","",(F27+X$8)/X$9) | I27: =IF(C27="","",IF(C27>0,I26+C27,I26)) | J27: =D27 | K27: =IF(C27="","",IF(C27>0,K26+1,K26)) | L27: =IF(C27="","",IF(K27=0,"",I27/K27)) | M27: =D27 | N27: =IF(C27="","",IF(K27=0,"",100*K27/B27)) | O27: =IF(C27="","",IF(C27<0,O26+C27,O26)) | P27: =D27 | Q27: =IF(C27="","",IF(C27<0,Q26+1,Q26)) | R27: =D27 | S27: =IF(C27="","",IF(Q27=0,"",O27/Q27)) | T27: =D27 | U27: =IF(L27="","",IF(S27="","",-L27/S27))
B28: =B27+1 -> 25 | C28: =CRes!J27 | D28: =IF(C28="","",D27+1) | E28: =IF(C28="","",E27+C28) | F28: =IF(E28="","",X$4+E28) | G28: =IF(F28="","",SLOPE(F$3:F28,B$3:B28)) | H28: =IF(F28="","",(F28+X$8)/X$9) | I28: =IF(C28="","",IF(C28>0,I27+C28,I27)) | J28: =D28 | K28: =IF(C28="","",IF(C28>0,K27+1,K27)) | L28: =IF(C28="","",IF(K28=0,"",I28/K28)) | M28: =D28 | N28: =IF(C28="","",IF(K28=0,"",100*K28/B28)) | O28: =IF(C28="","",IF(C28<0,O27+C28,O27)) | P28: =D28 | Q28: =IF(C28="","",IF(C28<0,Q27+1,Q27)) | R28: =D28 | S28: =IF(C28="","",IF(Q28=0,"",O28/Q28)) | T28: =D28 | U28: =IF(L28="","",IF(S28="","",-L28/S28))
B29: =B28+1 -> 26 | C29: =CRes!J28 | D29: =IF(C29="","",D28+1) | E29: =IF(C29="","",E28+C29) | F29: =IF(E29="","",X$4+E29) | G29: =IF(F29="","",SLOPE(F$3:F29,B$3:B29)) | H29: =IF(F29="","",(F29+X$8)/X$9) | I29: =IF(C29="","",IF(C29>0,I28+C29,I28)) | J29: =D29 | K29: =IF(C29="","",IF(C29>0,K28+1,K28)) | L29: =IF(C29="","",IF(K29=0,"",I29/K29)) | M29: =D29 | N29: =IF(C29="","",IF(K29=0,"",100*K29/B29)) | O29: =IF(C29="","",IF(C29<0,O28+C29,O28)) | P29: =D29 | Q29: =IF(C29="","",IF(C29<0,Q28+1,Q28)) | R29: =D29 | S29: =IF(C29="","",IF(Q29=0,"",O29/Q29)) | T29: =D29 | U29: =IF(L29="","",IF(S29="","",-L29/S29))
B30: =B29+1 -> 27 | C30: =CRes!J29 | D30: =IF(C30="","",D29+1) | E30: =IF(C30="","",E29+C30) | F30: =IF(E30="","",X$4+E30) | G30: =IF(F30="","",SLOPE(F$3:F30,B$3:B30)) | H30: =IF(F30="","",(F30+X$8)/X$9) | I30: =IF(C30="","",IF(C30>0,I29+C30,I29)) | J30: =D30 | K30: =IF(C30="","",IF(C30>0,K29+1,K29)) | L30: =IF(C30="","",IF(K30=0,"",I30/K30)) | M30: =D30 | N30: =IF(C30="","",IF(K30=0,"",100*K30/B30)) | O30: =IF(C30="","",IF(C30<0,O29+C30,O29)) | P30: =D30 | Q30: =IF(C30="","",IF(C30<0,Q29+1,Q29)) | R30: =D30 | S30: =IF(C30="","",IF(Q30=0,"",O30/Q30)) | T30: =D30 | U30: =IF(L30="","",IF(S30="","",-L30/S30))
B31: =B30+1 -> 28 | C31: =CRes!J30 | D31: =IF(C31="","",D30+1) | E31: =IF(C31="","",E30+C31) | F31: =IF(E31="","",X$4+E31) | G31: =IF(F31="","",SLOPE(F$3:F31,B$3:B31)) | H31: =IF(F31="","",(F31+X$8)/X$9) | I31: =IF(C31="","",IF(C31>0,I30+C31,I30)) | J31: =D31 | K31: =IF(C31="","",IF(C31>0,K30+1,K30)) | L31: =IF(C31="","",IF(K31=0,"",I31/K31)) | M31: =D31 | N31: =IF(C31="","",IF(K31=0,"",100*K31/B31)) | O31: =IF(C31="","",IF(C31<0,O30+C31,O30)) | P31: =D31 | Q31: =IF(C31="","",IF(C31<0,Q30+1,Q30)) | R31: =D31 | S31: =IF(C31="","",IF(Q31=0,"",O31/Q31)) | T31: =D31 | U31: =IF(L31="","",IF(S31="","",-L31/S31))
... B103: =B102+1 -> 100 | C103: =CRes!J102 | D103: =IF(C103="","",D102+1) | E103: =IF(C103="","",E102+C103) | F103: =IF(E103="","",X$4+E103) | G103: =IF(F103="","",SLOPE(F$3:F103,B$3:B103)) | H103: =IF(F103="","",(F103+X$8)/X$9) | I103: =IF(C103="","",IF(C103>0,I102+C103,I102)) | J103: =D103 | K103: =IF(C103="","",IF(C103>0,K102+1,K102)) | L103: =IF(C103="","",IF(K103=0,"",I103/K103)) | M103: =D103 | N103: =IF(C103="","",IF(K103=0,"",100*K103/B103)) | O103: =IF(C103="","",IF(C103<0,O102+C103,O102)) | P103: =D103 | Q103: =IF(C103="","",IF(C103<0,Q102+1,Q102)) | R103: =D103 | S103: =IF(C103="","",IF(Q103=0,"",O103/Q103)) | T103: =D103 | U103: =IF(L103="","",IF(S103="","",-L103/S103))

Sheet $Aj

Sheet GM

Sheet PM

Sheet FL

Sheet WRes
A1: Data | B1: Depósito | C1: Principal | D1: Balanço | E1: $ Bal | F1: $ Bal Ac | G1: % Bal | H1: % Bal Ac | I1: Pos.Liq. | J1: $ Liq | K1: $ Liq Ac | L1: % Liq | M1: % Liq Ac | N1: $ Aberto | O1: Obs.
A2: 42737 | C2: 33112.58 | D2: 33112.58 | I2: 33112.58
A3: 42741 | B3: 0 | C3: =IF(B3="","",C2+B3) -> 33112.58 | D3: 33149.65 | E3: =IF(B3="","",IF(D3="","",D3-D2-B3)) -> 37.07 | F3: =IF(E3="","",F2+E3) -> 37.07 | G3: =IF(E3="","",100*E3/C3) -> 0.11195141 | H3: =IF(F3="","",100*(F3/C3)) -> 0.11195141 | I3: 33149.65 | J3: =IF(B3="","",IF(I3="","",I3-I2-B3)) -> 37.07 | K3: =IF(J3="","",K2+J3) -> 37.07 | L3: =IF(J3="","",100*J3/(I2+0.5*B3)) -> 0.11195141 | M3: =IF(K3="","",100*K3/C3) -> 0.11195141 | N3: =IF(D3="","",IF(I3="","",I3-D3)) -> 0
A4: 42748 | B4: 0 | C4: =IF(B4="","",C3+B4) -> 33112.58 | D4: 33273.66 | E4: =IF(B4="","",IF(D4="","",D4-D3-B4)) -> 124.01 | F4: =IF(E4="","",F3+E4) -> 161.08 | G4: =IF(E4="","",100*E4/(D3+0.5*B4)) -> 0.37409143 | H4: =IF(F4="","",100*(F4/C4)) -> 0.48646164 | I4: 33273.66 | J4: =IF(B4="","",IF(I4="","",I4-I3-B4)) -> 124.01 | K4: =IF(J4="","",K3+J4) -> 161.08 | L4: =IF(J4="","",100*J4/(I3+0.5*B4)) -> 0.37409143 | M4: =IF(K4="","",100*K4/C4) -> 0.48646164 | N4: =IF(D4="","",IF(I4="","",I4-D4)) -> 0
A5: 42755 | B5: 0 | C5: =IF(B5="","",C4+B5) -> 33112.58 | D5: 33348.02 | E5: =IF(B5="","",IF(D5="","",D5-D4-B5)) -> 74.36 | F5: =IF(E5="","",F4+E5) -> 235.44 | G5: =IF(E5="","",100*E5/(D4+0.5*B5)) -> 0.22348007 | H5: =IF(F5="","",100*(F5/C5)) -> 0.71102886 | I5: 33348.02 | J5: =IF(B5="","",IF(I5="","",I5-I4-B5)) -> 74.36 | K5: =IF(J5="","",K4+J5) -> 235.44 | L5: =IF(J5="","",100*J5/(I4+0.5*B5)) -> 0.22348007 | M5: =IF(K5="","",100*K5/C5) -> 0.71102886 | N5: =IF(D5="","",IF(I5="","",I5-D5)) -> 0
A6: 42762 | B6: 0 | C6: =IF(B6="","",C5+B6) -> 33112.58 | D6: 33911.51 | E6: =IF(B6="","",IF(D6="","",D6-D5-B6)) -> 563.49 | F6: =IF(E6="","",F5+E6) -> 798.93 | G6: =IF(E6="","",100*E6/(D5+0.5*B6)) -> 1.6897255 | H6: =IF(F6="","",100*(F6/C6)) -> 2.4127688 | I6: 33911.51 | J6: =IF(B6="","",IF(I6="","",I6-I5-B6)) -> 563.49 | K6: =IF(J6="","",K5+J6) -> 798.93 | L6: =IF(J6="","",100*J6/(I5+0.5*B6)) -> 1.6897255 | M6: =IF(K6="","",100*K6/C6) -> 2.4127688 | N6: =IF(D6="","",IF(I6="","",I6-D6)) -> 0
A7: 42769 | B7: 0 | C7: =IF(B7="","",C6+B7) -> 33112.58 | D7: 34386.12 | E7: =IF(B7="","",IF(D7="","",D7-D6-B7)) -> 474.61 | F7: =IF(E7="","",F6+E7) -> 1273.54 | G7: =IF(E7="","",100*E7/(D6+0.5*B7)) -> 1.3995543 | H7: =IF(F7="","",100*(F7/C7)) -> 3.8460911 | I7: 34386.12 | J7: =IF(B7="","",IF(I7="","",I7-I6-B7)) -> 474.61 | K7: =IF(J7="","",K6+J7) -> 1273.54 | L7: =IF(J7="","",100*J7/(I6+0.5*B7)) -> 1.3995543 | M7: =IF(K7="","",100*K7/C7) -> 3.8460911 | N7: =IF(D7="","",IF(I7="","",I7-D7)) -> 0
C8: =IF(B8="","",C7+B8) | E8: =IF(B8="","",IF(D8="","",D8-D7-B8)) | F8: =IF(E8="","",F7+E8) | G8: =IF(E8="","",100*E8/(D7+0.5*B8)) | H8: =IF(F8="","",100*(F8/C8)) | J8: =IF(B8="","",IF(I8="","",I8-I7-B8)) | K8: =IF(J8="","",K7+J8) | L8: =IF(J8="","",100*J8/(I7+0.5*B8)) | M8: =IF(K8="","",100*K8/C8) | N8: =IF(D8="","",IF(I8="","",I8-D8))
C9: =IF(B9="","",C8+B9) | E9: =IF(B9="","",IF(D9="","",D9-D8-B9)) | F9: =IF(E9="","",F8+E9) | G9: =IF(E9="","",100*E9/(D8+0.5*B9)) | H9: =IF(F9="","",100*(F9/C9)) | J9: =IF(B9="","",IF(I9="","",I9-I8-B9)) | K9: =IF(J9="","",K8+J9) | L9: =IF(J9="","",100*J9/(I8+0.5*B9)) | M9: =IF(K9="","",100*K9/C9) | N9: =IF(D9="","",IF(I9="","",I9-D9))
C10: =IF(B10="","",C9+B10) | E10: =IF(B10="","",IF(D10="","",D10-D9-B10)) | F10: =IF(E10="","",F9+E10) | G10: =IF(E10="","",100*E10/(D9+0.5*B10)) | H10: =IF(F10="","",100*(F10/C10)) | J10: =IF(B10="","",IF(I10="","",I10-I9-B10)) | K10: =IF(J10="","",K9+J10) | L10: =IF(J10="","",100*J10/(I9+0.5*B10)) | M10: =IF(K10="","",100*K10/C10) | N10: =IF(D10="","",IF(I10="","",I10-D10))
C11: =IF(B11="","",C10+B11) | E11: =IF(B11="","",IF(D11="","",D11-D10-B11)) | F11: =IF(E11="","",F10+E11) | G11: =IF(E11="","",100*E11/(D10+0.5*B11)) | H11: =IF(F11="","",100*(F11/C11)) | J11: =IF(B11="","",IF(I11="","",I11-I10-B11)) | K11: =IF(J11="","",K10+J11) | L11: =IF(J11="","",100*J11/(I10+0.5*B11)) | M11: =IF(K11="","",100*K11/C11) | N11: =IF(D11="","",IF(I11="","",I11-D11))
C12: =IF(B12="","",C11+B12) | E12: =IF(B12="","",IF(D12="","",D12-D11-B12)) | F12: =IF(E12="","",F11+E12) | G12: =IF(E12="","",100*E12/(D11+0.5*B12)) | H12: =IF(F12="","",100*(F12/C12)) | J12: =IF(B12="","",IF(I12="","",I12-I11-B12)) | K12: =IF(J12="","",K11+J12) | L12: =IF(J12="","",100*J12/(I11+0.5*B12)) | M12: =IF(K12="","",100*K12/C12) | N12: =IF(D12="","",IF(I12="","",I12-D12))
C13: =IF(B13="","",C12+B13) | E13: =IF(B13="","",IF(D13="","",D13-D12-B13)) | F13: =IF(E13="","",F12+E13) | G13: =IF(E13="","",100*E13/(D12+0.5*B13)) | H13: =IF(F13="","",100*(F13/C13)) | J13: =IF(B13="","",IF(I13="","",I13-I12-B13)) | K13: =IF(J13="","",K12+J13) | L13: =IF(J13="","",100*J13/(I12+0.5*B13)) | M13: =IF(K13="","",100*K13/C13) | N13: =IF(D13="","",IF(I13="","",I13-D13))
C14: =IF(B14="","",C13+B14) | E14: =IF(B14="","",IF(D14="","",D14-D13-B14)) | F14: =IF(E14="","",F13+E14) | G14: =IF(E14="","",100*E14/(D13+0.5*B14)) | H14: =IF(F14="","",100*(F14/C14)) | J14: =IF(B14="","",IF(I14="","",I14-I13-B14)) | K14: =IF(J14="","",K13+J14) | L14: =IF(J14="","",100*J14/(I13+0.5*B14)) | M14: =IF(K14="","",100*K14/C14) | N14: =IF(D14="","",IF(I14="","",I14-D14))
C15: =IF(B15="","",C14+B15) | E15: =IF(B15="","",IF(D15="","",D15-D14-B15)) | F15: =IF(E15="","",F14+E15) | G15: =IF(E15="","",100*E15/(D14+0.5*B15)) | H15: =IF(F15="","",100*(F15/C15)) | J15: =IF(B15="","",IF(I15="","",I15-I14-B15)) | K15: =IF(J15="","",K14+J15) | L15: =IF(J15="","",100*J15/(I14+0.5*B15)) | M15: =IF(K15="","",100*K15/C15) | N15: =IF(D15="","",IF(I15="","",I15-D15))
C16: =IF(B16="","",C15+B16) | E16: =IF(B16="","",IF(D16="","",D16-D15-B16)) | F16: =IF(E16="","",F15+E16) | G16: =IF(E16="","",100*E16/(D15+0.5*B16)) | H16: =IF(F16="","",100*(F16/C16)) | J16: =IF(B16="","",IF(I16="","",I16-I15-B16)) | K16: =IF(J16="","",K15+J16) | L16: =IF(J16="","",100*J16/(I15+0.5*B16)) | M16: =IF(K16="","",100*K16/C16) | N16: =IF(D16="","",IF(I16="","",I16-D16))
C17: =IF(B17="","",C16+B17) | E17: =IF(B17="","",IF(D17="","",D17-D16-B17)) | F17: =IF(E17="","",F16+E17) | G17: =IF(E17="","",100*E17/(D16+0.5*B17)) | H17: =IF(F17="","",100*(F17/C17)) | J17: =IF(B17="","",IF(I17="","",I17-I16-B17)) | K17: =IF(J17="","",K16+J17) | L17: =IF(J17="","",100*J17/(I16+0.5*B17)) | M17: =IF(K17="","",100*K17/C17) | N17: =IF(D17="","",IF(I17="","",I17-D17))
C18: =IF(B18="","",C17+B18) | E18: =IF(B18="","",IF(D18="","",D18-D17-B18)) | F18: =IF(E18="","",F17+E18) | G18: =IF(E18="","",100*E18/(D17+0.5*B18)) | H18: =IF(F18="","",100*(F18/C18)) | J18: =IF(B18="","",IF(I18="","",I18-I17-B18)) | K18: =IF(J18="","",K17+J18) | L18: =IF(J18="","",100*J18/(I17+0.5*B18)) | M18: =IF(K18="","",100*K18/C18) | N18: =IF(D18="","",IF(I18="","",I18-D18))
C19: =IF(B19="","",C18+B19) | E19: =IF(B19="","",IF(D19="","",D19-D18-B19)) | F19: =IF(E19="","",F18+E19) | G19: =IF(E19="","",100*E19/(D18+0.5*B19)) | H19: =IF(F19="","",100*(F19/C19)) | J19: =IF(B19="","",IF(I19="","",I19-I18-B19)) | K19: =IF(J19="","",K18+J19) | L19: =IF(J19="","",100*J19/(I18+0.5*B19)) | M19: =IF(K19="","",100*K19/C19) | N19: =IF(D19="","",IF(I19="","",I19-D19))
... C102: =IF(B102="","",C101+B102) | E102: =IF(B102="","",IF(D102="","",D102-D101-B102)) | F102: =IF(E102="","",F101+E102) | G102: =IF(E102="","",100*E102/(D101+0.5*B102)) | H102: =IF(F102="","",100*(F102/C102)) | J102: =IF(B102="","",IF(I102="","",I102-I101-B102)) | K102: =IF(J102="","",K101+J102) | L102: =IF(J102="","",100*J102/(I101+0.5*B102)) | M102: =IF(K102="","",100*K102/C102) | N102: =IF(D102="","",IF(I102="","",I102-D102))

Sheet WMéd
A1: Data | B1: Pos.Liq. | C1: % Liq | D1: # | E1: Fator | F1: # | G1: Mhist | H1: # | I1: Fator | J1: Mrec1 | K1: # | L1: Fator | M1: Mrec2 | N1: Obs.
A2: =IF(WRes!A2="","",WRes!A2) -> 42737 | B2: =IF(WRes!I2="","",WRes!I2) -> 33112.58 | D2: 0 | E2: 1 | F2: 0
A3: =IF(WRes!A3="","",WRes!A3) -> 42741 | B3: =IF(WRes!I3="","",WRes!I3) -> 33149.65 | C3: =WRes!L3 -> 0.11195141 | D3: =IF(C3="","",D2+1) -> 1 | E3: =IF(C3="","",E2*(1+C3/100)) -> 1.0011195 | F3: =IF(E3="","",F2+1) -> 1 | G3: =IF(C3="","",100*(E3^(1/D3)-1)) -> 0.11195141 | O3: Mhist
A4: =IF(WRes!A4="","",WRes!A4) -> 42748 | B4: =IF(WRes!I4="","",WRes!I4) -> 33273.66 | C4: =WRes!L4 -> 0.37409143 | D4: =IF(C4="","",D3+1) -> 2 | E4: =IF(C4="","",E3*(1+C4/100)) -> 1.0048646 | F4: =IF(E4="","",F3+1) -> 2 | G4: =IF(C4="","",100*(E4^(1/D4)-1)) -> 0.24293573 | O4: =IF(G3="","",VLOOKUP(MAX(F3:F102),F3:G102,2,FALSE)) -> 0.75765023 | Q4: Há ganho consistente?
A5: =IF(WRes!A5="","",WRes!A5) -> 42755 | B5: =IF(WRes!I5="","",WRes!I5) -> 33348.02 | C5: =WRes!L5 -> 0.22348007 | D5: =IF(C5="","",D4+1) -> 3 | E5: =IF(C5="","",E4*(1+C5/100)) -> 1.0071103 | F5: =IF(E5="","",F4+1) -> 3 | G5: =IF(C5="","",100*(E5^(1/D5)-1)) -> 0.23645009
A6: =IF(WRes!A6="","",WRes!A6) -> 42762 | B6: =IF(WRes!I6="","",WRes!I6) -> 33911.51 | C6: =WRes!L6 -> 1.6897255 | D6: =IF(C6="","",D5+1) -> 4 | E6: =IF(C6="","",E5*(1+C6/100)) -> 1.0241277 | F6: =IF(E6="","",F5+1) -> 4 | G6: =IF(C6="","",100*(E6^(1/D6)-1)) -> 0.59781015 | H6: 0 | I6: 1 | Q6: Teste T (B2:B7) | S6: =_xlfn.T.TEST(B2:B4,B5:B7,2,3) -> 0.14044075 | T6: =1-S6 -> 0.85955925
A7: =IF(WRes!A7="","",WRes!A7) -> 42769 | B7: =IF(WRes!I7="","",WRes!I7) -> 34386.12 | C7: =WRes!L7 -> 1.3995543 | D7: =IF(C7="","",D6+1) -> 5 | E7: =IF(C7="","",E6*(1+C7/100)) -> 1.0384609 | F7: =IF(E7="","",F6+1) -> 5 | G7: =IF(C7="","",100*(E7^(1/D7)-1)) -> 0.75765023 | H7: =IF(E7="","",H6+1) -> 1 | I7: =IF(C7="","",I6*(1+C7/100)) -> 1.0139955 | J7: =IF(C7="","",100*(I7^(1/H7)-1)) -> 1.3995543 | K7: 0 | L7: 1
A8: =IF(WRes!A8="","",WRes!A8) | B8: =IF(WRes!I8="","",WRes!I8) | C8: =WRes!L8 | D8: =IF(C8="","",D7+1) | E8: =IF(C8="","",E7*(1+C8/100)) | F8: =IF(E8="","",F7+1) | G8: =IF(C8="","",100*(E8^(1/D8)-1)) | H8: =IF(E8="","",H7+1) | I8: =IF(C8="","",I7*(1+C8/100)) | J8: =IF(C8="","",100*(I8^(1/H8)-1)) | K8: =IF(I8="","",K7+1) | L8: =IF(C8="","",L7*(1+C8/100)) | M8: =IF(C8="","",100*(L8^(1/K8)-1)) | Q8: O desempenho está melhorando?
A9: =IF(WRes!A9="","",WRes!A9) | B9: =IF(WRes!I9="","",WRes!I9) | C9: =WRes!L9 | D9: =IF(C9="","",D8+1) | E9: =IF(C9="","",E8*(1+C9/100)) | F9: =IF(E9="","",F8+1) | G9: =IF(C9="","",100*(E9^(1/D9)-1)) | H9: =IF(E9="","",H8+1) | I9: =IF(C9="","",I8*(1+C9/100)) | J9: =IF(C9="","",100*(I9^(1/H9)-1)) | K9: =IF(I9="","",K8+1) | L9: =IF(C9="","",L8*(1+C9/100)) | M9: =IF(C9="","",100*(L9^(1/K9)-1))
A10: =IF(WRes!A10="","",WRes!A10) | B10: =IF(WRes!I10="","",WRes!I10) | C10: =WRes!L10 | D10: =IF(C10="","",D9+1) | E10: =IF(C10="","",E9*(1+C10/100)) | F10: =IF(E10="","",F9+1) | G10: =IF(C10="","",100*(E10^(1/D10)-1)) | H10: =IF(E10="","",H9+1) | I10: =IF(C10="","",I9*(1+C10/100)) | J10: =IF(C10="","",100*(I10^(1/H10)-1)) | K10: =IF(I10="","",K9+1) | L10: =IF(C10="","",L9*(1+C10/100)) | M10: =IF(C10="","",100*(L10^(1/K10)-1)) | Q10: Teste T (C3:C6) | S10: =_xlfn.T.TEST(C3:C4,C5:C6,2,3) -> 0.50580176 | T10: =1-S10 -> 0.49419824
A11: =IF(WRes!A11="","",WRes!A11) | B11: =IF(WRes!I11="","",WRes!I11) | C11: =WRes!L11 | D11: =IF(C11="","",D10+1) | E11: =IF(C11="","",E10*(1+C11/100)) | F11: =IF(E11="","",F10+1) | G11: =IF(C11="","",100*(E11^(1/D11)-1)) | H11: =IF(E11="","",H10+1) | I11: =IF(C11="","",I10*(1+C11/100)) | J11: =IF(C11="","",100*(I11^(1/H11)-1)) | K11: =IF(I11="","",K10+1) | L11: =IF(C11="","",L10*(1+C11/100)) | M11: =IF(C11="","",100*(L11^(1/K11)-1))
A12: =IF(WRes!A12="","",WRes!A12) | B12: =IF(WRes!I12="","",WRes!I12) | C12: =WRes!L12 | D12: =IF(C12="","",D11+1) | E12: =IF(C12="","",E11*(1+C12/100)) | F12: =IF(E12="","",F11+1) | G12: =IF(C12="","",100*(E12^(1/D12)-1)) | H12: =IF(E12="","",H11+1) | I12: =IF(C12="","",I11*(1+C12/100)) | J12: =IF(C12="","",100*(I12^(1/H12)-1)) | K12: =IF(I12="","",K11+1) | L12: =IF(C12="","",L11*(1+C12/100)) | M12: =IF(C12="","",100*(L12^(1/K12)-1))
A13: =IF(WRes!A13="","",WRes!A13) | B13: =IF(WRes!I13="","",WRes!I13) | C13: =WRes!L13 | D13: =IF(C13="","",D12+1) | E13: =IF(C13="","",E12*(1+C13/100)) | F13: =IF(E13="","",F12+1) | G13: =IF(C13="","",100*(E13^(1/D13)-1)) | H13: =IF(E13="","",H12+1) | I13: =IF(C13="","",I12*(1+C13/100)) | J13: =IF(C13="","",100*(I13^(1/H13)-1)) | K13: =IF(I13="","",K12+1) | L13: =IF(C13="","",L12*(1+C13/100)) | M13: =IF(C13="","",100*(L13^(1/K13)-1))
A14: =IF(WRes!A14="","",WRes!A14) | B14: =IF(WRes!I14="","",WRes!I14) | C14: =WRes!L14 | D14: =IF(C14="","",D13+1) | E14: =IF(C14="","",E13*(1+C14/100)) | F14: =IF(E14="","",F13+1) | G14: =IF(C14="","",100*(E14^(1/D14)-1)) | H14: =IF(E14="","",H13+1) | I14: =IF(C14="","",I13*(1+C14/100)) | J14: =IF(C14="","",100*(I14^(1/H14)-1)) | K14: =IF(I14="","",K13+1) | L14: =IF(C14="","",L13*(1+C14/100)) | M14: =IF(C14="","",100*(L14^(1/K14)-1))
A15: =IF(WRes!A15="","",WRes!A15) | B15: =IF(WRes!I15="","",WRes!I15) | C15: =WRes!L15 | D15: =IF(C15="","",D14+1) | E15: =IF(C15="","",E14*(1+C15/100)) | F15: =IF(E15="","",F14+1) | G15: =IF(C15="","",100*(E15^(1/D15)-1)) | H15: =IF(E15="","",H14+1) | I15: =IF(C15="","",I14*(1+C15/100)) | J15: =IF(C15="","",100*(I15^(1/H15)-1)) | K15: =IF(I15="","",K14+1) | L15: =IF(C15="","",L14*(1+C15/100)) | M15: =IF(C15="","",100*(L15^(1/K15)-1))
A16: =IF(WRes!A16="","",WRes!A16) | B16: =IF(WRes!I16="","",WRes!I16) | C16: =WRes!L16 | D16: =IF(C16="","",D15+1) | E16: =IF(C16="","",E15*(1+C16/100)) | F16: =IF(E16="","",F15+1) | G16: =IF(C16="","",100*(E16^(1/D16)-1)) | H16: =IF(E16="","",H15+1) | I16: =IF(C16="","",I15*(1+C16/100)) | J16: =IF(C16="","",100*(I16^(1/H16)-1)) | K16: =IF(I16="","",K15+1) | L16: =IF(C16="","",L15*(1+C16/100)) | M16: =IF(C16="","",100*(L16^(1/K16)-1))
A17: =IF(WRes!A17="","",WRes!A17) | B17: =IF(WRes!I17="","",WRes!I17) | C17: =WRes!L17 | D17: =IF(C17="","",D16+1) | E17: =IF(C17="","",E16*(1+C17/100)) | F17: =IF(E17="","",F16+1) | G17: =IF(C17="","",100*(E17^(1/D17)-1)) | H17: =IF(E17="","",H16+1) | I17: =IF(C17="","",I16*(1+C17/100)) | J17: =IF(C17="","",100*(I17^(1/H17)-1)) | K17: =IF(I17="","",K16+1) | L17: =IF(C17="","",L16*(1+C17/100)) | M17: =IF(C17="","",100*(L17^(1/K17)-1))
A18: =IF(WRes!A18="","",WRes!A18) | B18: =IF(WRes!I18="","",WRes!I18) | C18: =WRes!L18 | D18: =IF(C18="","",D17+1) | E18: =IF(C18="","",E17*(1+C18/100)) | F18: =IF(E18="","",F17+1) | G18: =IF(C18="","",100*(E18^(1/D18)-1)) | H18: =IF(E18="","",H17+1) | I18: =IF(C18="","",I17*(1+C18/100)) | J18: =IF(C18="","",100*(I18^(1/H18)-1)) | K18: =IF(I18="","",K17+1) | L18: =IF(C18="","",L17*(1+C18/100)) | M18: =IF(C18="","",100*(L18^(1/K18)-1))
A19: =IF(WRes!A19="","",WRes!A19) | B19: =IF(WRes!I19="","",WRes!I19) | C19: =WRes!L19 | D19: =IF(C19="","",D18+1) | E19: =IF(C19="","",E18*(1+C19/100)) | F19: =IF(E19="","",F18+1) | G19: =IF(C19="","",100*(E19^(1/D19)-1)) | H19: =IF(E19="","",H18+1) | I19: =IF(C19="","",I18*(1+C19/100)) | J19: =IF(C19="","",100*(I19^(1/H19)-1)) | K19: =IF(I19="","",K18+1) | L19: =IF(C19="","",L18*(1+C19/100)) | M19: =IF(C19="","",100*(L19^(1/K19)-1))
A20: =IF(WRes!A20="","",WRes!A20) | B20: =IF(WRes!I20="","",WRes!I20) | C20: =WRes!L20 | D20: =IF(C20="","",D19+1) | E20: =IF(C20="","",E19*(1+C20/100)) | F20: =IF(E20="","",F19+1) | G20: =IF(C20="","",100*(E20^(1/D20)-1)) | H20: =IF(E20="","",H19+1) | I20: =IF(C20="","",I19*(1+C20/100)) | J20: =IF(C20="","",100*(I20^(1/H20)-1)) | K20: =IF(I20="","",K19+1) | L20: =IF(C20="","",L19*(1+C20/100)) | M20: =IF(C20="","",100*(L20^(1/K20)-1))
A21: =IF(WRes!A21="","",WRes!A21) | B21: =IF(WRes!I21="","",WRes!I21) | C21: =WRes!L21 | D21: =IF(C21="","",D20+1) | E21: =IF(C21="","",E20*(1+C21/100)) | F21: =IF(E21="","",F20+1) | G21: =IF(C21="","",100*(E21^(1/D21)-1)) | H21: =IF(E21="","",H20+1) | I21: =IF(C21="","",I20*(1+C21/100)) | J21: =IF(C21="","",100*(I21^(1/H21)-1)) | K21: =IF(I21="","",K20+1) | L21: =IF(C21="","",L20*(1+C21/100)) | M21: =IF(C21="","",100*(L21^(1/K21)-1))
A22: =IF(WRes!A22="","",WRes!A22) | B22: =IF(WRes!I22="","",WRes!I22) | C22: =WRes!L22 | D22: =IF(C22="","",D21+1) | E22: =IF(C22="","",E21*(1+C22/100)) | F22: =IF(E22="","",F21+1) | G22: =IF(C22="","",100*(E22^(1/D22)-1)) | H22: =IF(E22="","",H21+1) | I22: =IF(C22="","",I21*(1+C22/100)) | J22: =IF(C22="","",100*(I22^(1/H22)-1)) | K22: =IF(I22="","",K21+1) | L22: =IF(C22="","",L21*(1+C22/100)) | M22: =IF(C22="","",100*(L22^(1/K22)-1))
... A102: =IF(WRes!A102="","",WRes!A102) | B102: =IF(WRes!I102="","",WRes!I102) | C102: =WRes!L102 | D102: =IF(C102="","",D101+1) | E102: =IF(C102="","",E101*(1+C102/100)) | F102: =IF(E102="","",F101+1) | G102: =IF(C102="","",100*(E102^(1/D102)-1)) | H102: =IF(E102="","",H101+1) | I102: =IF(C102="","",I101*(1+C102/100)) | J102: =IF(C102="","",100*(I102^(1/H102)-1)) | K102: =IF(I102="","",K101+1) | L102: =IF(C102="","",L101*(1+C102/100)) | M102: =IF(C102="","",100*(L102^(1/K102)-1))

Sheet MRes
A1: Data | B1: Depósito | C1: Principal | D1: Balanço | E1: $ Bal | F1: $ Bal Ac | G1: % Bal | H1: % Bal Ac | I1: Pos.Liq. | J1: $ Liq | K1: $ Liq Ac | L1: % Liq | M1: % Liq Ac | N1: $ Aberto | O1: Obs.
A2: 42737 | C2: 33112.58 | D2: 33112.58 | I2: 33112.58
A3: 42766 | B3: 0 | C3: =IF(B3="","",C2+B3) -> 33112.58 | D3: 34042.55 | E3: =IF(B3="","",IF(D3="","",D3-D2-B3)) -> 929.97 | F3: =IF(E3="","",F2+E3) -> 929.97 | G3: =IF(E3="","",100*E3/(D2+0.5*B3)) -> 2.8085096 | H3: =IF(F3="","",100*(F3/C3)) -> 2.8085096 | I3: 34042.55 | J3: =IF(B3="","",IF(I3="","",I3-I2-B3)) -> 929.97 | K3: =IF(J3="","",K2+J3) -> 929.97 | L3: =IF(J3="","",100*J3/(I2+0.5*B3)) -> 2.8085096 | M3: =IF(K3="","",100*K3/C3) -> 2.8085096 | N3: =IF(D3="","",IF(I3="","",I3-D3)) -> 0
C4: =IF(B4="","",C3+B4) | E4: =IF(B4="","",IF(D4="","",D4-D3-B4)) | F4: =IF(E4="","",F3+E4) | G4: =IF(E4="","",100*E4/(D3+0.5*B4)) | H4: =IF(F4="","",100*(F4/C4)) | J4: =IF(B4="","",IF(I4="","",I4-I3-B4)) | K4: =IF(J4="","",K3+J4) | L4: =IF(J4="","",100*J4/(I3+0.5*B4)) | M4: =IF(K4="","",100*K4/C4) | N4: =IF(D4="","",IF(I4="","",I4-D4))
C5: =IF(B5="","",C4+B5) | E5: =IF(B5="","",IF(D5="","",D5-D4-B5)) | F5: =IF(E5="","",F4+E5) | G5: =IF(E5="","",100*E5/(D4+0.5*B5)) | H5: =IF(F5="","",100*(F5/C5)) | J5: =IF(B5="","",IF(I5="","",I5-I4-B5)) | K5: =IF(J5="","",K4+J5) | L5: =IF(J5="","",100*J5/(I4+0.5*B5)) | M5: =IF(K5="","",100*K5/C5) | N5: =IF(D5="","",IF(I5="","",I5-D5))
C6: =IF(B6="","",C5+B6) | E6: =IF(B6="","",IF(D6="","",D6-D5-B6)) | F6: =IF(E6="","",F5+E6) | G6: =IF(E6="","",100*E6/(D5+0.5*B6)) | H6: =IF(F6="","",100*(F6/C6)) | J6: =IF(B6="","",IF(I6="","",I6-I5-B6)) | K6: =IF(J6="","",K5+J6) | L6: =IF(J6="","",100*J6/(I5+0.5*B6)) | M6: =IF(K6="","",100*K6/C6) | N6: =IF(D6="","",IF(I6="","",I6-D6))
C7: =IF(B7="","",C6+B7) | E7: =IF(B7="","",IF(D7="","",D7-D6-B7)) | F7: =IF(E7="","",F6+E7) | G7: =IF(E7="","",100*E7/(D6+0.5*B7)) | H7: =IF(F7="","",100*(F7/C7)) | J7: =IF(B7="","",IF(I7="","",I7-I6-B7)) | K7: =IF(J7="","",K6+J7) | L7: =IF(J7="","",100*J7/(I6+0.5*B7)) | M7: =IF(K7="","",100*K7/C7) | N7: =IF(D7="","",IF(I7="","",I7-D7))
C8: =IF(B8="","",C7+B8) | E8: =IF(B8="","",IF(D8="","",D8-D7-B8)) | F8: =IF(E8="","",F7+E8) | G8: =IF(E8="","",100*E8/(D7+0.5*B8)) | H8: =IF(F8="","",100*(F8/C8)) | J8: =IF(B8="","",IF(I8="","",I8-I7-B8)) | K8: =IF(J8="","",K7+J8) | L8: =IF(J8="","",100*J8/(I7+0.5*B8)) | M8: =IF(K8="","",100*K8/C8) | N8: =IF(D8="","",IF(I8="","",I8-D8))
C9: =IF(B9="","",C8+B9) | E9: =IF(B9="","",IF(D9="","",D9-D8-B9)) | F9: =IF(E9="","",F8+E9) | G9: =IF(E9="","",100*E9/(D8+0.5*B9)) | H9: =IF(F9="","",100*(F9/C9)) | J9: =IF(B9="","",IF(I9="","",I9-I8-B9)) | K9: =IF(J9="","",K8+J9) | L9: =IF(J9="","",100*J9/(I8+0.5*B9)) | M9: =IF(K9="","",100*K9/C9) | N9: =IF(D9="","",IF(I9="","",I9-D9))
C10: =IF(B10="","",C9+B10) | E10: =IF(B10="","",IF(D10="","",D10-D9-B10)) | F10: =IF(E10="","",F9+E10) | G10: =IF(E10="","",100*E10/(D9+0.5*B10)) | H10: =IF(F10="","",100*(F10/C10)) | J10: =IF(B10="","",IF(I10="","",I10-I9-B10)) | K10: =IF(J10="","",K9+J10) | L10: =IF(J10="","",100*J10/(I9+0.5*B10)) | M10: =IF(K10="","",100*K10/C10) | N10: =IF(D10="","",IF(I10="","",I10-D10))
C11: =IF(B11="","",C10+B11) | E11: =IF(B11="","",IF(D11="","",D11-D10-B11)) | F11: =IF(E11="","",F10+E11) | G11: =IF(E11="","",100*E11/(D10+0.5*B11)) | H11: =IF(F11="","",100*(F11/C11)) | J11: =IF(B11="","",IF(I11="","",I11-I10-B11)) | K11: =IF(J11="","",K10+J11) | L11: =IF(J11="","",100*J11/(I10+0.5*B11)) | M11: =IF(K11="","",100*K11/C11) | N11: =IF(D11="","",IF(I11="","",I11-D11))
C12: =IF(B12="","",C11+B12) | E12: =IF(B12="","",IF(D12="","",D12-D11-B12)) | F12: =IF(E12="","",F11+E12) | G12: =IF(E12="","",100*E12/(D11+0.5*B12)) | H12: =IF(F12="","",100*(F12/C12)) | J12: =IF(B12="","",IF(I12="","",I12-I11-B12)) | K12: =IF(J12="","",K11+J12) | L12: =IF(J12="","",100*J12/(I11+0.5*B12)) | M12: =IF(K12="","",100*K12/C12) | N12: =IF(D12="","",IF(I12="","",I12-D12))
C13: =IF(B13="","",C12+B13) | E13: =IF(B13="","",IF(D13="","",D13-D12-B13)) | F13: =IF(E13="","",F12+E13) | G13: =IF(E13="","",100*E13/(D12+0.5*B13)) | H13: =IF(F13="","",100*(F13/C13)) | J13: =IF(B13="","",IF(I13="","",I13-I12-B13)) | K13: =IF(J13="","",K12+J13) | L13: =IF(J13="","",100*J13/(I12+0.5*B13)) | M13: =IF(K13="","",100*K13/C13) | N13: =IF(D13="","",IF(I13="","",I13-D13))
C14: =IF(B14="","",C13+B14) | E14: =IF(B14="","",IF(D14="","",D14-D13-B14)) | F14: =IF(E14="","",F13+E14) | G14: =IF(E14="","",100*E14/(D13+0.5*B14)) | H14: =IF(F14="","",100*(F14/C14)) | J14: =IF(B14="","",IF(I14="","",I14-I13-B14)) | K14: =IF(J14="","",K13+J14) | L14: =IF(J14="","",100*J14/(I13+0.5*B14)) | M14: =IF(K14="","",100*K14/C14) | N14: =IF(D14="","",IF(I14="","",I14-D14))
C15: =IF(B15="","",C14+B15) | E15: =IF(B15="","",IF(D15="","",D15-D14-B15)) | F15: =IF(E15="","",F14+E15) | G15: =IF(E15="","",100*E15/(D14+0.5*B15)) | H15: =IF(F15="","",100*(F15/C15)) | J15: =IF(B15="","",IF(I15="","",I15-I14-B15)) | K15: =IF(J15="","",K14+J15) | L15: =IF(J15="","",100*J15/(I14+0.5*B15)) | M15: =IF(K15="","",100*K15/C15) | N15: =IF(D15="","",IF(I15="","",I15-D15))
... C102: =IF(B102="","",C101+B102) | E102: =IF(B102="","",IF(D102="","",D102-D101-B102)) | F102: =IF(E102="","",F101+E102) | G102: =IF(E102="","",100*E102/(D101+0.5*B102)) | H102: =IF(F102="","",100*(F102/C102)) | J102: =IF(B102="","",IF(I102="","",I102-I101-B102)) | K102: =IF(J102="","",K101+J102) | L102: =IF(J102="","",100*J102/(I101+0.5*B102)) | M102: =IF(K102="","",100*K102/C102) | N102: =IF(D102="","",IF(I102="","",I102-D102))

Sheet MMéd
A1: Data | B1: Pos.Liq. | C1: % Liq | D1: # | E1: Fator | F1: # | G1: Mhist | H1: # | I1: Fator | J1: Mrec1 | K1: # | L1: Fator | M1: Mrec2 | N1: Obs.
A2: =IF(MRes!A2="","",MRes!A2) -> 42737 | B2: =IF(MRes!I2="","",MRes!I2) -> 33112.58 | D2: 0 | E2: 1 | F2: 0
A3: =IF(MRes!A3="","",MRes!A3) -> 42766 | B3: =IF(MRes!I3="","",MRes!I3) -> 34042.55 | C3: =MRes!L3 -> 2.8085096 | D3: =IF(C3="","",D2+1) -> 1 | E3: =IF(C3="","",E2*(1+C3/100)) -> 1.0280851 | F3: =IF(E3="","",F2+1) -> 1 | G3: =IF(C3="","",100*(E3^(1/D3)-1)) -> 2.8085096 | O3: Mhist
A4: =IF(MRes!A4="","",MRes!A4) | B4: =IF(MRes!I4="","",MRes!I4) | C4: =MRes!L4 | D4: =IF(C4="","",D3+1) | E4: =IF(C4="","",E3*(1+C4/100)) | F4: =IF(E4="","",F3+1) | G4: =IF(C4="","",100*(E4^(1/D4)-1)) | O4: =IF(G3="","",VLOOKUP(MAX(F3:F102),F3:G102,2,FALSE)) -> 2.8085096 | Q4: Há ganho consistente?
A5: =IF(MRes!A5="","",MRes!A5) | B5: =IF(MRes!I5="","",MRes!I5) | C5: =MRes!L5 | D5: =IF(C5="","",D4+1) | E5: =IF(C5="","",E4*(1+C5/100)) | F5: =IF(E5="","",F4+1) | G5: =IF(C5="","",100*(E5^(1/D5)-1))
A6: =IF(MRes!A6="","",MRes!A6) | B6: =IF(MRes!I6="","",MRes!I6) | C6: =MRes!L6 | D6: =IF(C6="","",D5+1) | E6: =IF(C6="","",E5*(1+C6/100)) | F6: =IF(E6="","",F5+1) | G6: =IF(C6="","",100*(E6^(1/D6)-1)) | H6: 0 | I6: 1 | Q6: Teste T (B2:B5) | S6: =_xlfn.T.TEST(B2:B3,B4:B5,2,3) -> #DIV/0! | T6: =1-S6 -> #DIV/0!
A7: =IF(MRes!A7="","",MRes!A7) | B7: =IF(MRes!I7="","",MRes!I7) | C7: =MRes!L7 | D7: =IF(C7="","",D6+1) | E7: =IF(C7="","",E6*(1+C7/100)) | F7: =IF(E7="","",F6+1) | G7: =IF(C7="","",100*(E7^(1/D7)-1)) | H7: =IF(E7="","",H6+1) | I7: =IF(C7="","",I6*(1+C7/100)) | J7: =IF(C7="","",100*(I7^(1/H7)-1)) | K7: 0 | L7: 1
A8: =IF(MRes!A8="","",MRes!A8) | B8: =IF(MRes!I8="","",MRes!I8) | C8: =MRes!L8 | D8: =IF(C8="","",D7+1) | E8: =IF(C8="","",E7*(1+C8/100)) | F8: =IF(E8="","",F7+1) | G8: =IF(C8="","",100*(E8^(1/D8)-1)) | H8: =IF(E8="","",H7+1) | I8: =IF(C8="","",I7*(1+C8/100)) | J8: =IF(C8="","",100*(I8^(1/H8)-1)) | K8: =IF(I8="","",K7+1) | L8: =IF(C8="","",L7*(1+C8/100)) | M8: =IF(C8="","",100*(L8^(1/K8)-1)) | Q8: O desempenho está melhorando?
A9: =IF(MRes!A9="","",MRes!A9) | B9: =IF(MRes!I9="","",MRes!I9) | C9: =MRes!L9 | D9: =IF(C9="","",D8+1) | E9: =IF(C9="","",E8*(1+C9/100)) | F9: =IF(E9="","",F8+1) | G9: =IF(C9="","",100*(E9^(1/D9)-1)) | H9: =IF(E9="","",H8+1) | I9: =IF(C9="","",I8*(1+C9/100)) | J9: =IF(C9="","",100*(I9^(1/H9)-1)) | K9: =IF(I9="","",K8+1) | L9: =IF(C9="","",L8*(1+C9/100)) | M9: =IF(C9="","",100*(L9^(1/K9)-1))
A10: =IF(MRes!A10="","",MRes!A10) | B10: =IF(MRes!I10="","",MRes!I10) | C10: =MRes!L10 | D10: =IF(C10="","",D9+1) | E10: =IF(C10="","",E9*(1+C10/100)) | F10: =IF(E10="","",F9+1) | G10: =IF(C10="","",100*(E10^(1/D10)-1)) | H10: =IF(E10="","",H9+1) | I10: =IF(C10="","",I9*(1+C10/100)) | J10: =IF(C10="","",100*(I10^(1/H10)-1)) | K10: =IF(I10="","",K9+1) | L10: =IF(C10="","",L9*(1+C10/100)) | M10: =IF(C10="","",100*(L10^(1/K10)-1)) | Q10: Teste T (C3:C6) | S10: =_xlfn.T.TEST(C3:C4,C5:C6,2,3) -> #DIV/0! | T10: =1-S10 -> #DIV/0!
A11: =IF(MRes!A11="","",MRes!A11) | B11: =IF(MRes!I11="","",MRes!I11) | C11: =MRes!L11 | D11: =IF(C11="","",D10+1) | E11: =IF(C11="","",E10*(1+C11/100)) | F11: =IF(E11="","",F10+1) | G11: =IF(C11="","",100*(E11^(1/D11)-1)) | H11: =IF(E11="","",H10+1) | I11: =IF(C11="","",I10*(1+C11/100)) | J11: =IF(C11="","",100*(I11^(1/H11)-1)) | K11: =IF(I11="","",K10+1) | L11: =IF(C11="","",L10*(1+C11/100)) | M11: =IF(C11="","",100*(L11^(1/K11)-1))
A12: =IF(MRes!A12="","",MRes!A12) | B12: =IF(MRes!I12="","",MRes!I12) | C12: =MRes!L12 | D12: =IF(C12="","",D11+1) | E12: =IF(C12="","",E11*(1+C12/100)) | F12: =IF(E12="","",F11+1) | G12: =IF(C12="","",100*(E12^(1/D12)-1)) | H12: =IF(E12="","",H11+1) | I12: =IF(C12="","",I11*(1+C12/100)) | J12: =IF(C12="","",100*(I12^(1/H12)-1)) | K12: =IF(I12="","",K11+1) | L12: =IF(C12="","",L11*(1+C12/100)) | M12: =IF(C12="","",100*(L12^(1/K12)-1))
A13: =IF(MRes!A13="","",MRes!A13) | B13: =IF(MRes!I13="","",MRes!I13) | C13: =MRes!L13 | D13: =IF(C13="","",D12+1) | E13: =IF(C13="","",E12*(1+C13/100)) | F13: =IF(E13="","",F12+1) | G13: =IF(C13="","",100*(E13^(1/D13)-1)) | H13: =IF(E13="","",H12+1) | I13: =IF(C13="","",I12*(1+C13/100)) | J13: =IF(C13="","",100*(I13^(1/H13)-1)) | K13: =IF(I13="","",K12+1) | L13: =IF(C13="","",L12*(1+C13/100)) | M13: =IF(C13="","",100*(L13^(1/K13)-1))
A14: =IF(MRes!A14="","",MRes!A14) | B14: =IF(MRes!I14="","",MRes!I14) | C14: =MRes!L14 | D14: =IF(C14="","",D13+1) | E14: =IF(C14="","",E13*(1+C14/100)) | F14: =IF(E14="","",F13+1) | G14: =IF(C14="","",100*(E14^(1/D14)-1)) | H14: =IF(E14="","",H13+1) | I14: =IF(C14="","",I13*(1+C14/100)) | J14: =IF(C14="","",100*(I14^(1/H14)-1)) | K14: =IF(I14="","",K13+1) | L14: =IF(C14="","",L13*(1+C14/100)) | M14: =IF(C14="","",100*(L14^(1/K14)-1))
A15: =IF(MRes!A15="","",MRes!A15) | B15: =IF(MRes!I15="","",MRes!I15) | C15: =MRes!L15 | D15: =IF(C15="","",D14+1) | E15: =IF(C15="","",E14*(1+C15/100)) | F15: =IF(E15="","",F14+1) | G15: =IF(C15="","",100*(E15^(1/D15)-1)) | H15: =IF(E15="","",H14+1) | I15: =IF(C15="","",I14*(1+C15/100)) | J15: =IF(C15="","",100*(I15^(1/H15)-1)) | K15: =IF(I15="","",K14+1) | L15: =IF(C15="","",L14*(1+C15/100)) | M15: =IF(C15="","",100*(L15^(1/K15)-1))
A16: =IF(MRes!A16="","",MRes!A16) | B16: =IF(MRes!I16="","",MRes!I16) | C16: =MRes!L16 | D16: =IF(C16="","",D15+1) | E16: =IF(C16="","",E15*(1+C16/100)) | F16: =IF(E16="","",F15+1) | G16: =IF(C16="","",100*(E16^(1/D16)-1)) | H16: =IF(E16="","",H15+1) | I16: =IF(C16="","",I15*(1+C16/100)) | J16: =IF(C16="","",100*(I16^(1/H16)-1)) | K16: =IF(I16="","",K15+1) | L16: =IF(C16="","",L15*(1+C16/100)) | M16: =IF(C16="","",100*(L16^(1/K16)-1))
A17: =IF(MRes!A17="","",MRes!A17) | B17: =IF(MRes!I17="","",MRes!I17) | C17: =MRes!L17 | D17: =IF(C17="","",D16+1) | E17: =IF(C17="","",E16*(1+C17/100)) | F17: =IF(E17="","",F16+1) | G17: =IF(C17="","",100*(E17^(1/D17)-1)) | H17: =IF(E17="","",H16+1) | I17: =IF(C17="","",I16*(1+C17/100)) | J17: =IF(C17="","",100*(I17^(1/H17)-1)) | K17: =IF(I17="","",K16+1) | L17: =IF(C17="","",L16*(1+C17/100)) | M17: =IF(C17="","",100*(L17^(1/K17)-1))
A18: =IF(MRes!A18="","",MRes!A18) | B18: =IF(MRes!I18="","",MRes!I18) | C18: =MRes!L18 | D18: =IF(C18="","",D17+1) | E18: =IF(C18="","",E17*(1+C18/100)) | F18: =IF(E18="","",F17+1) | G18: =IF(C18="","",100*(E18^(1/D18)-1)) | H18: =IF(E18="","",H17+1) | I18: =IF(C18="","",I17*(1+C18/100)) | J18: =IF(C18="","",100*(I18^(1/H18)-1)) | K18: =IF(I18="","",K17+1) | L18: =IF(C18="","",L17*(1+C18/100)) | M18: =IF(C18="","",100*(L18^(1/K18)-1))
A19: =IF(MRes!A19="","",MRes!A19) | B19: =IF(MRes!I19="","",MRes!I19) | C19: =MRes!L19 | D19: =IF(C19="","",D18+1) | E19: =IF(C19="","",E18*(1+C19/100)) | F19: =IF(E19="","",F18+1) | G19: =IF(C19="","",100*(E19^(1/D19)-1)) | H19: =IF(E19="","",H18+1) | I19: =IF(C19="","",I18*(1+C19/100)) | J19: =IF(C19="","",100*(I19^(1/H19)-1)) | K19: =IF(I19="","",K18+1) | L19: =IF(C19="","",L18*(1+C19/100)) | M19: =IF(C19="","",100*(L19^(1/K19)-1))
A20: =IF(MRes!A20="","",MRes!A20) | B20: =IF(MRes!I20="","",MRes!I20) | C20: =MRes!L20 | D20: =IF(C20="","",D19+1) | E20: =IF(C20="","",E19*(1+C20/100)) | F20: =IF(E20="","",F19+1) | G20: =IF(C20="","",100*(E20^(1/D20)-1)) | H20: =IF(E20="","",H19+1) | I20: =IF(C20="","",I19*(1+C20/100)) | J20: =IF(C20="","",100*(I20^(1/H20)-1)) | K20: =IF(I20="","",K19+1) | L20: =IF(C20="","",L19*(1+C20/100)) | M20: =IF(C20="","",100*(L20^(1/K20)-1))
A21: =IF(MRes!A21="","",MRes!A21) | B21: =IF(MRes!I21="","",MRes!I21) | C21: =MRes!L21 | D21: =IF(C21="","",D20+1) | E21: =IF(C21="","",E20*(1+C21/100)) | F21: =IF(E21="","",F20+1) | G21: =IF(C21="","",100*(E21^(1/D21)-1)) | H21: =IF(E21="","",H20+1) | I21: =IF(C21="","",I20*(1+C21/100)) | J21: =IF(C21="","",100*(I21^(1/H21)-1)) | K21: =IF(I21="","",K20+1) | L21: =IF(C21="","",L20*(1+C21/100)) | M21: =IF(C21="","",100*(L21^(1/K21)-1))
A22: =IF(MRes!A22="","",MRes!A22) | B22: =IF(MRes!I22="","",MRes!I22) | C22: =MRes!L22 | D22: =IF(C22="","",D21+1) | E22: =IF(C22="","",E21*(1+C22/100)) | F22: =IF(E22="","",F21+1) | G22: =IF(C22="","",100*(E22^(1/D22)-1)) | H22: =IF(E22="","",H21+1) | I22: =IF(C22="","",I21*(1+C22/100)) | J22: =IF(C22="","",100*(I22^(1/H22)-1)) | K22: =IF(I22="","",K21+1) | L22: =IF(C22="","",L21*(1+C22/100)) | M22: =IF(C22="","",100*(L22^(1/K22)-1))
... A102: =IF(MRes!A102="","",MRes!A102) | B102: =IF(MRes!I102="","",MRes!I102) | C102: =MRes!L102 | D102: =IF(C102="","",D101+1) | E102: =IF(C102="","",E101*(1+C102/100)) | F102: =IF(E102="","",F101+1) | G102: =IF(C102="","",100*(E102^(1/D102)-1)) | H102: =IF(E102="","",H101+1) | I102: =IF(C102="","",I101*(1+C102/100)) | J102: =IF(C102="","",100*(I102^(1/H102)-1)) | K102: =IF(I102="","",K101+1) | L102: =IF(C102="","",L101*(1+C102/100)) | M102: =IF(C102="","",100*(L102^(1/K102)-1))

Sheet Cap
A1: DATA | C1: PROJETADO
A2: Ano | B2: Mês | C2: Saldo | D2: Ganho | E2: Dep / Ret
A3: 2017 | B3: 40179 | C3: =E3 -> 33112.58 | D3: =C3*$G$5 -> 506.59736 | E3: 33112.58
B4: =DATE(YEAR(B3),MONTH(B3)+1,DAY(B3)) -> 40210 | C4: =C3+D3+E4 -> 33619.177 | D4: =C4*$G$5 -> 514.34791 | E4: 0 | F4: Rentabilidade semanal (%) | G4: =Cy!$Z$9 -> 0.35490737
B5: =DATE(YEAR(B4),MONTH(B4)+1,DAY(B4)) -> 40238 | C5: =C4+D4+E5 -> 34133.525 | D5: =C5*$G$5 -> 522.21704 | E5: 0 | F5: Rentabilidade mensal | G5: =(1+G4/100)^(30/7)-1 -> 0.015299241
B6: =DATE(YEAR(B5),MONTH(B5)+1,DAY(B5)) -> 40269 | C6: =C5+D5+E6 -> 34655.742 | D6: =C6*$G$5 -> 530.20657 | E6: 0 | F6: Cotação do dólar | G6: 3.2
B7: =DATE(YEAR(B6),MONTH(B6)+1,DAY(B6)) -> 40299 | C7: =C6+D6+E7 -> 35185.949 | D7: =C7*$G$5 -> 538.31833 | E7: 0 | F7: Retirada mensal (%) | G7: 25
B8: =DATE(YEAR(B7),MONTH(B7)+1,DAY(B7)) -> 40330 | C8: =C7+D7+E8 -> 35724.267 | D8: =C8*$G$5 -> 546.55419 | E8: 0 | F8: Impostos | G8: 0.15
B9: =DATE(YEAR(B8),MONTH(B8)+1,DAY(B8)) -> 40360 | C9: =C8+D8+E9 -> 36270.821 | D9: =C9*$G$5 -> 554.91605 | E9: 0 | I9: Coluna C: saldo no início do mês
B10: =DATE(YEAR(B9),MONTH(B9)+1,DAY(B9)) -> 40391 | C10: =C9+D9+E10 -> 36825.737 | D10: =C10*$G$5 -> 563.40585 | E10: 0 | I10: Coluna D: ganhos no mês
B11: =DATE(YEAR(B10),MONTH(B10)+1,DAY(B10)) -> 40422 | C11: =C10+D10+E11 -> 37389.143 | D11: =C11*$G$5 -> 572.02553 | E11: 0 | I11: Coluna E: depósitos e retiradas no mês
B12: =DATE(YEAR(B11),MONTH(B11)+1,DAY(B11)) -> 40452 | C12: =C11+D11+E12 -> 37961.169 | D12: =C12*$G$5 -> 580.77709 | E12: 0
B13: =DATE(YEAR(B12),MONTH(B12)+1,DAY(B12)) -> 40483 | C13: =C12+D12+E13 -> 38541.946 | D13: =C13*$G$5 -> 589.66254 | E13: 0 | F13: SALÁRIO (livre de impostos)
B14: =DATE(YEAR(B13),MONTH(B13)+1,DAY(B13)) -> 40513 | C14: =C13+D13+E14 -> 39131.608 | D14: =C14*$G$5 -> 598.68393 | E14: 0 | F14: PROJETADO | G14: REAL
A15: =A3+1 -> 2018 | B15: =DATE(YEAR(B14),MONTH(B14)+1,DAY(B14)) -> 40544 | C15: =C14+D14+E15 -> 39580.621 | D15: =C15*$G$5 -> 605.55348 | E15: =-D14*$G$7/100 -> -149.67098 | F15: =-(E15-$G$8*E15)*$G$6 -> 407.10507
B16: =DATE(YEAR(B15),MONTH(B15)+1,DAY(B15)) -> 40575 | C16: =C15+D15+E16 -> 40034.787 | D16: =C16*$G$5 -> 612.50186 | E16: =-D15*$G$7/100 -> -151.38837 | F16: =-(E16-$G$8*E16)*$G$6 -> 411.77637
B17: =DATE(YEAR(B16),MONTH(B16)+1,DAY(B16)) -> 40603 | C17: =C16+D16+E17 -> 40494.163 | D17: =C17*$G$5 -> 619.52998 | E17: =-D16*$G$7/100 -> -153.12547 | F17: =-(E17-$G$8*E17)*$G$6 -> 416.50127
B18: =DATE(YEAR(B17),MONTH(B17)+1,DAY(B17)) -> 40634 | C18: =C17+D17+E18 -> 40958.81 | D18: =C18*$G$5 -> 626.63873 | E18: =-D17*$G$7/100 -> -154.88249 | F18: =-(E18-$G$8*E18)*$G$6 -> 421.28038
B19: =DATE(YEAR(B18),MONTH(B18)+1,DAY(B18)) -> 40664 | C19: =C18+D18+E19 -> 41428.789 | D19: =C19*$G$5 -> 633.82905 | E19: =-D18*$G$7/100 -> -156.65968 | F19: =-(E19-$G$8*E19)*$G$6 -> 426.11434
B20: =DATE(YEAR(B19),MONTH(B19)+1,DAY(B19)) -> 40695 | C20: =C19+D19+E20 -> 41904.161 | D20: =C20*$G$5 -> 641.10188 | E20: =-D19*$G$7/100 -> -158.45726 | F20: =-(E20-$G$8*E20)*$G$6 -> 431.00376
B21: =DATE(YEAR(B20),MONTH(B20)+1,DAY(B20)) -> 40725 | C21: =C20+D20+E21 -> 42384.988 | D21: =C21*$G$5 -> 648.45816 | E21: =-D20*$G$7/100 -> -160.27547 | F21: =-(E21-$G$8*E21)*$G$6 -> 435.94928
B22: =DATE(YEAR(B21),MONTH(B21)+1,DAY(B21)) -> 40756 | C22: =C21+D21+E22 -> 42871.331 | D22: =C22*$G$5 -> 655.89885 | E22: =-D21*$G$7/100 -> -162.11454 | F22: =-(E22-$G$8*E22)*$G$6 -> 440.95155
B23: =DATE(YEAR(B22),MONTH(B22)+1,DAY(B22)) -> 40787 | C23: =C22+D22+E23 -> 43363.255 | D23: =C23*$G$5 -> 663.42491 | E23: =-D22*$G$7/100 -> -163.97471 | F23: =-(E23-$G$8*E23)*$G$6 -> 446.01122
B24: =DATE(YEAR(B23),MONTH(B23)+1,DAY(B23)) -> 40817 | C24: =C23+D23+E24 -> 43860.824 | D24: =C24*$G$5 -> 671.03734 | E24: =-D23*$G$7/100 -> -165.85623 | F24: =-(E24-$G$8*E24)*$G$6 -> 451.12894
B25: =DATE(YEAR(B24),MONTH(B24)+1,DAY(B24)) -> 40848 | C25: =C24+D24+E25 -> 44364.102 | D25: =C25*$G$5 -> 678.73711 | E25: =-D24*$G$7/100 -> -167.75933 | F25: =-(E25-$G$8*E25)*$G$6 -> 456.30539
B26: =DATE(YEAR(B25),MONTH(B25)+1,DAY(B25)) -> 40878 | C26: =C25+D25+E26 -> 44873.155 | D26: =C26*$G$5 -> 686.52523 | E26: =-D25*$G$7/100 -> -169.68428 | F26: =-(E26-$G$8*E26)*$G$6 -> 461.54123
A27: =A15+1 -> 2019 | B27: =DATE(YEAR(B26),MONTH(B26)+1,DAY(B26)) -> 40909 | C27: =C26+D26+E27 -> 45388.049 | D27: =C27*$G$5 -> 694.40272 | E27: =-D26*$G$7/100 -> -171.63131 | F27: =-(E27-$G$8*E27)*$G$6 -> 466.83716
B28: =DATE(YEAR(B27),MONTH(B27)+1,DAY(B27)) -> 40940 | C28: =C27+D27+E28 -> 45908.851 | D28: =C28*$G$5 -> 702.37059 | E28: =-D27*$G$7/100 -> -173.60068 | F28: =-(E28-$G$8*E28)*$G$6 -> 472.19385
B29: =DATE(YEAR(B28),MONTH(B28)+1,DAY(B28)) -> 40969 | C29: =C28+D28+E29 -> 46435.629 | D29: =C29*$G$5 -> 710.4299 | E29: =-D28*$G$7/100 -> -175.59265 | F29: =-(E29-$G$8*E29)*$G$6 -> 477.612
B30: =DATE(YEAR(B29),MONTH(B29)+1,DAY(B29)) -> 41000 | C30: =C29+D29+E30 -> 46968.451 | D30: =C30*$G$5 -> 718.58168 | E30: =-D29*$G$7/100 -> -177.60747 | F30: =-(E30-$G$8*E30)*$G$6 -> 483.09233
B31: =DATE(YEAR(B30),MONTH(B30)+1,DAY(B30)) -> 41030 | C31: =C30+D30+E31 -> 47507.387 | D31: =C31*$G$5 -> 726.82699 | E31: =-D30*$G$7/100 -> -179.64542 | F31: =-(E31-$G$8*E31)*$G$6 -> 488.63554
B32: =DATE(YEAR(B31),MONTH(B31)+1,DAY(B31)) -> 41061 | C32: =C31+D31+E32 -> 48052.508 | D32: =C32*$G$5 -> 735.16692 | E32: =-D31*$G$7/100 -> -181.70675 | F32: =-(E32-$G$8*E32)*$G$6 -> 494.24235
B33: =DATE(YEAR(B32),MONTH(B32)+1,DAY(B32)) -> 41091 | C33: =C32+D32+E33 -> 48603.883 | D33: =C33*$G$5 -> 743.60254 | E33: =-D32*$G$7/100 -> -183.79173 | F33: =-(E33-$G$8*E33)*$G$6 -> 499.9135
B34: =DATE(YEAR(B33),MONTH(B33)+1,DAY(B33)) -> 41122 | C34: =C33+D33+E34 -> 49161.585 | D34: =C34*$G$5 -> 752.13496 | E34: =-D33*$G$7/100 -> -185.90063 | F34: =-(E34-$G$8*E34)*$G$6 -> 505.64973
B35: =DATE(YEAR(B34),MONTH(B34)+1,DAY(B34)) -> 41153 | C35: =C34+D34+E35 -> 49725.686 | D35: =C35*$G$5 -> 760.76528 | E35: =-D34*$G$7/100 -> -188.03374 | F35: =-(E35-$G$8*E35)*$G$6 -> 511.45177
B36: =DATE(YEAR(B35),MONTH(B35)+1,DAY(B35)) -> 41183 | C36: =C35+D35+E36 -> 50296.26 | D36: =C36*$G$5 -> 769.49463 | E36: =-D35*$G$7/100 -> -190.19132 | F36: =-(E36-$G$8*E36)*$G$6 -> 517.32039
B37: =DATE(YEAR(B36),MONTH(B36)+1,DAY(B36)) -> 41214 | C37: =C36+D36+E37 -> 50873.381 | D37: =C37*$G$5 -> 778.32414 | E37: =-D36*$G$7/100 -> -192.37366 | F37: =-(E37-$G$8*E37)*$G$6 -> 523.25635
B38: =DATE(YEAR(B37),MONTH(B37)+1,DAY(B37)) -> 41244 | C38: =C37+D37+E38 -> 51457.124 | D38: =C38*$G$5 -> 787.25496 | E38: =-D37*$G$7/100 -> -194.58103 | F38: =-(E38-$G$8*E38)*$G$6 -> 529.26041
A39: =A27+1 -> 2020 | B39: =DATE(YEAR(B38),MONTH(B38)+1,DAY(B38)) -> 41275 | C39: =C38+D38+E39 -> 52047.565 | D39: =C39*$G$5 -> 796.28827 | E39: =-D38*$G$7/100 -> -196.81374 | F39: =-(E39-$G$8*E39)*$G$6 -> 535.33338
B40: =DATE(YEAR(B39),MONTH(B39)+1,DAY(B39)) -> 41306 | C40: =C39+D39+E40 -> 52644.782 | D40: =C40*$G$5 -> 805.42522 | E40: =-D39*$G$7/100 -> -199.07207 | F40: =-(E40-$G$8*E40)*$G$6 -> 541.47602
B41: =DATE(YEAR(B40),MONTH(B40)+1,DAY(B40)) -> 41334 | C41: =C40+D40+E41 -> 53248.85 | D41: =C41*$G$5 -> 814.66702 | E41: =-D40*$G$7/100 -> -201.35631 | F41: =-(E41-$G$8*E41)*$G$6 -> 547.68915
B42: =DATE(YEAR(B41),MONTH(B41)+1,DAY(B41)) -> 41365 | C42: =C41+D41+E42 -> 53859.851 | D42: =C42*$G$5 -> 824.01486 | E42: =-D41*$G$7/100 -> -203.66675 | F42: =-(E42-$G$8*E42)*$G$6 -> 553.97357
B43: =DATE(YEAR(B42),MONTH(B42)+1,DAY(B42)) -> 41395 | C43: =C42+D42+E43 -> 54477.862 | D43: =C43*$G$5 -> 833.46996 | E43: =-D42*$G$7/100 -> -206.00371 | F43: =-(E43-$G$8*E43)*$G$6 -> 560.3301
B44: =DATE(YEAR(B43),MONTH(B43)+1,DAY(B43)) -> 41426 | C44: =C43+D43+E44 -> 55102.964 | D44: =C44*$G$5 -> 843.03355 | E44: =-D43*$G$7/100 -> -208.36749 | F44: =-(E44-$G$8*E44)*$G$6 -> 566.75957
B45: =DATE(YEAR(B44),MONTH(B44)+1,DAY(B44)) -> 41456 | C45: =C44+D44+E45 -> 55735.239 | D45: =C45*$G$5 -> 852.70689 | E45: =-D44*$G$7/100 -> -210.75839 | F45: =-(E45-$G$8*E45)*$G$6 -> 573.26282
B46: =DATE(YEAR(B45),MONTH(B45)+1,DAY(B45)) -> 41487 | C46: =C45+D45+E46 -> 56374.77 | D46: =C46*$G$5 -> 862.49121 | E46: =-D45*$G$7/100 -> -213.17672 | F46: =-(E46-$G$8*E46)*$G$6 -> 579.84068
B47: =DATE(YEAR(B46),MONTH(B46)+1,DAY(B46)) -> 41518 | C47: =C46+D46+E47 -> 57021.638 | D47: =C47*$G$5 -> 872.38781 | E47: =-D46*$G$7/100 -> -215.6228 | F47: =-(E47-$G$8*E47)*$G$6 -> 586.49402
B48: =DATE(YEAR(B47),MONTH(B47)+1,DAY(B47)) -> 41548 | C48: =C47+D47+E48 -> 57675.929 | D48: =C48*$G$5 -> 882.39796 | E48: =-D47*$G$7/100 -> -218.09695 | F48: =-(E48-$G$8*E48)*$G$6 -> 593.22371
B49: =DATE(YEAR(B48),MONTH(B48)+1,DAY(B48)) -> 41579 | C49: =C48+D48+E49 -> 58337.727 | D49: =C49*$G$5 -> 892.52298 | E49: =-D48*$G$7/100 -> -220.59949 | F49: =-(E49-$G$8*E49)*$G$6 -> 600.03061
B50: =DATE(YEAR(B49),MONTH(B49)+1,DAY(B49)) -> 41609 | C50: =C49+D49+E50 -> 59007.12 | D50: =C50*$G$5 -> 902.76417 | E50: =-D49*$G$7/100 -> -223.13074 | F50: =-(E50-$G$8*E50)*$G$6 -> 606.91562
A51: =A39+1 -> 2021 | B51: =DATE(YEAR(B50),MONTH(B50)+1,DAY(B50)) -> 41640 | C51: =C50+D50+E51 -> 59684.193 | D51: =C51*$G$5 -> 913.12287 | E51: =-D50*$G$7/100 -> -225.69104 | F51: =-(E51-$G$8*E51)*$G$6 -> 613.87964
B52: =DATE(YEAR(B51),MONTH(B51)+1,DAY(B51)) -> 41671 | C52: =C51+D51+E52 -> 60369.035 | D52: =C52*$G$5 -> 923.60044 | E52: =-D51*$G$7/100 -> -228.28072 | F52: =-(E52-$G$8*E52)*$G$6 -> 620.92355
B53: =DATE(YEAR(B52),MONTH(B52)+1,DAY(B52)) -> 41699 | C53: =C52+D52+E53 -> 61061.735 | D53: =C53*$G$5 -> 934.19823 | E53: =-D52*$G$7/100 -> -230.90011 | F53: =-(E53-$G$8*E53)*$G$6 -> 628.0483
B54: =DATE(YEAR(B53),MONTH(B53)+1,DAY(B53)) -> 41730 | C54: =C53+D53+E54 -> 61762.384 | D54: =C54*$G$5 -> 944.91762 | E54: =-D53*$G$7/100 -> -233.54956 | F54: =-(E54-$G$8*E54)*$G$6 -> 635.2548
B55: =DATE(YEAR(B54),MONTH(B54)+1,DAY(B54)) -> 41760 | C55: =C54+D54+E55 -> 62471.072 | D55: =C55*$G$5 -> 955.76001 | E55: =-D54*$G$7/100 -> -236.22941 | F55: =-(E55-$G$8*E55)*$G$6 -> 642.54398
B56: =DATE(YEAR(B55),MONTH(B55)+1,DAY(B55)) -> 41791 | C56: =C55+D55+E56 -> 63187.892 | D56: =C56*$G$5 -> 966.72682 | E56: =-D55*$G$7/100 -> -238.94 | F56: =-(E56-$G$8*E56)*$G$6 -> 649.91681
B57: =DATE(YEAR(B56),MONTH(B56)+1,DAY(B56)) -> 41821 | C57: =C56+D56+E57 -> 63912.937 | D57: =C57*$G$5 -> 977.81946 | E57: =-D56*$G$7/100 -> -241.6817 | F57: =-(E57-$G$8*E57)*$G$6 -> 657.37424
B58: =DATE(YEAR(B57),MONTH(B57)+1,DAY(B57)) -> 41852 | C58: =C57+D57+E58 -> 64646.302 | D58: =C58*$G$5 -> 989.03938 | E58: =-D57*$G$7/100 -> -244.45486 | F58: =-(E58-$G$8*E58)*$G$6 -> 664.91723
B59: =DATE(YEAR(B58),MONTH(B58)+1,DAY(B58)) -> 41883 | C59: =C58+D58+E59 -> 65388.081 | D59: =C59*$G$5 -> 1000.388 | E59: =-D58*$G$7/100 -> -247.25984 | F59: =-(E59-$G$8*E59)*$G$6 -> 672.54678
B60: =DATE(YEAR(B59),MONTH(B59)+1,DAY(B59)) -> 41913 | C60: =C59+D59+E60 -> 66138.372 | D60: =C60*$G$5 -> 1011.8669 | E60: =-D59*$G$7/100 -> -250.09701 | F60: =-(E60-$G$8*E60)*$G$6 -> 680.26387
B61: =DATE(YEAR(B60),MONTH(B60)+1,DAY(B60)) -> 41944 | C61: =C60+D60+E61 -> 66897.273 | D61: =C61*$G$5 -> 1023.4775 | E61: =-D60*$G$7/100 -> -252.96673 | F61: =-(E61-$G$8*E61)*$G$6 -> 688.06951
B62: =DATE(YEAR(B61),MONTH(B61)+1,DAY(B61)) -> 41974 | C62: =C61+D61+E62 -> 67664.881 | D62: =C62*$G$5 -> 1035.2213 | E62: =-D61*$G$7/100 -> -255.86938 | F62: =-(E62-$G$8*E62)*$G$6 -> 695.96472

Sheet Stop
B2: Lotes sem usar alvo e stop | F2: Conta | I2: Lotes usando alvo e stop
B3: Balanço | C3: 50000 | F3: Saldo inicial | G3: 50000 | I3: Ask | J3: =Open!$E$6 -> 1.0742
B4: Leverage | C4: 2 | F4: Saldo Atual | G4: =CLog!$X$6 -> 34386.12 | I4: Lev Maxlots | J4: =G4*G6/J3/G5 -> 160.05455
B5: $ Lot size | C5: 100000 | F5: $ Lot size | G5: 100000 | I5: Margin Maxlots | J5: =G4/G5/(G7*J3/100/G6+J12/10000) -> 178.19597
B6: Lotes | C6: =IF(C3="","",IF(C4="","",IF(C5="","",C3*C4/C5))) -> 1 | F6: Leverage | G6: 500 | I6: Ideal Maxlots | J6: =IF(G13="","",IF(J12="","",G13/J12/10)) -> 174.81182
F7: Margin call | G7: 20 | I7: Lots limit | J7: =IF(J4<J5,IF(J4<J6,J4,J6),IF(J5<J6,J5,J6)) -> 160.05455
F8: Mín lot size | G8: 0.01 | I8: Limit type | J8: =IF(J7=J4,"MaxLev",IF(J7=J5,"Margin","Ideal")) -> MaxLev
F9: Saldo Mín Op | G9: =IF(G8="","",G8*G5*J3/G6) -> 2.1484 | I9: % Agress | J9: 100
I10: Lots used | J10: =IF(J7="","",IF(J9="","",INT(J7*J9)/100)) -> 160.05
F11: Ideais por operação | I11: Leverage used | J11: =IF(J10="","",INT(G6*J10/J4)) -> 499
F12: Capital em risco | G12: =Risk!I25 -> 0.76256852 | I12: Stop pips | J12: 15
G13: =Risk!I26 -> 26221.773 | I13: Risco $ | J13: =IF(J12="","",J12*J10*G5/10000) -> 24007.5
F14: Payoff | G14: =Risk!I27 -> 0.97650497 | I14: Risco % | J14: =J13/G4 -> 0.69817415
G15: =Risk!I28 -> 33578.217 | I15: % por pip | J15: =J14/J12 -> 0.046544943
I16: Nº erros | J16: =(G4-G9)/J13 -> 1.4322179
I17: Alvo pips | J17: 2
I18: Ganho $ | J18: =IF(J17="","",J17*J10*G5/10000) -> 3201
C19: Quando for usada, esta planilha precisará de revisão | I19: Ganho % | J19: =J18/G4 -> 0.093089886
I20: WinP | J20: 0.2
I21: Payoff | J21: =IF(J20="","",J20*J18-(1-J20)*J13) -> -18565.8
J22: =IF(J21="","",J21/G4) -> -0.53992134
